Workbook

Sheet Sommaire des pizzas
C1: Nom Pizza
B2: 1 | C2: Margharita
B3: 2 | C3: Reine
B4: 3 | C4: Calzone :
B5: 4 | C5: Pizza 4
B6: 5 | C6: Pizza 5
B7: 6 | C7: Pizza 6
B8: 7 | C8: Pizza 7
B9: 8 | C9: Pizza 8
B10: 9 | C10: Pizza 9
B11: 10 | C11: Pizza 10
B12: 11 | C12: Pizza 11
B13: 12 | C13: Pizza 12
... B61: 60 | C61: Pizza 60

Sheet Listes des charges
B2: Listes des charges | C2: Unité | D2: QTE | E2: Prix KG / Coût Mensuel | F2: Prix d'achat total | G2: Observations diverses
B3: Charges Mensuelles indirecte | F3: =D3*E3/1000 -> 0
B4: Emballages et conditionnement | E4: 83.33 | F4: =D4*E4/1000 -> 0 | I4: Pce | J4: 1
B5: Achats de marchandises TTC | E5: 956.01852 | F5: =D5*E5/1000 -> 0 | I5: gr | J5: 1000
B6: Loyers et charges locatives | E6: 700 | F6: =D6*E6/1000 -> 0 | I6: Ltre | J6: 100
B7: Assurances véhicules et autres | E7: 66 | F7: =D7*E7/1000 -> 0
B8: Entretien des véhicules | E8: 41.67 | F8: =D8*E8/1000 -> 0
B9: Electricité (locaux) | E9: 125 | F9: =D9*E9/1000 -> 0
B10: Eau (locaux) | E10: 83.33 | F10: =D10*E10/1000 -> 0
B11: chauffage (locaux) | E11: 41.67 | F11: =D11*E11/1000 -> 0
B12: Fournitures d'entretien | E12: 41.67 | F12: =D12*E12/1000 -> 0
B13: Fournitures administratives | E13: 41.67 | F13: =D13*E13/1000 -> 0
B14: Fournitures diverses | E14: 41.67 | F14: =D14*E14/1000 -> 0
B15: Entretien (locaux, matériel) | E15: 41.67 | F15: =D15*E15/1000 -> 0
B16: Téléphone | E16: 41.67 | F16: =D16*E16/1000 -> 0
B17: Internet | E17: 41.67 | F17: =D17*E17/1000 -> 0
B18: Publicité | E18: 83.33 | F18: =D18*E18/1000 -> 0
... B23: Crédit voiture | E23: 1872 | F23: =D23*E23/1000 -> 0
B24: Rémunération salarié | F24: =D24*E24/1000 -> 0
F25: =D25*E25/1000 -> 0
F26: =D26*E26/1000 -> 0
F27: =D27*E27/1000 -> 0
F28: =D28*E28/1000 -> 0
B29: Charges Mensuelles directes | F29: =D29*E29/1000 -> 0
B30: Coulis de Tomate fraiches | C30: gr | D30: 420 | E30: 2.14 | F30: =IF(C30=$I$4,(D30*E30/$J$4),IF(C30=$I$5,(D30*E30/$J$5),IF(C30=$I$6,(D30*E30/$J$6)))) -> 0.8988
B31: Mozzarella | C31: gr | D31: 2000 | E31: 8.4 | F31: =IF(C31=$I$4,(D31*E31/$J$4),IF(C31=$I$5,(D31*E31/$J$5),IF(C31=$I$6,(D31*E31/$J$6)))) -> 16.8
B32: JAMBON A L'OS CUIT SANS DÉCOR (8 Kg) | C32: gr | D32: 8000 | E32: 9.8 | F32: =IF(C32=$I$4,(D32*E32/$J$4),IF(C32=$I$5,(D32*E32/$J$5),IF(C32=$I$6,(D32*E32/$J$6)))) -> 78.4
B33: Olives Noires | C33: gr | D33: 200 | E33: 4.1 | F33: =IF(C33=$I$4,(D33*E33/$J$4),IF(C33=$I$5,(D33*E33/$J$5),IF(C33=$I$6,(D33*E33/$J$6)))) -> 0.82
B34: Cantamil rapé | C34: gr | D34: 2000 | E34: 5.6 | F34: =IF(C34=$I$4,(D34*E34/$J$4),IF(C34=$I$5,(D34*E34/$J$5),IF(C34=$I$6,(D34*E34/$J$6)))) -> 11.2
B35: Viande Hachée | C35: gr | D35: 1000 | E35: 5.2 | F35: =IF(C35=$I$4,(D35*E35/$J$4),IF(C35=$I$5,(D35*E35/$J$5),IF(C35=$I$6,(D35*E35/$J$6)))) -> 5.2
B36: Ail | C36: gr | D36: 50 | E36: 22 | F36: =IF(C36=$I$4,(D36*E36/$J$4),IF(C36=$I$5,(D36*E36/$J$5),IF(C36=$I$6,(D36*E36/$J$6)))) -> 1.1
B37: Origan | C37: gr | D37: 100 | E37: 25 | F37: =IF(C37=$I$4,(D37*E37/$J$4),IF(C37=$I$5,(D37*E37/$J$5),IF(C37=$I$6,(D37*E37/$J$6)))) -> 2.5
B38: Moules | C38: gr | D38: 1000 | E38: 3.45 | F38: =IF(C38=$I$4,(D38*E38/$J$4),IF(C38=$I$5,(D38*E38/$J$5),IF(C38=$I$6,(D38*E38/$J$6)))) -> 3.45
B39: encornets | C39: gr | D39: 1000 | E39: 12.5 | F39: =IF(C39=$I$4,(D39*E39/$J$4),IF(C39=$I$5,(D39*E39/$J$5),IF(C39=$I$6,(D39*E39/$J$6)))) -> 12.5
B40: Crevettes Roses | C40: gr | D40: 1000 | E40: 41.69 | F40: =IF(C40=$I$4,(D40*E40/$J$4),IF(C40=$I$5,(D40*E40/$J$5),IF(C40=$I$6,(D40*E40/$J$6)))) -> 41.69
B41: Reblochon | C41: gr | D41: 500 | E41: 25.22 | F41: =IF(C41=$I$4,(D41*E41/$J$4),IF(C41=$I$5,(D41*E41/$J$5),IF(C41=$I$6,(D41*E41/$J$6)))) -> 12.61
... B49: Rosette de lyon | C49: gr | D49: 350 | E49: 18.59 | F49: =IF(C49=$I$4,(D49*E49/$J$4),IF(C49=$I$5,(D49*E49/$J$5),IF(C49=$I$6,(D49*E49/$J$6)))) -> 6.5065
B50: Viande de grison | C50: gr | D50: 50 | E50: 77.4 | F50: =IF(C50=$I$4,(D50*E50/$J$4),IF(C50=$I$5,(D50*E50/$J$5),IF(C50=$I$6,(D50*E50/$J$6)))) -> 3.87 | G50: * 2 tranches font 10 gr
B51: Blancs de poulets | C51: gr | D51: 3000 | E51: 10.83 | F51: =IF(C51=$I$4,(D51*E51/$J$4),IF(C51=$I$5,(D51*E51/$J$5),IF(C51=$I$6,(D51*E51/$J$6)))) -> 32.49
B52: Œufs | C52: Pce | D52: 6 | E52: 0.325 | F52: =IF(C52=$I$4,(D52*E52/$J$4),IF(C52=$I$5,(D52*E52/$J$5),IF(C52=$I$6,(D52*E52/$J$6)))) -> 1.95
B53: Crème fraiche normande | C53: gr | D53: 1000 | E53: 8.64 | F53: =IF(C53=$I$4,(D53*E53/$J$4),IF(C53=$I$5,(D53*E53/$J$5),IF(C53=$I$6,(D53*E53/$J$6)))) -> 8.64
B54: Tomates fraiches | C54: gr | D54: 5000 | E54: 8.38 | F54: =IF(C54=$I$4,(D54*E54/$J$4),IF(C54=$I$5,(D54*E54/$J$5),IF(C54=$I$6,(D54*E54/$J$6)))) -> 41.9
B55: Laitue romaine | C55: gr | D55: 800 | E55: 5.47 | F55: =IF(C55=$I$4,(D55*E55/$J$4),IF(C55=$I$5,(D55*E55/$J$5),IF(C55=$I$6,(D55*E55/$J$6)))) -> 4.376
B56: Parmesan | C56: gr | D56: 250 | E56: 30.67 | F56: =IF(C56=$I$4,(D56*E56/$J$4),IF(C56=$I$5,(D56*E56/$J$5),IF(C56=$I$6,(D56*E56/$J$6)))) -> 7.6675
B57: Anchois | F57: =IF(C57=$I$4,(D57*E57/$J$4),IF(C57=$I$5,(D57*E57/$J$5),IF(C57=$I$6,(D57*E57/$J$6)))) -> FALSE
B58: Thon | F58: =IF(C58=$I$4,(D58*E58/$J$4),IF(C58=$I$5,(D58*E58/$J$5),IF(C58=$I$6,(D58*E58/$J$6)))) -> FALSE
B59: Cornichons frais | F59: =IF(C59=$I$4,(D59*E59/$J$4),IF(C59=$I$5,(D59*E59/$J$5),IF(C59=$I$6,(D59*E59/$J$6)))) -> FALSE
B60: Coppa | C60: gr | D60: 180 | E60: 39.28 | F60: =IF(C60=$I$4,(D60*E60/$J$4),IF(C60=$I$5,(D60*E60/$J$5),IF(C60=$I$6,(D60*E60/$J$6)))) -> 7.0704 | G60: * 2 tranches font 10 gr
B61: Bacon | C61: gr | D61: 100 | E61: 67.1 | F61: =IF(C61=$I$4,(D61*E61/$J$4),IF(C61=$I$5,(D61*E61/$J$5),IF(C61=$I$6,(D61*E61/$J$6)))) -> 6.71 | G61: * 2 tranches font 10 gr
B62: Chèvre | F62: =IF(C62=$I$4,(D62*E62/$J$4),IF(C62=$I$5,(D62*E62/$J$5),IF(C62=$I$6,(D62*E62/$J$6)))) -> FALSE
B63: Miel | F63: =IF(C63=$I$4,(D63*E63/$J$4),IF(C63=$I$5,(D63*E63/$J$5),IF(C63=$I$6,(D63*E63/$J$6)))) -> FALSE
B64: Balsamique | F64: =IF(C64=$I$4,(D64*E64/$J$4),IF(C64=$I$5,(D64*E64/$J$5),IF(C64=$I$6,(D64*E64/$J$6)))) -> FALSE
B65: Huile d'olive | C65: Ltre | F65: =IF(C65=$I$4,(D65*E65/$J$4),IF(C65=$I$5,(D65*E65/$J$5),IF(C65=$I$6,(D65*E65/$J$6)))) -> 0
B66: Huile de tournesol | F66: =IF(C66=$I$4,(D66*E66/$J$4),IF(C66=$I$5,(D66*E66/$J$5),IF(C66=$I$6,(D66*E66/$J$6)))) -> FALSE
B67: Pommes de terre charlotte | F67: =IF(C67=$I$4,(D67*E67/$J$4),IF(C67=$I$5,(D67*E67/$J$5),IF(C67=$I$6,(D67*E67/$J$6)))) -> FALSE
B68: Pommes vertes | F68: =IF(C68=$I$4,(D68*E68/$J$4),IF(C68=$I$5,(D68*E68/$J$5),IF(C68=$I$6,(D68*E68/$J$6)))) -> FALSE
B69: Banane Plantain | F69: =IF(C69=$I$4,(D69*E69/$J$4),IF(C69=$I$5,(D69*E69/$J$5),IF(C69=$I$6,(D69*E69/$J$6)))) -> FALSE
B70: Citron Combava | F70: =IF(C70=$I$4,(D70*E70/$J$4),IF(C70=$I$5,(D70*E70/$J$5),IF(C70=$I$6,(D70*E70/$J$6)))) -> FALSE
B71: Saumon fumé | F71: =IF(C71=$I$4,(D71*E71/$J$4),IF(C71=$I$5,(D71*E71/$J$5),IF(C71=$I$6,(D71*E71/$J$6)))) -> FALSE
B72: Cabillaud | F72: =IF(C72=$I$4,(D72*E72/$J$4),IF(C72=$I$5,(D72*E72/$J$5),IF(C72=$I$6,(D72*E72/$J$6)))) -> FALSE
B73: Magret de canard fumé | F73: =IF(C73=$I$4,(D73*E73/$J$4),IF(C73=$I$5,(D73*E73/$J$5),IF(C73=$I$6,(D73*E73/$J$6)))) -> FALSE
B74: Lardons | F74: =IF(C74=$I$4,(D74*E74/$J$4),IF(C74=$I$5,(D74*E74/$J$5),IF(C74=$I$6,(D74*E74/$J$6)))) -> FALSE
B75: Gésiers de canards | F75: =IF(C75=$I$4,(D75*E75/$J$4),IF(C75=$I$5,(D75*E75/$J$5),IF(C75=$I$6,(D75*E75/$J$6)))) -> FALSE
B76: Jambon serrano | F76: =IF(C76=$I$4,(D76*E76/$J$4),IF(C76=$I$5,(D76*E76/$J$5),IF(C76=$I$6,(D76*E76/$J$6)))) -> FALSE
B77: Noisettes | F77: =IF(C77=$I$4,(D77*E77/$J$4),IF(C77=$I$5,(D77*E77/$J$5),IF(C77=$I$6,(D77*E77/$J$6)))) -> FALSE
... B80: Ossau-iraty | F80: =IF(C80=$I$4,(D80*E80/$J$4),IF(C80=$I$5,(D80*E80/$J$5),IF(C80=$I$6,(D80*E80/$J$6)))) -> FALSE
B81: Gorgonzola | C81: gr | D81: 400 | E81: 20.65 | F81: =IF(C81=$I$4,(D81*E81/$J$4),IF(C81=$I$5,(D81*E81/$J$5),IF(C81=$I$6,(D81*E81/$J$6)))) -> 8.26
B82: Pignons de pin | F82: =IF(C82=$I$4,(D82*E82/$J$4),IF(C82=$I$5,(D82*E82/$J$5),IF(C82=$I$6,(D82*E82/$J$6)))) -> FALSE
B83: Asperges Vertes | F83: =IF(C83=$I$4,(D83*E83/$J$4),IF(C83=$I$5,(D83*E83/$J$5),IF(C83=$I$6,(D83*E83/$J$6)))) -> FALSE
B84: Poivre de séchouan | F84: =IF(C84=$I$4,(D84*E84/$J$4),IF(C84=$I$5,(D84*E84/$J$5),IF(C84=$I$6,(D84*E84/$J$6)))) -> FALSE
B85: Champignons de paris | C85: gr | D85: 3000 | E85: 4.87 | F85: =IF(C85=$I$4,(D85*E85/$J$4),IF(C85=$I$5,(D85*E85/$J$5),IF(C85=$I$6,(D85*E85/$J$6)))) -> 14.61
B86: Cèpes | F86: =IF(C86=$I$4,(D86*E86/$J$4),IF(C86=$I$5,(D86*E86/$J$5),IF(C86=$I$6,(D86*E86/$J$6)))) -> FALSE
B87: Poivrons Rouges | C87: gr | D87: 5000 | E87: 5.3 | F87: =IF(C87=$I$4,(D87*E87/$J$4),IF(C87=$I$5,(D87*E87/$J$5),IF(C87=$I$6,(D87*E87/$J$6)))) -> 26.5
B88: poivrons Jaunes | C88: gr | D88: 5000 | E88: 5.3 | F88: =IF(C88=$I$4,(D88*E88/$J$4),IF(C88=$I$5,(D88*E88/$J$5),IF(C88=$I$6,(D88*E88/$J$6)))) -> 26.5
B89: Poivrons Verts | C89: gr | D89: 5000 | E89: 5.3 | F89: =IF(C89=$I$4,(D89*E89/$J$4),IF(C89=$I$5,(D89*E89/$J$5),IF(C89=$I$6,(D89*E89/$J$6)))) -> 26.5
B90: Artichauds Poivrades | F90: =IF(C90=$I$4,(D90*E90/$J$4),IF(C90=$I$5,(D90*E90/$J$5),IF(C90=$I$6,(D90*E90/$J$6)))) -> FALSE
B91: Artichauds | F91: =IF(C91=$I$4,(D91*E91/$J$4),IF(C91=$I$5,(D91*E91/$J$5),IF(C91=$I$6,(D91*E91/$J$6)))) -> FALSE
B92: Queijo São Jorge râpé | F92: =IF(C92=$I$4,(D92*E92/$J$4),IF(C92=$I$5,(D92*E92/$J$5),IF(C92=$I$6,(D92*E92/$J$6)))) -> FALSE
B93: Chouriços doux | F93: =IF(C93=$I$4,(D93*E93/$J$4),IF(C93=$I$5,(D93*E93/$J$5),IF(C93=$I$6,(D93*E93/$J$6)))) -> FALSE
B94: Polenta | F94: =IF(C94=$I$4,(D94*E94/$J$4),IF(C94=$I$5,(D94*E94/$J$5),IF(C94=$I$6,(D94*E94/$J$6)))) -> FALSE
B95: Poiches chiches | F95: =IF(C95=$I$4,(D95*E95/$J$4),IF(C95=$I$5,(D95*E95/$J$5),IF(C95=$I$6,(D95*E95/$J$6)))) -> FALSE
B96: Merguez | F96: =IF(C96=$I$4,(D96*E96/$J$4),IF(C96=$I$5,(D96*E96/$J$5),IF(C96=$I$6,(D96*E96/$J$6)))) -> FALSE
B97: Merguez Halal | F97: =IF(C97=$I$4,(D97*E97/$J$4),IF(C97=$I$5,(D97*E97/$J$5),IF(C97=$I$6,(D97*E97/$J$6)))) -> FALSE
B98: Blancs de Poulet Halal | F98: =IF(C98=$I$4,(D98*E98/$J$4),IF(C98=$I$5,(D98*E98/$J$5),IF(C98=$I$6,(D98*E98/$J$6)))) -> FALSE
B99: Saucisses confites | F99: =IF(C99=$I$4,(D99*E99/$J$4),IF(C99=$I$5,(D99*E99/$J$5),IF(C99=$I$6,(D99*E99/$J$6)))) -> FALSE
B100: Andouille de Guéméné | F100: =IF(C100=$I$4,(D100*E100/$J$4),IF(C100=$I$5,(D100*E100/$J$5),IF(C100=$I$6,(D100*E100/$J$6)))) -> FALSE
B101: Boudins Noirs | F101: =IF(C101=$I$4,(D101*E101/$J$4),IF(C101=$I$5,(D101*E101/$J$5),IF(C101=$I$6,(D101*E101/$J$6)))) -> FALSE
... B108: Muscade | F108: =IF(C108=$I$4,(D108*E108/$J$4),IF(C108=$I$5,(D108*E108/$J$5),IF(C108=$I$6,(D108*E108/$J$6)))) -> FALSE
B109: Farine | C109: gr | D109: 1000 | E109: 3.88 | F109: =IF(C109=$I$4,(D109*E109/$J$4),IF(C109=$I$5,(D109*E109/$J$5),IF(C109=$I$6,(D109*E109/$J$6)))) -> 3.88
B110: Beurre | F110: =IF(C110=$I$4,(D110*E110/$J$4),IF(C110=$I$5,(D110*E110/$J$5),IF(C110=$I$6,(D110*E110/$J$6)))) -> FALSE
B111: Sel | C111: gr | F111: =IF(C111=$I$4,(D111*E111/$J$4),IF(C111=$I$5,(D111*E111/$J$5),IF(C111=$I$6,(D111*E111/$J$6)))) -> 0
B112: Sucre | F112: =IF(C112=$I$4,(D112*E112/$J$4),IF(C112=$I$5,(D112*E112/$J$5),IF(C112=$I$6,(D112*E112/$J$6)))) -> FALSE
B113: Levure boulangère | C113: gr | D113: 504 | E113: 14.51 | F113: =IF(C113=$I$4,(D113*E113/$J$4),IF(C113=$I$5,(D113*E113/$J$5),IF(C113=$I$6,(D113*E113/$J$6)))) -> 7.31304
F114: =IF(C114=$I$4,(D114*E114/$J$4),IF(C114=$I$5,(D114*E114/$J$5),IF(C114=$I$6,(D114*E114/$J$6)))) -> FALSE
F115: =IF(C115=$I$4,(D115*E115/$J$4),IF(C115=$I$5,(D115*E115/$J$5),IF(C115=$I$6,(D115*E115/$J$6)))) -> FALSE
B116: Citronelle | F116: =IF(C116=$I$4,(D116*E116/$J$4),IF(C116=$I$5,(D116*E116/$J$5),IF(C116=$I$6,(D116*E116/$J$6)))) -> FALSE
B117: Avocats | F117: =IF(C117=$I$4,(D117*E117/$J$4),IF(C117=$I$5,(D117*E117/$J$5),IF(C117=$I$6,(D117*E117/$J$6)))) -> FALSE
B118: Moutarde | C118: gr | D118: 180 | E118: 22.35 | F118: =IF(C118=$I$4,(D118*E118/$J$4),IF(C118=$I$5,(D118*E118/$J$5),IF(C118=$I$6,(D118*E118/$J$6)))) -> 4.023
B119: Farine de pois chiche | F119: =IF(C119=$I$4,(D119*E119/$J$4),IF(C119=$I$5,(D119*E119/$J$5),IF(C119=$I$6,(D119*E119/$J$6)))) -> FALSE
B120: Fécule de tapioca | F120: =IF(C120=$I$4,(D120*E120/$J$4),IF(C120=$I$5,(D120*E120/$J$5),IF(C120=$I$6,(D120*E120/$J$6)))) -> FALSE
...

Sheet 1
B2: Nom | C2: ='Sommaire des pizzas'!C2 -> Margharita | F2: Coefficient | G2: 5 | I2: NB de pizzas vendues Mensuels | K2: 600
B3: MAJ Le : | C3: 42461 | F3: Fraction Charges indirectes | G3: 0.5
B5: Charges directes et indirectes | C5: Unités | D5: Quantité | E5: Prix d'achat HT/ Coût Mensuel | F5: Prix de revient | G5: Observations | I5: Prix de vente Proposé | L5: 8
B6: Charges Mensuelles indirecte | H6: =IF(AND(F6>0,F6<>""),1,"") | I6: Prix de revient Charges indirectes | L6: =SUM(F6:F36) -> 5.0160571
B7: Emballages et conditionnement | C7: =IF(ISNA(VLOOKUP(B7,'Listes des charges'!$B$2:$F$449,2,FALSE)),"",VLOOKUP(B7,'Listes des charges'!$B$2:$F$449,2,FALSE)) -> 0 | E7: =IF(ISNA(VLOOKUP(B7,'Listes des charges'!$B$2:$F$449,4,FALSE)),"",VLOOKUP(B7,'Listes des charges'!$B$2:$F$449,4,FALSE)) -> 83.33 | F7: =IF(B7="","",IF(D7<>"",((D7*E7)/1000),IF(D7="",(E7*$G$3)/$K$2))) -> 0.069441667 | H7: =IF(AND(F7>0,F7<>""),1,"") -> 1 | I7: Prix de revient Matières premières | L7: =SUM(F37:F80) -> 1.78611
B8: Achats de marchandises TTC | C8: =IF(ISNA(VLOOKUP(B8,'Listes des charges'!$B$2:$F$449,2,FALSE)),"",VLOOKUP(B8,'Listes des charges'!$B$2:$F$449,2,FALSE)) -> 0 | E8: =IF(ISNA(VLOOKUP(B8,'Listes des charges'!$B$2:$F$449,4,FALSE)),"",VLOOKUP(B8,'Listes des charges'!$B$2:$F$449,4,FALSE)) -> 956.01852 | F8: =IF(B8="","",IF(D8<>"",((D8*E8)/1000),IF(D8="",(E8*$G$3)/$K$2))) -> 0.7966821 | H8: =IF(AND(F8>0,F8<>""),1,"") -> 1 | I8: Prix de revient total | L8: =L6+L7 -> 6.8021671
B9: Loyers et charges locatives | C9: =IF(ISNA(VLOOKUP(B9,'Listes des charges'!$B$2:$F$449,2,FALSE)),"",VLOOKUP(B9,'Listes des charges'!$B$2:$F$449,2,FALSE)) -> 0 | E9: =IF(ISNA(VLOOKUP(B9,'Listes des charges'!$B$2:$F$449,4,FALSE)),"",VLOOKUP(B9,'Listes des charges'!$B$2:$F$449,4,FALSE)) -> 700 | F9: =IF(B9="","",IF(D9<>"",((D9*E9)/1000),IF(D9="",(E9*$G$3)/$K$2))) -> 0.58333333 | H9: =IF(AND(F9>0,F9<>""),1,"") -> 1 | I9: Prix de revient unitaire | L9: =AVERAGE(F:F) -> 0.25193211
B10: Assurances véhicules et autres | C10: =IF(ISNA(VLOOKUP(B10,'Listes des charges'!$B$2:$F$449,2,FALSE)),"",VLOOKUP(B10,'Listes des charges'!$B$2:$F$449,2,FALSE)) -> 0 | E10: =IF(ISNA(VLOOKUP(B10,'Listes des charges'!$B$2:$F$449,4,FALSE)),"",VLOOKUP(B10,'Listes des charges'!$B$2:$F$449,4,FALSE)) -> 66 | F10: =IF(B10="","",IF(D10<>"",((D10*E10)/1000),IF(D10="",(E10*$G$3)/$K$2))) -> 0.055 | H10: =IF(AND(F10>0,F10<>""),1,"") -> 1 | I10: % coût matières | L10: =L7/L5 -> 0.22326375
B11: Entretien des véhicules | C11: =IF(ISNA(VLOOKUP(B11,'Listes des charges'!$B$2:$F$449,2,FALSE)),"",VLOOKUP(B11,'Listes des charges'!$B$2:$F$449,2,FALSE)) -> 0 | E11: =IF(ISNA(VLOOKUP(B11,'Listes des charges'!$B$2:$F$449,4,FALSE)),"",VLOOKUP(B11,'Listes des charges'!$B$2:$F$449,4,FALSE)) -> 41.67 | F11: =IF(B11="","",IF(D11<>"",((D11*E11)/1000),IF(D11="",(E11*$G$3)/$K$2))) -> 0.034725 | H11: =IF(AND(F11>0,F11<>""),1,"") -> 1 | I11: % Coût Charge indirectes | L11: =L6/L5 -> 0.62700714
B12: Electricité (locaux) | C12: =IF(ISNA(VLOOKUP(B12,'Listes des charges'!$B$2:$F$449,2,FALSE)),"",VLOOKUP(B12,'Listes des charges'!$B$2:$F$449,2,FALSE)) -> 0 | E12: =IF(ISNA(VLOOKUP(B12,'Listes des charges'!$B$2:$F$449,4,FALSE)),"",VLOOKUP(B12,'Listes des charges'!$B$2:$F$449,4,FALSE)) -> 125 | F12: =IF(B12="","",IF(D12<>"",((D12*E12)/1000),IF(D12="",(E12*$G$3)/$K$2))) -> 0.10416667 | H12: =IF(AND(F12>0,F12<>""),1,"") -> 1 | I12: Prix de vente Conseillé H.T. | L12: =L7*G2 -> 8.93055
B13: Eau (locaux) | C13: =IF(ISNA(VLOOKUP(B13,'Listes des charges'!$B$2:$F$449,2,FALSE)),"",VLOOKUP(B13,'Listes des charges'!$B$2:$F$449,2,FALSE)) -> 0 | E13: =IF(ISNA(VLOOKUP(B13,'Listes des charges'!$B$2:$F$449,4,FALSE)),"",VLOOKUP(B13,'Listes des charges'!$B$2:$F$449,4,FALSE)) -> 83.33 | F13: =IF(B13="","",IF(D13<>"",((D13*E13)/1000),IF(D13="",(E13*$G$3)/$K$2))) -> 0.069441667 | H13: =IF(AND(F13>0,F13<>""),1,"") -> 1 | I13: T.V.A. | L13: 0.1
B14: chauffage (locaux) | C14: =IF(ISNA(VLOOKUP(B14,'Listes des charges'!$B$2:$F$449,2,FALSE)),"",VLOOKUP(B14,'Listes des charges'!$B$2:$F$449,2,FALSE)) -> 0 | E14: =IF(ISNA(VLOOKUP(B14,'Listes des charges'!$B$2:$F$449,4,FALSE)),"",VLOOKUP(B14,'Listes des charges'!$B$2:$F$449,4,FALSE)) -> 41.67 | F14: =IF(B14="","",IF(D14<>"",((D14*E14)/1000),IF(D14="",(E14*$G$3)/$K$2))) -> 0.034725 | H14: =IF(AND(F14>0,F14<>""),1,"") -> 1 | I14: Prix de vente conseillé T.T.C. | L14: =L12+(L12*L13) -> 9.823605
B15: Fournitures d'entretien | C15: =IF(ISNA(VLOOKUP(B15,'Listes des charges'!$B$2:$F$449,2,FALSE)),"",VLOOKUP(B15,'Listes des charges'!$B$2:$F$449,2,FALSE)) -> 0 | E15: =IF(ISNA(VLOOKUP(B15,'Listes des charges'!$B$2:$F$449,4,FALSE)),"",VLOOKUP(B15,'Listes des charges'!$B$2:$F$449,4,FALSE)) -> 41.67 | F15: =IF(B15="","",IF(D15<>"",((D15*E15)/1000),IF(D15="",(E15*$G$3)/$K$2))) -> 0.034725 | H15: =IF(AND(F15>0,F15<>""),1,"") -> 1 | I15: Marge Brute Matière premieres | L15: =L5-L7 -> 6.21389
B16: Fournitures administratives | C16: =IF(ISNA(VLOOKUP(B16,'Listes des charges'!$B$2:$F$449,2,FALSE)),"",VLOOKUP(B16,'Listes des charges'!$B$2:$F$449,2,FALSE)) -> 0 | E16: =IF(ISNA(VLOOKUP(B16,'Listes des charges'!$B$2:$F$449,4,FALSE)),"",VLOOKUP(B16,'Listes des charges'!$B$2:$F$449,4,FALSE)) -> 41.67 | F16: =IF(B16="","",IF(D16<>"",((D16*E16)/1000),IF(D16="",(E16*$G$3)/$K$2))) -> 0.034725 | H16: =IF(AND(F16>0,F16<>""),1,"") -> 1 | I16: % MB Matières premières | L16: =L15/L5 -> 0.77673625
B17: Fournitures diverses | C17: =IF(ISNA(VLOOKUP(B17,'Listes des charges'!$B$2:$F$449,2,FALSE)),"",VLOOKUP(B17,'Listes des charges'!$B$2:$F$449,2,FALSE)) -> 0 | E17: =IF(ISNA(VLOOKUP(B17,'Listes des charges'!$B$2:$F$449,4,FALSE)),"",VLOOKUP(B17,'Listes des charges'!$B$2:$F$449,4,FALSE)) -> 41.67 | F17: =IF(B17="","",IF(D17<>"",((D17*E17)/1000),IF(D17="",(E17*$G$3)/$K$2))) -> 0.034725 | H17: =IF(AND(F17>0,F17<>""),1,"") -> 1 | I17: Marge Brute Totale | L17: =L5-L8 -> 1.1978329
B18: Entretien (locaux, matériel) | C18: =IF(ISNA(VLOOKUP(B18,'Listes des charges'!$B$2:$F$449,2,FALSE)),"",VLOOKUP(B18,'Listes des charges'!$B$2:$F$449,2,FALSE)) -> 0 | E18: =IF(ISNA(VLOOKUP(B18,'Listes des charges'!$B$2:$F$449,4,FALSE)),"",VLOOKUP(B18,'Listes des charges'!$B$2:$F$449,4,FALSE)) -> 41.67 | F18: =IF(B18="","",IF(D18<>"",((D18*E18)/1000),IF(D18="",(E18*$G$3)/$K$2))) -> 0.034725 | H18: =IF(AND(F18>0,F18<>""),1,"") -> 1 | I18: % de Marge brute Total | L18: =L17/L5 -> 0.14972911
B19: Téléphone | C19: =IF(ISNA(VLOOKUP(B19,'Listes des charges'!$B$2:$F$449,2,FALSE)),"",VLOOKUP(B19,'Listes des charges'!$B$2:$F$449,2,FALSE)) -> 0 | E19: =IF(ISNA(VLOOKUP(B19,'Listes des charges'!$B$2:$F$449,4,FALSE)),"",VLOOKUP(B19,'Listes des charges'!$B$2:$F$449,4,FALSE)) -> 41.67 | F19: =IF(B19="","",IF(D19<>"",((D19*E19)/1000),IF(D19="",(E19*$G$3)/$K$2))) -> 0.034725 | H19: =IF(AND(F19>0,F19<>""),1,"") -> 1 | I19: Estimation bénéfice mensuel | L19: =L17*K2 -> 718.69974
B20: Internet | C20: =IF(ISNA(VLOOKUP(B20,'Listes des charges'!$B$2:$F$449,2,FALSE)),"",VLOOKUP(B20,'Listes des charges'!$B$2:$F$449,2,FALSE)) -> 0 | E20: =IF(ISNA(VLOOKUP(B20,'Listes des charges'!$B$2:$F$449,4,FALSE)),"",VLOOKUP(B20,'Listes des charges'!$B$2:$F$449,4,FALSE)) -> 41.67 | F20: =IF(B20="","",IF(D20<>"",((D20*E20)/1000),IF(D20="",(E20*$G$3)/$K$2))) -> 0.034725 | H20: =IF(AND(F20>0,F20<>""),1,"") -> 1 | I20: Bénéfice Annuel | L20: =L19*12 -> 8624.3969
B21: Publicité | C21: =IF(ISNA(VLOOKUP(B21,'Listes des charges'!$B$2:$F$449,2,FALSE)),"",VLOOKUP(B21,'Listes des charges'!$B$2:$F$449,2,FALSE)) -> 0 | E21: =IF(ISNA(VLOOKUP(B21,'Listes des charges'!$B$2:$F$449,4,FALSE)),"",VLOOKUP(B21,'Listes des charges'!$B$2:$F$449,4,FALSE)) -> 83.33 | F21: =IF(B21="","",IF(D21<>"",((D21*E21)/1000),IF(D21="",(E21*$G$3)/$K$2))) -> 0.069441667 | H21: =IF(AND(F21>0,F21<>""),1,"") -> 1
B22: Rémunération du dirigeant | C22: =IF(ISNA(VLOOKUP(B22,'Listes des charges'!$B$2:$F$449,2,FALSE)),"",VLOOKUP(B22,'Listes des charges'!$B$2:$F$449,2,FALSE)) -> 0 | E22: =IF(ISNA(VLOOKUP(B22,'Listes des charges'!$B$2:$F$449,4,FALSE)),"",VLOOKUP(B22,'Listes des charges'!$B$2:$F$449,4,FALSE)) -> 1500 | F22: =IF(B22="","",IF(D22<>"",((D22*E22)/1000),IF(D22="",(E22*$G$3)/$K$2))) -> 1.25 | H22: =IF(AND(F22>0,F22<>""),1,"") -> 1
B23: Cotisations sociales du dirigeant | C23: =IF(ISNA(VLOOKUP(B23,'Listes des charges'!$B$2:$F$449,2,FALSE)),"",VLOOKUP(B23,'Listes des charges'!$B$2:$F$449,2,FALSE)) -> 0 | E23: =IF(ISNA(VLOOKUP(B23,'Listes des charges'!$B$2:$F$449,4,FALSE)),"",VLOOKUP(B23,'Listes des charges'!$B$2:$F$449,4,FALSE)) -> 450.42 | F23: =IF(B23="","",IF(D23<>"",((D23*E23)/1000),IF(D23="",(E23*$G$3)/$K$2))) -> 0.37535 | H23: =IF(AND(F23>0,F23<>""),1,"") -> 1
B24: Dotation aux amortissements | C24: =IF(ISNA(VLOOKUP(B24,'Listes des charges'!$B$2:$F$449,2,FALSE)),"",VLOOKUP(B24,'Listes des charges'!$B$2:$F$449,2,FALSE)) -> 0 | E24: =IF(ISNA(VLOOKUP(B24,'Listes des charges'!$B$2:$F$449,4,FALSE)),"",VLOOKUP(B24,'Listes des charges'!$B$2:$F$449,4,FALSE)) -> 279.07 | F24: =IF(B24="","",IF(D24<>"",((D24*E24)/1000),IF(D24="",(E24*$G$3)/$K$2))) -> 0.23255833 | H24: =IF(AND(F24>0,F24<>""),1,"") -> 1
B25: TVA | C25: =IF(ISNA(VLOOKUP(B25,'Listes des charges'!$B$2:$F$449,2,FALSE)),"",VLOOKUP(B25,'Listes des charges'!$B$2:$F$449,2,FALSE)) -> 0 | E25: =IF(ISNA(VLOOKUP(B25,'Listes des charges'!$B$2:$F$449,4,FALSE)),"",VLOOKUP(B25,'Listes des charges'!$B$2:$F$449,4,FALSE)) -> 1359.41 | F25: =IF(B25="","",IF(D25<>"",((D25*E25)/1000),IF(D25="",(E25*$G$3)/$K$2))) -> 1.1328417 | H25: =IF(AND(F25>0,F25<>""),1,"") -> 1
C26: =IF(ISNA(VLOOKUP(B26,'Listes des charges'!$B$2:$F$449,2,FALSE)),"",VLOOKUP(B26,'Listes des charges'!$B$2:$F$449,2,FALSE)) | E26: =IF(ISNA(VLOOKUP(B26,'Listes des charges'!$B$2:$F$449,4,FALSE)),"",VLOOKUP(B26,'Listes des charges'!$B$2:$F$449,4,FALSE)) | F26: =IF(B26="","",IF(D26<>"",((D26*E26)/1000),IF(D26="",(E26*$G$3)/$K$2))) | H26: =IF(AND(F26>0,F26<>""),1,"")
C27: =IF(ISNA(VLOOKUP(B27,'Listes des charges'!$B$2:$F$449,2,FALSE)),"",VLOOKUP(B27,'Listes des charges'!$B$2:$F$449,2,FALSE)) | E27: =IF(ISNA(VLOOKUP(B27,'Listes des charges'!$B$2:$F$449,4,FALSE)),"",VLOOKUP(B27,'Listes des charges'!$B$2:$F$449,4,FALSE)) | F27: =IF(B27="","",IF(D27<>"",((D27*E27)/1000),IF(D27="",(E27*$G$3)/$K$2))) | H27: =IF(AND(F27>0,F27<>""),1,"")
C28: =IF(ISNA(VLOOKUP(B28,'Listes des charges'!$B$2:$F$449,2,FALSE)),"",VLOOKUP(B28,'Listes des charges'!$B$2:$F$449,2,FALSE)) | E28: =IF(ISNA(VLOOKUP(B28,'Listes des charges'!$B$2:$F$449,4,FALSE)),"",VLOOKUP(B28,'Listes des charges'!$B$2:$F$449,4,FALSE)) | F28: =IF(B28="","",IF(D28<>"",((D28*E28)/1000),IF(D28="",(E28*$G$3)/$K$2))) | H28: =IF(AND(F28>0,F28<>""),1,"")
C29: =IF(ISNA(VLOOKUP(B29,'Listes des charges'!$B$2:$F$449,2,FALSE)),"",VLOOKUP(B29,'Listes des charges'!$B$2:$F$449,2,FALSE)) | E29: =IF(ISNA(VLOOKUP(B29,'Listes des charges'!$B$2:$F$449,4,FALSE)),"",VLOOKUP(B29,'Listes des charges'!$B$2:$F$449,4,FALSE)) | F29: =IF(B29="","",IF(D29<>"",((D29*E29)/1000),IF(D29="",(E29*$G$3)/$K$2))) | H29: =IF(AND(F29>0,F29<>""),1,"")
C30: =IF(ISNA(VLOOKUP(B30,'Listes des charges'!$B$2:$F$449,2,FALSE)),"",VLOOKUP(B30,'Listes des charges'!$B$2:$F$449,2,FALSE)) | E30: =IF(ISNA(VLOOKUP(B30,'Listes des charges'!$B$2:$F$449,4,FALSE)),"",VLOOKUP(B30,'Listes des charges'!$B$2:$F$449,4,FALSE)) | F30: =IF(B30="","",IF(D30<>"",((D30*E30)/1000),IF(D30="",(E30*$G$3)/$K$2))) | H30: =IF(AND(F30>0,F30<>""),1,"")
C31: =IF(ISNA(VLOOKUP(B31,'Listes des charges'!$B$2:$F$449,2,FALSE)),"",VLOOKUP(B31,'Listes des charges'!$B$2:$F$449,2,FALSE)) | E31: =IF(ISNA(VLOOKUP(B31,'Listes des charges'!$B$2:$F$449,4,FALSE)),"",VLOOKUP(B31,'Listes des charges'!$B$2:$F$449,4,FALSE)) | F31: =IF(B31="","",IF(D31<>"",((D31*E31)/1000),IF(D31="",(E31*$G$3)/$K$2))) | H31: =IF(AND(F31>0,F31<>""),1,"")
C32: =IF(ISNA(VLOOKUP(B32,'Listes des charges'!$B$2:$F$449,2,FALSE)),"",VLOOKUP(B32,'Listes des charges'!$B$2:$F$449,2,FALSE)) | E32: =IF(ISNA(VLOOKUP(B32,'Listes des charges'!$B$2:$F$449,4,FALSE)),"",VLOOKUP(B32,'Listes des charges'!$B$2:$F$449,4,FALSE)) | F32: =IF(B32="","",IF(D32<>"",((D32*E32)/1000),IF(D32="",(E32*$G$3)/$K$2))) | H32: =IF(AND(F32>0,F32<>""),1,"")
C33: =IF(ISNA(VLOOKUP(B33,'Listes des charges'!$B$2:$F$449,2,FALSE)),"",VLOOKUP(B33,'Listes des charges'!$B$2:$F$449,2,FALSE)) | E33: =IF(ISNA(VLOOKUP(B33,'Listes des charges'!$B$2:$F$449,4,FALSE)),"",VLOOKUP(B33,'Listes des charges'!$B$2:$F$449,4,FALSE)) | F33: =IF(B33="","",IF(D33<>"",((D33*E33)/1000),IF(D33="",(E33*$G$3)/$K$2))) | H33: =IF(AND(F33>0,F33<>""),1,"")
C34: =IF(ISNA(VLOOKUP(B34,'Listes des charges'!$B$2:$F$449,2,FALSE)),"",VLOOKUP(B34,'Listes des charges'!$B$2:$F$449,2,FALSE)) | E34: =IF(ISNA(VLOOKUP(B34,'Listes des charges'!$B$2:$F$449,4,FALSE)),"",VLOOKUP(B34,'Listes des charges'!$B$2:$F$449,4,FALSE)) | F34: =IF(B34="","",IF(D34<>"",((D34*E34)/1000),IF(D34="",(E34*$G$3)/$K$2))) | H34: =IF(AND(F34>0,F34<>""),1,"")
C35: =IF(ISNA(VLOOKUP(B35,'Listes des charges'!$B$2:$F$449,2,FALSE)),"",VLOOKUP(B35,'Listes des charges'!$B$2:$F$449,2,FALSE)) | E35: =IF(ISNA(VLOOKUP(B35,'Listes des charges'!$B$2:$F$449,4,FALSE)),"",VLOOKUP(B35,'Listes des charges'!$B$2:$F$449,4,FALSE)) | F35: =IF(B35="","",IF(D35<>"",((D35*E35)/1000),IF(D35="",(E35*$G$3)/$K$2))) | H35: =IF(AND(F35>0,F35<>""),1,"")
C36: =IF(ISNA(VLOOKUP(B36,'Listes des charges'!$B$2:$F$449,2,FALSE)),"",VLOOKUP(B36,'Listes des charges'!$B$2:$F$449,2,FALSE)) | E36: =IF(ISNA(VLOOKUP(B36,'Listes des charges'!$B$2:$F$449,4,FALSE)),"",VLOOKUP(B36,'Listes des charges'!$B$2:$F$449,4,FALSE)) | F36: =IF(B36="","",IF(D36<>"",((D36*E36)/1000),IF(D36="",(E36*$G$3)/$K$2))) | H36: =IF(AND(F36>0,F36<>""),1,"")
B37: Charges Mensuelles directes | H37: =IF(AND(F37>0,F37<>""),1,"")
B38: Paton 280 gr | H38: =IF(AND(F38>0,F38<>""),1,"")
B39: Farine | C39: =IF(ISNA(VLOOKUP(B39,'Listes des charges'!$B$2:$F$449,2,FALSE)),"",VLOOKUP(B39,'Listes des charges'!$B$2:$F$449,2,FALSE)) -> gr | D39: 166 | E39: =IF(ISNA(VLOOKUP(B39,'Listes des charges'!$B$2:$F$449,4,FALSE)),"",VLOOKUP(B39,'Listes des charges'!$B$2:$F$449,4,FALSE)) -> 3.88 | F39: =IF(B39="","",IF(D39<>"",((D39*E39)/1000),IF(D39="",(E39*$G$3)/$K$2))) -> 0.64408 | H39: =IF(AND(F39>0,F39<>""),1,"") -> 1
B40: Huile d'olive | C40: =IF(ISNA(VLOOKUP(B40,'Listes des charges'!$B$2:$F$449,2,FALSE)),"",VLOOKUP(B40,'Listes des charges'!$B$2:$F$449,2,FALSE)) -> Ltre | D40: 0.25 | E40: =IF(ISNA(VLOOKUP(B40,'Listes des charges'!$B$2:$F$449,4,FALSE)),"",VLOOKUP(B40,'Listes des charges'!$B$2:$F$449,4,FALSE)) -> 0 | F40: =IF(B40="","",IF(D40<>"",((D40*E40)/1000),IF(D40="",(E40*$G$3)/$K$2))) -> 0 | H40: =IF(AND(F40>0,F40<>""),1,"")
B41: Levure boulangère | C41: =IF(ISNA(VLOOKUP(B41,'Listes des charges'!$B$2:$F$449,2,FALSE)),"",VLOOKUP(B41,'Listes des charges'!$B$2:$F$449,2,FALSE)) -> gr | D41: 3 | E41: =IF(ISNA(VLOOKUP(B41,'Listes des charges'!$B$2:$F$449,4,FALSE)),"",VLOOKUP(B41,'Listes des charges'!$B$2:$F$449,4,FALSE)) -> 14.51 | F41: =IF(B41="","",IF(D41<>"",((D41*E41)/1000),IF(D41="",(E41*$G$3)/$K$2))) -> 0.04353 | H41: =IF(AND(F41>0,F41<>""),1,"") -> 1
B42: Eau | C42: =IF(ISNA(VLOOKUP(B42,'Listes des charges'!$B$2:$F$449,2,FALSE)),"",VLOOKUP(B42,'Listes des charges'!$B$2:$F$449,2,FALSE)) -> gr | D42: 0.1 | E42: =IF(ISNA(VLOOKUP(B42,'Listes des charges'!$B$2:$F$449,4,FALSE)),"",VLOOKUP(B42,'Listes des charges'!$B$2:$F$449,4,FALSE)) -> 0 | F42: =IF(B42="","",IF(D42<>"",((D42*E42)/1000),IF(D42="",(E42*$G$3)/$K$2))) -> 0 | H42: =IF(AND(F42>0,F42<>""),1,"")
B43: Sel | C43: =IF(ISNA(VLOOKUP(B43,'Listes des charges'!$B$2:$F$449,2,FALSE)),"",VLOOKUP(B43,'Listes des charges'!$B$2:$F$449,2,FALSE)) -> gr | D43: 4.2 | E43: =IF(ISNA(VLOOKUP(B43,'Listes des charges'!$B$2:$F$449,4,FALSE)),"",VLOOKUP(B43,'Listes des charges'!$B$2:$F$449,4,FALSE)) -> 0 | F43: =IF(B43="","",IF(D43<>"",((D43*E43)/1000),IF(D43="",(E43*$G$3)/$K$2))) -> 0 | H43: =IF(AND(F43>0,F43<>""),1,"")
B44: Garnitures | H44: =IF(AND(F44>0,F44<>""),1,"")
B45: Coulis de Tomate fraiches | C45: =IF(ISNA(VLOOKUP(B45,'Listes des charges'!$B$2:$F$449,2,FALSE)),"",VLOOKUP(B45,'Listes des charges'!$B$2:$F$449,2,FALSE)) -> gr | D45: 25 | E45: =IF(ISNA(VLOOKUP(B45,'Listes des charges'!$B$2:$F$449,4,FALSE)),"",VLOOKUP(B45,'Listes des charges'!$B$2:$F$449,4,FALSE)) -> 2.14 | F45: =IF(B45="","",IF(D45<>"",((D45*E45)/1000),IF(D45="",(E45*$G$3)/$K$2))) -> 0.0535 | H45: =IF(AND(F45>0,F45<>""),1,"") -> 1
B46: Mozzarella | C46: =IF(ISNA(VLOOKUP(B46,'Listes des charges'!$B$2:$F$449,2,FALSE)),"",VLOOKUP(B46,'Listes des charges'!$B$2:$F$449,2,FALSE)) -> gr | D46: 100 | E46: =IF(ISNA(VLOOKUP(B46,'Listes des charges'!$B$2:$F$449,4,FALSE)),"",VLOOKUP(B46,'Listes des charges'!$B$2:$F$449,4,FALSE)) -> 8.4 | F46: =IF(B46="","",IF(D46<>"",((D46*E46)/1000),IF(D46="",(E46*$G$3)/$K$2))) -> 0.84 | H46: =IF(AND(F46>0,F46<>""),1,"") -> 1
B47: Olives Noires | C47: =IF(ISNA(VLOOKUP(B47,'Listes des charges'!$B$2:$F$449,2,FALSE)),"",VLOOKUP(B47,'Listes des charges'!$B$2:$F$449,2,FALSE)) -> gr | D47: 50 | E47: =IF(ISNA(VLOOKUP(B47,'Listes des charges'!$B$2:$F$449,4,FALSE)),"",VLOOKUP(B47,'Listes des charges'!$B$2:$F$449,4,FALSE)) -> 4.1 | F47: =IF(B47="","",IF(D47<>"",((D47*E47)/1000),IF(D47="",(E47*$G$3)/$K$2))) -> 0.205 | H47: =IF(AND(F47>0,F47<>""),1,"") -> 1
C48: =IF(ISNA(VLOOKUP(B48,'Listes des charges'!$B$2:$F$449,2,FALSE)),"",VLOOKUP(B48,'Listes des charges'!$B$2:$F$449,2,FALSE)) | E48: =IF(ISNA(VLOOKUP(B48,'Listes des charges'!$B$2:$F$449,4,FALSE)),"",VLOOKUP(B48,'Listes des charges'!$B$2:$F$449,4,FALSE)) | F48: =IF(B48="","",IF(D48<>"",((D48*E48)/1000),IF(D48="",(E48*$G$3)/$K$2))) | H48: =IF(AND(F48>0,F48<>""),1,"")
C49: =IF(ISNA(VLOOKUP(B49,'Listes des charges'!$B$2:$F$449,2,FALSE)),"",VLOOKUP(B49,'Listes des charges'!$B$2:$F$449,2,FALSE)) | E49: =IF(ISNA(VLOOKUP(B49,'Listes des charges'!$B$2:$F$449,4,FALSE)),"",VLOOKUP(B49,'Listes des charges'!$B$2:$F$449,4,FALSE)) | F49: =IF(B49="","",IF(D49<>"",((D49*E49)/1000),IF(D49="",(E49*$G$3)/$K$2))) | H49: =IF(AND(F49>0,F49<>""),1,"")
C50: =IF(ISNA(VLOOKUP(B50,'Listes des charges'!$B$2:$F$449,2,FALSE)),"",VLOOKUP(B50,'Listes des charges'!$B$2:$F$449,2,FALSE)) | E50: =IF(ISNA(VLOOKUP(B50,'Listes des charges'!$B$2:$F$449,4,FALSE)),"",VLOOKUP(B50,'Listes des charges'!$B$2:$F$449,4,FALSE)) | F50: =IF(B50="","",IF(D50<>"",((D50*E50)/1000),IF(D50="",(E50*$G$3)/$K$2))) | H50: =IF(AND(F50>0,F50<>""),1,"")
C51: =IF(ISNA(VLOOKUP(B51,'Listes des charges'!$B$2:$F$449,2,FALSE)),"",VLOOKUP(B51,'Listes des charges'!$B$2:$F$449,2,FALSE)) | E51: =IF(ISNA(VLOOKUP(B51,'Listes des charges'!$B$2:$F$449,4,FALSE)),"",VLOOKUP(B51,'Listes des charges'!$B$2:$F$449,4,FALSE)) | F51: =IF(B51="","",IF(D51<>"",((D51*E51)/1000),IF(D51="",(E51*$G$3)/$K$2))) | H51: =IF(AND(F51>0,F51<>""),1,"")
C52: =IF(ISNA(VLOOKUP(B52,'Listes des charges'!$B$2:$F$449,2,FALSE)),"",VLOOKUP(B52,'Listes des charges'!$B$2:$F$449,2,FALSE)) | E52: =IF(ISNA(VLOOKUP(B52,'Listes des charges'!$B$2:$F$449,4,FALSE)),"",VLOOKUP(B52,'Listes des charges'!$B$2:$F$449,4,FALSE)) | F52: =IF(B52="","",IF(D52<>"",((D52*E52)/1000),IF(D52="",(E52*$G$3)/$K$2))) | H52: =IF(AND(F52>0,F52<>""),1,"")
C53: =IF(ISNA(VLOOKUP(B53,'Listes des charges'!$B$2:$F$449,2,FALSE)),"",VLOOKUP(B53,'Listes des charges'!$B$2:$F$449,2,FALSE)) | E53: =IF(ISNA(VLOOKUP(B53,'Listes des charges'!$B$2:$F$449,4,FALSE)),"",VLOOKUP(B53,'Listes des charges'!$B$2:$F$449,4,FALSE)) | F53: =IF(B53="","",IF(D53<>"",((D53*E53)/1000),IF(D53="",(E53*$G$3)/$K$2))) | H53: =IF(AND(F53>0,F53<>""),1,"")
C54: =IF(ISNA(VLOOKUP(B54,'Listes des charges'!$B$2:$F$449,2,FALSE)),"",VLOOKUP(B54,'Listes des charges'!$B$2:$F$449,2,FALSE)) | E54: =IF(ISNA(VLOOKUP(B54,'Listes des charges'!$B$2:$F$449,4,FALSE)),"",VLOOKUP(B54,'Listes des charges'!$B$2:$F$449,4,FALSE)) | F54: =IF(B54="","",IF(D54<>"",((D54*E54)/1000),IF(D54="",(E54*$G$3)/$K$2))) | H54: =IF(AND(F54>0,F54<>""),1,"")
C55: =IF(ISNA(VLOOKUP(B55,'Listes des charges'!$B$2:$F$449,2,FALSE)),"",VLOOKUP(B55,'Listes des charges'!$B$2:$F$449,2,FALSE)) | E55: =IF(ISNA(VLOOKUP(B55,'Listes des charges'!$B$2:$F$449,4,FALSE)),"",VLOOKUP(B55,'Listes des charges'!$B$2:$F$449,4,FALSE)) | F55: =IF(B55="","",IF(D55<>"",((D55*E55)/1000),IF(D55="",(E55*$G$3)/$K$2))) | H55: =IF(AND(F55>0,F55<>""),1,"")
C56: =IF(ISNA(VLOOKUP(B56,'Listes des charges'!$B$2:$F$449,2,FALSE)),"",VLOOKUP(B56,'Listes des charges'!$B$2:$F$449,2,FALSE)) | E56: =IF(ISNA(VLOOKUP(B56,'Listes des charges'!$B$2:$F$449,4,FALSE)),"",VLOOKUP(B56,'Listes des charges'!$B$2:$F$449,4,FALSE)) | F56: =IF(B56="","",IF(D56<>"",((D56*E56)/1000),IF(D56="",(E56*$G$3)/$K$2))) | H56: =IF(AND(F56>0,F56<>""),1,"")
C57: =IF(ISNA(VLOOKUP(B57,'Listes des charges'!$B$2:$F$449,2,FALSE)),"",VLOOKUP(B57,'Listes des charges'!$B$2:$F$449,2,FALSE)) | E57: =IF(ISNA(VLOOKUP(B57,'Listes des charges'!$B$2:$F$449,4,FALSE)),"",VLOOKUP(B57,'Listes des charges'!$B$2:$F$449,4,FALSE)) | F57: =IF(B57="","",IF(D57<>"",((D57*E57)/1000),IF(D57="",(E57*$G$3)/$K$2))) | H57: =IF(AND(F57>0,F57<>""),1,"")
F58: =IF(B58="","",IF(D58<>"",((D58*E58)/1000),IF(D58="",(E58*$G$3)/$K$2)))

Sheet 2
B2: Nom | C2: ='Sommaire des pizzas'!C3 -> Reine | F2: Coefficient | G2: 2 | I2: NB de pizzas vendues Mensuels | K2: 600
B3: MAJ Le : | C3: 42461 | F3: Fraction Charges indirectes | G3: 0.5
B5: Charges directes et indirectes | C5: Unités | D5: Quantité | E5: Prix d'achat HT/ Coût Mensuel | F5: Prix de revient | G5: Observations | I5: Prix de vente Proposé | L5: 9
B6: Charges Mensuelles indirecte | H6: =IF(AND(F6>0,F6<>""),1,"") | I6: Prix de revient Charges indirectes | L6: =SUM(F6:F36) -> 6.6880761
B7: Emballages et conditionnement | C7: =IF(ISNA(VLOOKUP(B7,'Listes des charges'!$B$2:$F$449,2,FALSE)),"",VLOOKUP(B7,'Listes des charges'!$B$2:$F$449,2,FALSE)) -> 0 | E7: =IF(ISNA(VLOOKUP(B7,'Listes des charges'!$B$2:$F$449,4,FALSE)),"",VLOOKUP(B7,'Listes des charges'!$B$2:$F$449,4,FALSE)) -> 83.33 | F7: =IF(B7="","",IF(D7<>"",((D7*E7)/1000),IF(D7="",(E7*2/3)/$K$2))) -> 0.092588889 | H7: =IF(AND(F7>0,F7<>""),1,"") -> 1 | I7: Prix de revient Matières premières | L7: =SUM(F37:F80) -> #VALUE!
B8: Achats de marchandises TTC | C8: =IF(ISNA(VLOOKUP(B8,'Listes des charges'!$B$2:$F$449,2,FALSE)),"",VLOOKUP(B8,'Listes des charges'!$B$2:$F$449,2,FALSE)) -> 0 | E8: =IF(ISNA(VLOOKUP(B8,'Listes des charges'!$B$2:$F$449,4,FALSE)),"",VLOOKUP(B8,'Listes des charges'!$B$2:$F$449,4,FALSE)) -> 956.01852 | F8: =IF(B8="","",IF(D8<>"",((D8*E8)/1000),IF(D8="",(E8*2/3)/$K$2))) -> 1.0622428 | H8: =IF(AND(F8>0,F8<>""),1,"") -> 1 | I8: Prix de revient total | L8: =L6+L7 -> #VALUE!
B9: Loyers et charges locatives | C9: =IF(ISNA(VLOOKUP(B9,'Listes des charges'!$B$2:$F$449,2,FALSE)),"",VLOOKUP(B9,'Listes des charges'!$B$2:$F$449,2,FALSE)) -> 0 | E9: =IF(ISNA(VLOOKUP(B9,'Listes des charges'!$B$2:$F$449,4,FALSE)),"",VLOOKUP(B9,'Listes des charges'!$B$2:$F$449,4,FALSE)) -> 700 | F9: =IF(B9="","",IF(D9<>"",((D9*E9)/1000),IF(D9="",(E9*2/3)/$K$2))) -> 0.77777778 | H9: =IF(AND(F9>0,F9<>""),1,"") -> 1 | I9: Prix de revient unitaire | L9: =AVERAGE(F:F) -> #VALUE!
B10: Assurances véhicules et autres | C10: =IF(ISNA(VLOOKUP(B10,'Listes des charges'!$B$2:$F$449,2,FALSE)),"",VLOOKUP(B10,'Listes des charges'!$B$2:$F$449,2,FALSE)) -> 0 | E10: =IF(ISNA(VLOOKUP(B10,'Listes des charges'!$B$2:$F$449,4,FALSE)),"",VLOOKUP(B10,'Listes des charges'!$B$2:$F$449,4,FALSE)) -> 66 | F10: =IF(B10="","",IF(D10<>"",((D10*E10)/1000),IF(D10="",(E10*2/3)/$K$2))) -> 0.073333333 | H10: =IF(AND(F10>0,F10<>""),1,"") -> 1 | I10: % coût matières | L10: =L7/L5 -> #VALUE!
B11: Entretien des véhicules | C11: =IF(ISNA(VLOOKUP(B11,'Listes des charges'!$B$2:$F$449,2,FALSE)),"",VLOOKUP(B11,'Listes des charges'!$B$2:$F$449,2,FALSE)) -> 0 | E11: =IF(ISNA(VLOOKUP(B11,'Listes des charges'!$B$2:$F$449,4,FALSE)),"",VLOOKUP(B11,'Listes des charges'!$B$2:$F$449,4,FALSE)) -> 41.67 | F11: =IF(B11="","",IF(D11<>"",((D11*E11)/1000),IF(D11="",(E11*2/3)/$K$2))) -> 0.0463 | H11: =IF(AND(F11>0,F11<>""),1,"") -> 1 | I11: % Coût Charge indirectes | L11: =L6/L5 -> 0.74311957
B12: Electricité (locaux) | C12: =IF(ISNA(VLOOKUP(B12,'Listes des charges'!$B$2:$F$449,2,FALSE)),"",VLOOKUP(B12,'Listes des charges'!$B$2:$F$449,2,FALSE)) -> 0 | E12: =IF(ISNA(VLOOKUP(B12,'Listes des charges'!$B$2:$F$449,4,FALSE)),"",VLOOKUP(B12,'Listes des charges'!$B$2:$F$449,4,FALSE)) -> 125 | F12: =IF(B12="","",IF(D12<>"",((D12*E12)/1000),IF(D12="",(E12*2/3)/$K$2))) -> 0.13888889 | H12: =IF(AND(F12>0,F12<>""),1,"") -> 1 | I12: Prix de vente H.T. | L12: =L7*G2 -> #VALUE!
B13: Eau (locaux) | C13: =IF(ISNA(VLOOKUP(B13,'Listes des charges'!$B$2:$F$449,2,FALSE)),"",VLOOKUP(B13,'Listes des charges'!$B$2:$F$449,2,FALSE)) -> 0 | E13: =IF(ISNA(VLOOKUP(B13,'Listes des charges'!$B$2:$F$449,4,FALSE)),"",VLOOKUP(B13,'Listes des charges'!$B$2:$F$449,4,FALSE)) -> 83.33 | F13: =IF(B13="","",IF(D13<>"",((D13*E13)/1000),IF(D13="",(E13*2/3)/$K$2))) -> 0.092588889 | H13: =IF(AND(F13>0,F13<>""),1,"") -> 1 | I13: T.V.A. | L13: 0.1
B14: chauffage (locaux) | C14: =IF(ISNA(VLOOKUP(B14,'Listes des charges'!$B$2:$F$449,2,FALSE)),"",VLOOKUP(B14,'Listes des charges'!$B$2:$F$449,2,FALSE)) -> 0 | E14: =IF(ISNA(VLOOKUP(B14,'Listes des charges'!$B$2:$F$449,4,FALSE)),"",VLOOKUP(B14,'Listes des charges'!$B$2:$F$449,4,FALSE)) -> 41.67 | F14: =IF(B14="","",IF(D14<>"",((D14*E14)/1000),IF(D14="",(E14*2/3)/$K$2))) -> 0.0463 | H14: =IF(AND(F14>0,F14<>""),1,"") -> 1 | I14: Prix de vente T.T.C. selon Coef | L14: =L12+(L12*L13) -> #VALUE!
B15: Fournitures d'entretien | C15: =IF(ISNA(VLOOKUP(B15,'Listes des charges'!$B$2:$F$449,2,FALSE)),"",VLOOKUP(B15,'Listes des charges'!$B$2:$F$449,2,FALSE)) -> 0 | E15: =IF(ISNA(VLOOKUP(B15,'Listes des charges'!$B$2:$F$449,4,FALSE)),"",VLOOKUP(B15,'Listes des charges'!$B$2:$F$449,4,FALSE)) -> 41.67 | F15: =IF(B15="","",IF(D15<>"",((D15*E15)/1000),IF(D15="",(E15*2/3)/$K$2))) -> 0.0463 | H15: =IF(AND(F15>0,F15<>""),1,"") -> 1 | I15: Marge Brute Matière premieres | L15: =L5-L7 -> #VALUE!
B16: Fournitures administratives | C16: =IF(ISNA(VLOOKUP(B16,'Listes des charges'!$B$2:$F$449,2,FALSE)),"",VLOOKUP(B16,'Listes des charges'!$B$2:$F$449,2,FALSE)) -> 0 | E16: =IF(ISNA(VLOOKUP(B16,'Listes des charges'!$B$2:$F$449,4,FALSE)),"",VLOOKUP(B16,'Listes des charges'!$B$2:$F$449,4,FALSE)) -> 41.67 | F16: =IF(B16="","",IF(D16<>"",((D16*E16)/1000),IF(D16="",(E16*2/3)/$K$2))) -> 0.0463 | H16: =IF(AND(F16>0,F16<>""),1,"") -> 1 | I16: % MB Matières premières | L16: =L15/L5 -> #VALUE!
B17: Fournitures diverses | C17: =IF(ISNA(VLOOKUP(B17,'Listes des charges'!$B$2:$F$449,2,FALSE)),"",VLOOKUP(B17,'Listes des charges'!$B$2:$F$449,2,FALSE)) -> 0 | E17: =IF(ISNA(VLOOKUP(B17,'Listes des charges'!$B$2:$F$449,4,FALSE)),"",VLOOKUP(B17,'Listes des charges'!$B$2:$F$449,4,FALSE)) -> 41.67 | F17: =IF(B17="","",IF(D17<>"",((D17*E17)/1000),IF(D17="",(E17*2/3)/$K$2))) -> 0.0463 | H17: =IF(AND(F17>0,F17<>""),1,"") -> 1 | I17: Marge Brute Totale | L17: =L5-L8 -> #VALUE!
B18: Entretien (locaux, matériel) | C18: =IF(ISNA(VLOOKUP(B18,'Listes des charges'!$B$2:$F$449,2,FALSE)),"",VLOOKUP(B18,'Listes des charges'!$B$2:$F$449,2,FALSE)) -> 0 | E18: =IF(ISNA(VLOOKUP(B18,'Listes des charges'!$B$2:$F$449,4,FALSE)),"",VLOOKUP(B18,'Listes des charges'!$B$2:$F$449,4,FALSE)) -> 41.67 | F18: =IF(B18="","",IF(D18<>"",((D18*E18)/1000),IF(D18="",(E18*2/3)/$K$2))) -> 0.0463 | H18: =IF(AND(F18>0,F18<>""),1,"") -> 1 | I18: % de Marge brute Total | L18: =L17/L5 -> #VALUE!
B19: Téléphone | C19: =IF(ISNA(VLOOKUP(B19,'Listes des charges'!$B$2:$F$449,2,FALSE)),"",VLOOKUP(B19,'Listes des charges'!$B$2:$F$449,2,FALSE)) -> 0 | E19: =IF(ISNA(VLOOKUP(B19,'Listes des charges'!$B$2:$F$449,4,FALSE)),"",VLOOKUP(B19,'Listes des charges'!$B$2:$F$449,4,FALSE)) -> 41.67 | F19: =IF(B19="","",IF(D19<>"",((D19*E19)/1000),IF(D19="",(E19*2/3)/$K$2))) -> 0.0463 | H19: =IF(AND(F19>0,F19<>""),1,"") -> 1 | I19: Estimation bénéfice mensuel | L19: =L17*K2 -> #VALUE!
B20: Internet | C20: =IF(ISNA(VLOOKUP(B20,'Listes des charges'!$B$2:$F$449,2,FALSE)),"",VLOOKUP(B20,'Listes des charges'!$B$2:$F$449,2,FALSE)) -> 0 | E20: =IF(ISNA(VLOOKUP(B20,'Listes des charges'!$B$2:$F$449,4,FALSE)),"",VLOOKUP(B20,'Listes des charges'!$B$2:$F$449,4,FALSE)) -> 41.67 | F20: =IF(B20="","",IF(D20<>"",((D20*E20)/1000),IF(D20="",(E20*2/3)/$K$2))) -> 0.0463 | H20: =IF(AND(F20>0,F20<>""),1,"") -> 1 | I20: Bénéfice Annuel | L20: =L19*12 -> #VALUE!
B21: Publicité | C21: =IF(ISNA(VLOOKUP(B21,'Listes des charges'!$B$2:$F$449,2,FALSE)),"",VLOOKUP(B21,'Listes des charges'!$B$2:$F$449,2,FALSE)) -> 0 | E21: =IF(ISNA(VLOOKUP(B21,'Listes des charges'!$B$2:$F$449,4,FALSE)),"",VLOOKUP(B21,'Listes des charges'!$B$2:$F$449,4,FALSE)) -> 83.33 | F21: =IF(B21="","",IF(D21<>"",((D21*E21)/1000),IF(D21="",(E21*2/3)/$K$2))) -> 0.092588889 | H21: =IF(AND(F21>0,F21<>""),1,"") -> 1
B22: Rémunération du dirigeant | C22: =IF(ISNA(VLOOKUP(B22,'Listes des charges'!$B$2:$F$449,2,FALSE)),"",VLOOKUP(B22,'Listes des charges'!$B$2:$F$449,2,FALSE)) -> 0 | E22: =IF(ISNA(VLOOKUP(B22,'Listes des charges'!$B$2:$F$449,4,FALSE)),"",VLOOKUP(B22,'Listes des charges'!$B$2:$F$449,4,FALSE)) -> 1500 | F22: =IF(B22="","",IF(D22<>"",((D22*E22)/1000),IF(D22="",(E22*2/3)/$K$2))) -> 1.6666667 | H22: =IF(AND(F22>0,F22<>""),1,"") -> 1
B23: Cotisations sociales du dirigeant | C23: =IF(ISNA(VLOOKUP(B23,'Listes des charges'!$B$2:$F$449,2,FALSE)),"",VLOOKUP(B23,'Listes des charges'!$B$2:$F$449,2,FALSE)) -> 0 | E23: =IF(ISNA(VLOOKUP(B23,'Listes des charges'!$B$2:$F$449,4,FALSE)),"",VLOOKUP(B23,'Listes des charges'!$B$2:$F$449,4,FALSE)) -> 450.42 | F23: =IF(B23="","",IF(D23<>"",((D23*E23)/1000),IF(D23="",(E23*2/3)/$K$2))) -> 0.50046667 | H23: =IF(AND(F23>0,F23<>""),1,"") -> 1
B24: Dotation aux amortissements | C24: =IF(ISNA(VLOOKUP(B24,'Listes des charges'!$B$2:$F$449,2,FALSE)),"",VLOOKUP(B24,'Listes des charges'!$B$2:$F$449,2,FALSE)) -> 0 | E24: =IF(ISNA(VLOOKUP(B24,'Listes des charges'!$B$2:$F$449,4,FALSE)),"",VLOOKUP(B24,'Listes des charges'!$B$2:$F$449,4,FALSE)) -> 279.07 | F24: =IF(B24="","",IF(D24<>"",((D24*E24)/1000),IF(D24="",(E24*2/3)/$K$2))) -> 0.31007778 | H24: =IF(AND(F24>0,F24<>""),1,"") -> 1
B25: TVA | C25: =IF(ISNA(VLOOKUP(B25,'Listes des charges'!$B$2:$F$449,2,FALSE)),"",VLOOKUP(B25,'Listes des charges'!$B$2:$F$449,2,FALSE)) -> 0 | E25: =IF(ISNA(VLOOKUP(B25,'Listes des charges'!$B$2:$F$449,4,FALSE)),"",VLOOKUP(B25,'Listes des charges'!$B$2:$F$449,4,FALSE)) -> 1359.41 | F25: =IF(B25="","",IF(D25<>"",((D25*E25)/1000),IF(D25="",(E25*2/3)/$K$2))) -> 1.5104556 | H25: =IF(AND(F25>0,F25<>""),1,"") -> 1
C26: =IF(ISNA(VLOOKUP(B26,'Listes des charges'!$B$2:$F$449,2,FALSE)),"",VLOOKUP(B26,'Listes des charges'!$B$2:$F$449,2,FALSE)) | E26: =IF(ISNA(VLOOKUP(B26,'Listes des charges'!$B$2:$F$449,4,FALSE)),"",VLOOKUP(B26,'Listes des charges'!$B$2:$F$449,4,FALSE)) | F26: =IF(B26="","",IF(D26<>"",((D26*E26)/1000),IF(D26="",(E26*2/3)/$K$2))) | H26: =IF(AND(F26>0,F26<>""),1,"")
C27: =IF(ISNA(VLOOKUP(B27,'Listes des charges'!$B$2:$F$449,2,FALSE)),"",VLOOKUP(B27,'Listes des charges'!$B$2:$F$449,2,FALSE)) | E27: =IF(ISNA(VLOOKUP(B27,'Listes des charges'!$B$2:$F$449,4,FALSE)),"",VLOOKUP(B27,'Listes des charges'!$B$2:$F$449,4,FALSE)) | F27: =IF(B27="","",IF(D27<>"",((D27*E27)/1000),IF(D27="",(E27*2/3)/$K$2))) | H27: =IF(AND(F27>0,F27<>""),1,"")
C28: =IF(ISNA(VLOOKUP(B28,'Listes des charges'!$B$2:$F$449,2,FALSE)),"",VLOOKUP(B28,'Listes des charges'!$B$2:$F$449,2,FALSE)) | E28: =IF(ISNA(VLOOKUP(B28,'Listes des charges'!$B$2:$F$449,4,FALSE)),"",VLOOKUP(B28,'Listes des charges'!$B$2:$F$449,4,FALSE)) | F28: =IF(B28="","",IF(D28<>"",((D28*E28)/1000),IF(D28="",(E28*2/3)/$K$2))) | H28: =IF(AND(F28>0,F28<>""),1,"")
C29: =IF(ISNA(VLOOKUP(B29,'Listes des charges'!$B$2:$F$449,2,FALSE)),"",VLOOKUP(B29,'Listes des charges'!$B$2:$F$449,2,FALSE)) | E29: =IF(ISNA(VLOOKUP(B29,'Listes des charges'!$B$2:$F$449,4,FALSE)),"",VLOOKUP(B29,'Listes des charges'!$B$2:$F$449,4,FALSE)) | F29: =IF(B29="","",IF(D29<>"",((D29*E29)/1000),IF(D29="",(E29*2/3)/$K$2))) | H29: =IF(AND(F29>0,F29<>""),1,"")
C30: =IF(ISNA(VLOOKUP(B30,'Listes des charges'!$B$2:$F$449,2,FALSE)),"",VLOOKUP(B30,'Listes des charges'!$B$2:$F$449,2,FALSE)) | E30: =IF(ISNA(VLOOKUP(B30,'Listes des charges'!$B$2:$F$449,4,FALSE)),"",VLOOKUP(B30,'Listes des charges'!$B$2:$F$449,4,FALSE)) | F30: =IF(B30="","",IF(D30<>"",((D30*E30)/1000),IF(D30="",(E30*2/3)/$K$2))) | H30: =IF(AND(F30>0,F30<>""),1,"")
C31: =IF(ISNA(VLOOKUP(B31,'Listes des charges'!$B$2:$F$449,2,FALSE)),"",VLOOKUP(B31,'Listes des charges'!$B$2:$F$449,2,FALSE)) | E31: =IF(ISNA(VLOOKUP(B31,'Listes des charges'!$B$2:$F$449,4,FALSE)),"",VLOOKUP(B31,'Listes des charges'!$B$2:$F$449,4,FALSE)) | F31: =IF(B31="","",IF(D31<>"",((D31*E31)/1000),IF(D31="",(E31*2/3)/$K$2))) | H31: =IF(AND(F31>0,F31<>""),1,"")
C32: =IF(ISNA(VLOOKUP(B32,'Listes des charges'!$B$2:$F$449,2,FALSE)),"",VLOOKUP(B32,'Listes des charges'!$B$2:$F$449,2,FALSE)) | E32: =IF(ISNA(VLOOKUP(B32,'Listes des charges'!$B$2:$F$449,4,FALSE)),"",VLOOKUP(B32,'Listes des charges'!$B$2:$F$449,4,FALSE)) | F32: =IF(B32="","",IF(D32<>"",((D32*E32)/1000),IF(D32="",(E32*2/3)/$K$2))) | H32: =IF(AND(F32>0,F32<>""),1,"")
C33: =IF(ISNA(VLOOKUP(B33,'Listes des charges'!$B$2:$F$449,2,FALSE)),"",VLOOKUP(B33,'Listes des charges'!$B$2:$F$449,2,FALSE)) | E33: =IF(ISNA(VLOOKUP(B33,'Listes des charges'!$B$2:$F$449,4,FALSE)),"",VLOOKUP(B33,'Listes des charges'!$B$2:$F$449,4,FALSE)) | F33: =IF(B33="","",IF(D33<>"",((D33*E33)/1000),IF(D33="",(E33*2/3)/$K$2))) | H33: =IF(AND(F33>0,F33<>""),1,"")
C34: =IF(ISNA(VLOOKUP(B34,'Listes des charges'!$B$2:$F$449,2,FALSE)),"",VLOOKUP(B34,'Listes des charges'!$B$2:$F$449,2,FALSE)) | E34: =IF(ISNA(VLOOKUP(B34,'Listes des charges'!$B$2:$F$449,4,FALSE)),"",VLOOKUP(B34,'Listes des charges'!$B$2:$F$449,4,FALSE)) | F34: =IF(B34="","",IF(D34<>"",((D34*E34)/1000),IF(D34="",(E34*2/3)/$K$2))) | H34: =IF(AND(F34>0,F34<>""),1,"")
C35: =IF(ISNA(VLOOKUP(B35,'Listes des charges'!$B$2:$F$449,2,FALSE)),"",VLOOKUP(B35,'Listes des charges'!$B$2:$F$449,2,FALSE)) | E35: =IF(ISNA(VLOOKUP(B35,'Listes des charges'!$B$2:$F$449,4,FALSE)),"",VLOOKUP(B35,'Listes des charges'!$B$2:$F$449,4,FALSE)) | F35: =IF(B35="","",IF(D35<>"",((D35*E35)/1000),IF(D35="",(E35*2/3)/$K$2))) | H35: =IF(AND(F35>0,F35<>""),1,"")
C36: =IF(ISNA(VLOOKUP(B36,'Listes des charges'!$B$2:$F$449,2,FALSE)),"",VLOOKUP(B36,'Listes des charges'!$B$2:$F$449,2,FALSE)) | E36: =IF(ISNA(VLOOKUP(B36,'Listes des charges'!$B$2:$F$449,4,FALSE)),"",VLOOKUP(B36,'Listes des charges'!$B$2:$F$449,4,FALSE)) | F36: =IF(B36="","",IF(D36<>"",((D36*E36)/1000),IF(D36="",(E36*2/3)/$K$2))) | H36: =IF(AND(F36>0,F36<>""),1,"")
B37: Charges Mensuelles directes | H37: =IF(AND(F37>0,F37<>""),1,"")
B38: Paton | C38: =IF(ISNA(VLOOKUP(B38,'Listes des charges'!$B$2:$F$449,2,FALSE)),"",VLOOKUP(B38,'Listes des charges'!$B$2:$F$449,2,FALSE)) | E38: =IF(ISNA(VLOOKUP(B38,'Listes des charges'!$B$2:$F$449,4,FALSE)),"",VLOOKUP(B38,'Listes des charges'!$B$2:$F$449,4,FALSE)) | F38: =IF(B38="","",IF(D38<>"",((D38*E38)/1000),IF(D38="",(E38*2/3)/$K$2))) -> #VALUE! | H38: =IF(AND(F38>0,F38<>""),1,"") -> #VALUE!
B39: Farine | C39: =IF(ISNA(VLOOKUP(B39,'Listes des charges'!$B$2:$F$449,2,FALSE)),"",VLOOKUP(B39,'Listes des charges'!$B$2:$F$449,2,FALSE)) -> gr | D39: 166 | E39: =IF(ISNA(VLOOKUP(B39,'Listes des charges'!$B$2:$F$449,4,FALSE)),"",VLOOKUP(B39,'Listes des charges'!$B$2:$F$449,4,FALSE)) -> 3.88 | F39: =IF(B39="","",IF(D39<>"",((D39*E39)/1000),IF(D39="",(E39*2/3)/$K$2))) -> 0.64408 | H39: =IF(AND(F39>0,F39<>""),1,"") -> 1
B40: Levure en sachet | C40: =IF(ISNA(VLOOKUP(B40,'Listes des charges'!$B$2:$F$449,2,FALSE)),"",VLOOKUP(B40,'Listes des charges'!$B$2:$F$449,2,FALSE)) -> gr | D40: 1 | E40: =IF(ISNA(VLOOKUP(B40,'Listes des charges'!$B$2:$F$449,4,FALSE)),"",VLOOKUP(B40,'Listes des charges'!$B$2:$F$449,4,FALSE)) -> 69.8 | F40: =IF(B40="","",IF(D40<>"",((D40*E40)/1000),IF(D40="",(E40*2/3)/$K$2))) -> 0.0698 | H40: =IF(AND(F40>0,F40<>""),1,"") -> 1
B41: Levure boulangère | C41: =IF(ISNA(VLOOKUP(B41,'Listes des charges'!$B$2:$F$449,2,FALSE)),"",VLOOKUP(B41,'Listes des charges'!$B$2:$F$449,2,FALSE)) -> gr | D41: 3 | E41: =IF(ISNA(VLOOKUP(B41,'Listes des charges'!$B$2:$F$449,4,FALSE)),"",VLOOKUP(B41,'Listes des charges'!$B$2:$F$449,4,FALSE)) -> 14.51 | F41: =IF(B41="","",IF(D41<>"",((D41*E41)/1000),IF(D41="",(E41*2/3)/$K$2))) -> 0.04353 | H41: =IF(AND(F41>0,F41<>""),1,"") -> 1
B42: Eau | C42: =IF(ISNA(VLOOKUP(B42,'Listes des charges'!$B$2:$F$449,2,FALSE)),"",VLOOKUP(B42,'Listes des charges'!$B$2:$F$449,2,FALSE)) -> gr | D42: 0.1 | E42: =IF(ISNA(VLOOKUP(B42,'Listes des charges'!$B$2:$F$449,4,FALSE)),"",VLOOKUP(B42,'Listes des charges'!$B$2:$F$449,4,FALSE)) -> 0 | F42: =IF(B42="","",IF(D42<>"",((D42*E42)/1000),IF(D42="",(E42*2/3)/$K$2))) -> 0 | H42: =IF(AND(F42>0,F42<>""),1,"")
B43: Sel | C43: =IF(ISNA(VLOOKUP(B43,'Listes des charges'!$B$2:$F$449,2,FALSE)),"",VLOOKUP(B43,'Listes des charges'!$B$2:$F$449,2,FALSE)) -> gr | D43: 4.2 | E43: =IF(ISNA(VLOOKUP(B43,'Listes des charges'!$B$2:$F$449,4,FALSE)),"",VLOOKUP(B43,'Listes des charges'!$B$2:$F$449,4,FALSE)) -> 0 | F43: =IF(B43="","",IF(D43<>"",((D43*E43)/1000),IF(D43="",(E43*2/3)/$K$2))) -> 0 | H43: =IF(AND(F43>0,F43<>""),1,"")
B44: Garnitures | C44: =IF(ISNA(VLOOKUP(B44,'Listes des charges'!$B$2:$F$449,2,FALSE)),"",VLOOKUP(B44,'Listes des charges'!$B$2:$F$449,2,FALSE)) -> 0 | E44: =IF(ISNA(VLOOKUP(B44,'Listes des charges'!$B$2:$F$449,4,FALSE)),"",VLOOKUP(B44,'Listes des charges'!$B$2:$F$449,4,FALSE)) -> 0 | F44: =IF(B44="","",IF(D44<>"",((D44*E44)/1000),IF(D44="",(E44*2/3)/$K$2))) -> 0 | H44: =IF(AND(F44>0,F44<>""),1,"")
B45: Coulis de Tomate fraiches | C45: =IF(ISNA(VLOOKUP(B45,'Listes des charges'!$B$2:$F$449,2,FALSE)),"",VLOOKUP(B45,'Listes des charges'!$B$2:$F$449,2,FALSE)) -> gr | D45: 25 | E45: =IF(ISNA(VLOOKUP(B45,'Listes des charges'!$B$2:$F$449,4,FALSE)),"",VLOOKUP(B45,'Listes des charges'!$B$2:$F$449,4,FALSE)) -> 2.14 | F45: =IF(B45="","",IF(D45<>"",((D45*E45)/1000),IF(D45="",(E45*2/3)/$K$2))) -> 0.0535 | H45: =IF(AND(F45>0,F45<>""),1,"") -> 1
B46: Mozzarella | C46: =IF(ISNA(VLOOKUP(B46,'Listes des charges'!$B$2:$F$449,2,FALSE)),"",VLOOKUP(B46,'Listes des charges'!$B$2:$F$449,2,FALSE)) -> gr | D46: 100 | E46: =IF(ISNA(VLOOKUP(B46,'Listes des charges'!$B$2:$F$449,4,FALSE)),"",VLOOKUP(B46,'Listes des charges'!$B$2:$F$449,4,FALSE)) -> 8.4 | F46: =IF(B46="","",IF(D46<>"",((D46*E46)/1000),IF(D46="",(E46*2/3)/$K$2))) -> 0.84 | H46: =IF(AND(F46>0,F46<>""),1,"") -> 1
B47: Olives Noires | C47: =IF(ISNA(VLOOKUP(B47,'Listes des charges'!$B$2:$F$449,2,FALSE)),"",VLOOKUP(B47,'Listes des charges'!$B$2:$F$449,2,FALSE)) -> gr | D47: 50 | E47: =IF(ISNA(VLOOKUP(B47,'Listes des charges'!$B$2:$F$449,4,FALSE)),"",VLOOKUP(B47,'Listes des charges'!$B$2:$F$449,4,FALSE)) -> 4.1 | F47: =IF(B47="","",IF(D47<>"",((D47*E47)/1000),IF(D47="",(E47*2/3)/$K$2))) -> 0.205 | H47: =IF(AND(F47>0,F47<>""),1,"") -> 1
B48: JAMBON A L'OS CUIT SANS DÉCOR (8 Kg) | C48: =IF(ISNA(VLOOKUP(B48,'Listes des charges'!$B$2:$F$449,2,FALSE)),"",VLOOKUP(B48,'Listes des charges'!$B$2:$F$449,2,FALSE)) -> gr | D48: 80 | E48: =IF(ISNA(VLOOKUP(B48,'Listes des charges'!$B$2:$F$449,4,FALSE)),"",VLOOKUP(B48,'Listes des charges'!$B$2:$F$449,4,FALSE)) -> 9.8 | F48: =IF(B48="","",IF(D48<>"",((D48*E48)/1000),IF(D48="",(E48*2/3)/$K$2))) -> 0.784 | H48: =IF(AND(F48>0,F48<>""),1,"") -> 1
C49: =IF(ISNA(VLOOKUP(B49,'Listes des charges'!$B$2:$F$449,2,FALSE)),"",VLOOKUP(B49,'Listes des charges'!$B$2:$F$449,2,FALSE)) | E49: =IF(ISNA(VLOOKUP(B49,'Listes des charges'!$B$2:$F$449,4,FALSE)),"",VLOOKUP(B49,'Listes des charges'!$B$2:$F$449,4,FALSE)) | F49: =IF(B49="","",IF(D49<>"",((D49*E49)/1000),IF(D49="",(E49*2/3)/$K$2))) | H49: =IF(AND(F49>0,F49<>""),1,"")
C50: =IF(ISNA(VLOOKUP(B50,'Listes des charges'!$B$2:$F$449,2,FALSE)),"",VLOOKUP(B50,'Listes des charges'!$B$2:$F$449,2,FALSE)) | E50: =IF(ISNA(VLOOKUP(B50,'Listes des charges'!$B$2:$F$449,4,FALSE)),"",VLOOKUP(B50,'Listes des charges'!$B$2:$F$449,4,FALSE)) | F50: =IF(B50="","",IF(D50<>"",((D50*E50)/1000),IF(D50="",(E50*2/3)/$K$2))) | H50: =IF(AND(F50>0,F50<>""),1,"")
C51: =IF(ISNA(VLOOKUP(B51,'Listes des charges'!$B$2:$F$449,2,FALSE)),"",VLOOKUP(B51,'Listes des charges'!$B$2:$F$449,2,FALSE)) | E51: =IF(ISNA(VLOOKUP(B51,'Listes des charges'!$B$2:$F$449,4,FALSE)),"",VLOOKUP(B51,'Listes des charges'!$B$2:$F$449,4,FALSE)) | F51: =IF(B51="","",IF(D51<>"",((D51*E51)/1000),IF(D51="",(E51*2/3)/$K$2))) | H51: =IF(AND(F51>0,F51<>""),1,"")
C52: =IF(ISNA(VLOOKUP(B52,'Listes des charges'!$B$2:$F$449,2,FALSE)),"",VLOOKUP(B52,'Listes des charges'!$B$2:$F$449,2,FALSE)) | E52: =IF(ISNA(VLOOKUP(B52,'Listes des charges'!$B$2:$F$449,4,FALSE)),"",VLOOKUP(B52,'Listes des charges'!$B$2:$F$449,4,FALSE)) | F52: =IF(B52="","",IF(D52<>"",((D52*E52)/1000),IF(D52="",(E52*2/3)/$K$2))) | H52: =IF(AND(F52>0,F52<>""),1,"")
C53: =IF(ISNA(VLOOKUP(B53,'Listes des charges'!$B$2:$F$449,2,FALSE)),"",VLOOKUP(B53,'Listes des charges'!$B$2:$F$449,2,FALSE)) | E53: =IF(ISNA(VLOOKUP(B53,'Listes des charges'!$B$2:$F$449,4,FALSE)),"",VLOOKUP(B53,'Listes des charges'!$B$2:$F$449,4,FALSE)) | F53: =IF(B53="","",IF(D53<>"",((D53*E53)/1000),IF(D53="",(E53*2/3)/$K$2))) | H53: =IF(AND(F53>0,F53<>""),1,"")
C54: =IF(ISNA(VLOOKUP(B54,'Listes des charges'!$B$2:$F$449,2,FALSE)),"",VLOOKUP(B54,'Listes des charges'!$B$2:$F$449,2,FALSE)) | E54: =IF(ISNA(VLOOKUP(B54,'Listes des charges'!$B$2:$F$449,4,FALSE)),"",VLOOKUP(B54,'Listes des charges'!$B$2:$F$449,4,FALSE)) | F54: =IF(B54="","",IF(D54<>"",((D54*E54)/1000),IF(D54="",(E54*2/3)/$K$2))) | H54: =IF(AND(F54>0,F54<>""),1,"")
C55: =IF(ISNA(VLOOKUP(B55,'Listes des charges'!$B$2:$F$449,2,FALSE)),"",VLOOKUP(B55,'Listes des charges'!$B$2:$F$449,2,FALSE)) | E55: =IF(ISNA(VLOOKUP(B55,'Listes des charges'!$B$2:$F$449,4,FALSE)),"",VLOOKUP(B55,'Listes des charges'!$B$2:$F$449,4,FALSE)) | F55: =IF(B55="","",IF(D55<>"",((D55*E55)/1000),IF(D55="",(E55*2/3)/$K$2))) | H55: =IF(AND(F55>0,F55<>""),1,"")
C56: =IF(ISNA(VLOOKUP(B56,'Listes des charges'!$B$2:$F$449,2,FALSE)),"",VLOOKUP(B56,'Listes des charges'!$B$2:$F$449,2,FALSE)) | E56: =IF(ISNA(VLOOKUP(B56,'Listes des charges'!$B$2:$F$449,4,FALSE)),"",VLOOKUP(B56,'Listes des charges'!$B$2:$F$449,4,FALSE)) | F56: =IF(B56="","",IF(D56<>"",((D56*E56)/1000),IF(D56="",(E56*2/3)/$K$2))) | H56: =IF(AND(F56>0,F56<>""),1,"")
C57: =IF(ISNA(VLOOKUP(B57,'Listes des charges'!$B$2:$F$449,2,FALSE)),"",VLOOKUP(B57,'Listes des charges'!$B$2:$F$449,2,FALSE)) | E57: =IF(ISNA(VLOOKUP(B57,'Listes des charges'!$B$2:$F$449,4,FALSE)),"",VLOOKUP(B57,'Listes des charges'!$B$2:$F$449,4,FALSE)) | F57: =IF(B57="","",IF(D57<>"",((D57*E57)/1000),IF(D57="",(E57*2/3)/$K$2))) | H57: =IF(AND(F57>0,F57<>""),1,"")

Sheet 3
B2: Nom | C2: ='Sommaire des pizzas'!C4 -> Calzone : | F2: Coefficient | G2: 5 | I2: NB de pizzas vendues Mensuels | K2: 600
B3: MAJ Le : | C3: 42461 | F3: Fraction Charges indirectes | G3: 0.5
B5: Charges directes et indirectes | C5: Unités | D5: Quantité | E5: Prix d'achat HT/ Coût Mensuel | F5: Prix de revient | G5: Observations | I5: Prix de vente Proposé | L5: 9.5
B6: Charges Mensuelles indirecte | H6: =IF(AND(F6>0,F6<>""),1,"") | I6: Prix de revient Charges indirectes | L6: =SUM(F6:F36) -> 6.6880761
B7: Emballages et conditionnement | C7: =IF(ISNA(VLOOKUP(B7,'Listes des charges'!$B$2:$F$449,2,FALSE)),"",VLOOKUP(B7,'Listes des charges'!$B$2:$F$449,2,FALSE)) -> 0 | E7: =IF(ISNA(VLOOKUP(B7,'Listes des charges'!$B$2:$F$449,4,FALSE)),"",VLOOKUP(B7,'Listes des charges'!$B$2:$F$449,4,FALSE)) -> 83.33 | F7: =IF(B7="","",IF(D7<>"",((D7*E7)/1000),IF(D7="",(E7*2/3)/$K$2))) -> 0.092588889 | H7: =IF(AND(F7>0,F7<>""),1,"") -> 1 | I7: Prix de revient Matières premières | L7: =SUM(F37:F80) -> #VALUE!
B8: Achats de marchandises TTC | C8: =IF(ISNA(VLOOKUP(B8,'Listes des charges'!$B$2:$F$449,2,FALSE)),"",VLOOKUP(B8,'Listes des charges'!$B$2:$F$449,2,FALSE)) -> 0 | E8: =IF(ISNA(VLOOKUP(B8,'Listes des charges'!$B$2:$F$449,4,FALSE)),"",VLOOKUP(B8,'Listes des charges'!$B$2:$F$449,4,FALSE)) -> 956.01852 | F8: =IF(B8="","",IF(D8<>"",((D8*E8)/1000),IF(D8="",(E8*2/3)/$K$2))) -> 1.0622428 | H8: =IF(AND(F8>0,F8<>""),1,"") -> 1 | I8: Prix de revient total | L8: =L6+L7 -> #VALUE!
B9: Loyers et charges locatives | C9: =IF(ISNA(VLOOKUP(B9,'Listes des charges'!$B$2:$F$449,2,FALSE)),"",VLOOKUP(B9,'Listes des charges'!$B$2:$F$449,2,FALSE)) -> 0 | E9: =IF(ISNA(VLOOKUP(B9,'Listes des charges'!$B$2:$F$449,4,FALSE)),"",VLOOKUP(B9,'Listes des charges'!$B$2:$F$449,4,FALSE)) -> 700 | F9: =IF(B9="","",IF(D9<>"",((D9*E9)/1000),IF(D9="",(E9*2/3)/$K$2))) -> 0.77777778 | H9: =IF(AND(F9>0,F9<>""),1,"") -> 1 | I9: Prix de revient unitaire | L9: =AVERAGE(F:F) -> #VALUE!
B10: Assurances véhicules et autres | C10: =IF(ISNA(VLOOKUP(B10,'Listes des charges'!$B$2:$F$449,2,FALSE)),"",VLOOKUP(B10,'Listes des charges'!$B$2:$F$449,2,FALSE)) -> 0 | E10: =IF(ISNA(VLOOKUP(B10,'Listes des charges'!$B$2:$F$449,4,FALSE)),"",VLOOKUP(B10,'Listes des charges'!$B$2:$F$449,4,FALSE)) -> 66 | F10: =IF(B10="","",IF(D10<>"",((D10*E10)/1000),IF(D10="",(E10*2/3)/$K$2))) -> 0.073333333 | H10: =IF(AND(F10>0,F10<>""),1,"") -> 1 | I10: % coût matières | L10: =L7/L5 -> #VALUE!
B11: Entretien des véhicules | C11: =IF(ISNA(VLOOKUP(B11,'Listes des charges'!$B$2:$F$449,2,FALSE)),"",VLOOKUP(B11,'Listes des charges'!$B$2:$F$449,2,FALSE)) -> 0 | E11: =IF(ISNA(VLOOKUP(B11,'Listes des charges'!$B$2:$F$449,4,FALSE)),"",VLOOKUP(B11,'Listes des charges'!$B$2:$F$449,4,FALSE)) -> 41.67 | F11: =IF(B11="","",IF(D11<>"",((D11*E11)/1000),IF(D11="",(E11*2/3)/$K$2))) -> 0.0463 | H11: =IF(AND(F11>0,F11<>""),1,"") -> 1 | I11: % Coût Charge indirectes | L11: =L6/L5 -> 0.70400801
B12: Electricité (locaux) | C12: =IF(ISNA(VLOOKUP(B12,'Listes des charges'!$B$2:$F$449,2,FALSE)),"",VLOOKUP(B12,'Listes des charges'!$B$2:$F$449,2,FALSE)) -> 0 | E12: =IF(ISNA(VLOOKUP(B12,'Listes des charges'!$B$2:$F$449,4,FALSE)),"",VLOOKUP(B12,'Listes des charges'!$B$2:$F$449,4,FALSE)) -> 125 | F12: =IF(B12="","",IF(D12<>"",((D12*E12)/1000),IF(D12="",(E12*2/3)/$K$2))) -> 0.13888889 | H12: =IF(AND(F12>0,F12<>""),1,"") -> 1 | I12: Prix de vente H.T. | L12: =L7*G2 -> #VALUE!
B13: Eau (locaux) | C13: =IF(ISNA(VLOOKUP(B13,'Listes des charges'!$B$2:$F$449,2,FALSE)),"",VLOOKUP(B13,'Listes des charges'!$B$2:$F$449,2,FALSE)) -> 0 | E13: =IF(ISNA(VLOOKUP(B13,'Listes des charges'!$B$2:$F$449,4,FALSE)),"",VLOOKUP(B13,'Listes des charges'!$B$2:$F$449,4,FALSE)) -> 83.33 | F13: =IF(B13="","",IF(D13<>"",((D13*E13)/1000),IF(D13="",(E13*2/3)/$K$2))) -> 0.092588889 | H13: =IF(AND(F13>0,F13<>""),1,"") -> 1 | I13: T.V.A. | L13: 0.1
B14: chauffage (locaux) | C14: =IF(ISNA(VLOOKUP(B14,'Listes des charges'!$B$2:$F$449,2,FALSE)),"",VLOOKUP(B14,'Listes des charges'!$B$2:$F$449,2,FALSE)) -> 0 | E14: =IF(ISNA(VLOOKUP(B14,'Listes des charges'!$B$2:$F$449,4,FALSE)),"",VLOOKUP(B14,'Listes des charges'!$B$2:$F$449,4,FALSE)) -> 41.67 | F14: =IF(B14="","",IF(D14<>"",((D14*E14)/1000),IF(D14="",(E14*2/3)/$K$2))) -> 0.0463 | H14: =IF(AND(F14>0,F14<>""),1,"") -> 1 | I14: Prix de vente T.T.C. selon Coef | L14: =L12+(L12*L13) -> #VALUE!
B15: Fournitures d'entretien | C15: =IF(ISNA(VLOOKUP(B15,'Listes des charges'!$B$2:$F$449,2,FALSE)),"",VLOOKUP(B15,'Listes des charges'!$B$2:$F$449,2,FALSE)) -> 0 | E15: =IF(ISNA(VLOOKUP(B15,'Listes des charges'!$B$2:$F$449,4,FALSE)),"",VLOOKUP(B15,'Listes des charges'!$B$2:$F$449,4,FALSE)) -> 41.67 | F15: =IF(B15="","",IF(D15<>"",((D15*E15)/1000),IF(D15="",(E15*2/3)/$K$2))) -> 0.0463 | H15: =IF(AND(F15>0,F15<>""),1,"") -> 1 | I15: Marge Brute Matière premieres | L15: =L5-L7 -> #VALUE!
B16: Fournitures administratives | C16: =IF(ISNA(VLOOKUP(B16,'Listes des charges'!$B$2:$F$449,2,FALSE)),"",VLOOKUP(B16,'Listes des charges'!$B$2:$F$449,2,FALSE)) -> 0 | E16: =IF(ISNA(VLOOKUP(B16,'Listes des charges'!$B$2:$F$449,4,FALSE)),"",VLOOKUP(B16,'Listes des charges'!$B$2:$F$449,4,FALSE)) -> 41.67 | F16: =IF(B16="","",IF(D16<>"",((D16*E16)/1000),IF(D16="",(E16*2/3)/$K$2))) -> 0.0463 | H16: =IF(AND(F16>0,F16<>""),1,"") -> 1 | I16: % MB Matières premières | L16: =L15/L5 -> #VALUE!
B17: Fournitures diverses | C17: =IF(ISNA(VLOOKUP(B17,'Listes des charges'!$B$2:$F$449,2,FALSE)),"",VLOOKUP(B17,'Listes des charges'!$B$2:$F$449,2,FALSE)) -> 0 | E17: =IF(ISNA(VLOOKUP(B17,'Listes des charges'!$B$2:$F$449,4,FALSE)),"",VLOOKUP(B17,'Listes des charges'!$B$2:$F$449,4,FALSE)) -> 41.67 | F17: =IF(B17="","",IF(D17<>"",((D17*E17)/1000),IF(D17="",(E17*2/3)/$K$2))) -> 0.0463 | H17: =IF(AND(F17>0,F17<>""),1,"") -> 1 | I17: Marge Brute Totale | L17: =L5-L8 -> #VALUE!
B18: Entretien (locaux, matériel) | C18: =IF(ISNA(VLOOKUP(B18,'Listes des charges'!$B$2:$F$449,2,FALSE)),"",VLOOKUP(B18,'Listes des charges'!$B$2:$F$449,2,FALSE)) -> 0 | E18: =IF(ISNA(VLOOKUP(B18,'Listes des charges'!$B$2:$F$449,4,FALSE)),"",VLOOKUP(B18,'Listes des charges'!$B$2:$F$449,4,FALSE)) -> 41.67 | F18: =IF(B18="","",IF(D18<>"",((D18*E18)/1000),IF(D18="",(E18*2/3)/$K$2))) -> 0.0463 | H18: =IF(AND(F18>0,F18<>""),1,"") -> 1 | I18: % de Marge brute Total | L18: =L17/L5 -> #VALUE!
B19: Téléphone | C19: =IF(ISNA(VLOOKUP(B19,'Listes des charges'!$B$2:$F$449,2,FALSE)),"",VLOOKUP(B19,'Listes des charges'!$B$2:$F$449,2,FALSE)) -> 0 | E19: =IF(ISNA(VLOOKUP(B19,'Listes des charges'!$B$2:$F$449,4,FALSE)),"",VLOOKUP(B19,'Listes des charges'!$B$2:$F$449,4,FALSE)) -> 41.67 | F19: =IF(B19="","",IF(D19<>"",((D19*E19)/1000),IF(D19="",(E19*2/3)/$K$2))) -> 0.0463 | H19: =IF(AND(F19>0,F19<>""),1,"") -> 1 | I19: Estimation bénéfice mensuel | L19: =L17*K2 -> #VALUE!
B20: Internet | C20: =IF(ISNA(VLOOKUP(B20,'Listes des charges'!$B$2:$F$449,2,FALSE)),"",VLOOKUP(B20,'Listes des charges'!$B$2:$F$449,2,FALSE)) -> 0 | E20: =IF(ISNA(VLOOKUP(B20,'Listes des charges'!$B$2:$F$449,4,FALSE)),"",VLOOKUP(B20,'Listes des charges'!$B$2:$F$449,4,FALSE)) -> 41.67 | F20: =IF(B20="","",IF(D20<>"",((D20*E20)/1000),IF(D20="",(E20*2/3)/$K$2))) -> 0.0463 | H20: =IF(AND(F20>0,F20<>""),1,"") -> 1 | I20: Bénéfice Annuel | L20: =L19*12 -> #VALUE!
B21: Publicité | C21: =IF(ISNA(VLOOKUP(B21,'Listes des charges'!$B$2:$F$449,2,FALSE)),"",VLOOKUP(B21,'Listes des charges'!$B$2:$F$449,2,FALSE)) -> 0 | E21: =IF(ISNA(VLOOKUP(B21,'Listes des charges'!$B$2:$F$449,4,FALSE)),"",VLOOKUP(B21,'Listes des charges'!$B$2:$F$449,4,FALSE)) -> 83.33 | F21: =IF(B21="","",IF(D21<>"",((D21*E21)/1000),IF(D21="",(E21*2/3)/$K$2))) -> 0.092588889 | H21: =IF(AND(F21>0,F21<>""),1,"") -> 1
B22: Rémunération du dirigeant | C22: =IF(ISNA(VLOOKUP(B22,'Listes des charges'!$B$2:$F$449,2,FALSE)),"",VLOOKUP(B22,'Listes des charges'!$B$2:$F$449,2,FALSE)) -> 0 | E22: =IF(ISNA(VLOOKUP(B22,'Listes des charges'!$B$2:$F$449,4,FALSE)),"",VLOOKUP(B22,'Listes des charges'!$B$2:$F$449,4,FALSE)) -> 1500 | F22: =IF(B22="","",IF(D22<>"",((D22*E22)/1000),IF(D22="",(E22*2/3)/$K$2))) -> 1.6666667 | H22: =IF(AND(F22>0,F22<>""),1,"") -> 1
B23: Cotisations sociales du dirigeant | C23: =IF(ISNA(VLOOKUP(B23,'Listes des charges'!$B$2:$F$449,2,FALSE)),"",VLOOKUP(B23,'Listes des charges'!$B$2:$F$449,2,FALSE)) -> 0 | E23: =IF(ISNA(VLOOKUP(B23,'Listes des charges'!$B$2:$F$449,4,FALSE)),"",VLOOKUP(B23,'Listes des charges'!$B$2:$F$449,4,FALSE)) -> 450.42 | F23: =IF(B23="","",IF(D23<>"",((D23*E23)/1000),IF(D23="",(E23*2/3)/$K$2))) -> 0.50046667 | H23: =IF(AND(F23>0,F23<>""),1,"") -> 1
B24: Dotation aux amortissements | C24: =IF(ISNA(VLOOKUP(B24,'Listes des charges'!$B$2:$F$449,2,FALSE)),"",VLOOKUP(B24,'Listes des charges'!$B$2:$F$449,2,FALSE)) -> 0 | E24: =IF(ISNA(VLOOKUP(B24,'Listes des charges'!$B$2:$F$449,4,FALSE)),"",VLOOKUP(B24,'Listes des charges'!$B$2:$F$449,4,FALSE)) -> 279.07 | F24: =IF(B24="","",IF(D24<>"",((D24*E24)/1000),IF(D24="",(E24*2/3)/$K$2))) -> 0.31007778 | H24: =IF(AND(F24>0,F24<>""),1,"") -> 1
B25: TVA | C25: =IF(ISNA(VLOOKUP(B25,'Listes des charges'!$B$2:$F$449,2,FALSE)),"",VLOOKUP(B25,'Listes des charges'!$B$2:$F$449,2,FALSE)) -> 0 | E25: =IF(ISNA(VLOOKUP(B25,'Listes des charges'!$B$2:$F$449,4,FALSE)),"",VLOOKUP(B25,'Listes des charges'!$B$2:$F$449,4,FALSE)) -> 1359.41 | F25: =IF(B25="","",IF(D25<>"",((D25*E25)/1000),IF(D25="",(E25*2/3)/$K$2))) -> 1.5104556 | H25: =IF(AND(F25>0,F25<>""),1,"") -> 1
C26: =IF(ISNA(VLOOKUP(B26,'Listes des charges'!$B$2:$F$449,2,FALSE)),"",VLOOKUP(B26,'Listes des charges'!$B$2:$F$449,2,FALSE)) | E26: =IF(ISNA(VLOOKUP(B26,'Listes des charges'!$B$2:$F$449,4,FALSE)),"",VLOOKUP(B26,'Listes des charges'!$B$2:$F$449,4,FALSE)) | F26: =IF(B26="","",IF(D26<>"",((D26*E26)/1000),IF(D26="",(E26*2/3)/$K$2))) | H26: =IF(AND(F26>0,F26<>""),1,"")
C27: =IF(ISNA(VLOOKUP(B27,'Listes des charges'!$B$2:$F$449,2,FALSE)),"",VLOOKUP(B27,'Listes des charges'!$B$2:$F$449,2,FALSE)) | E27: =IF(ISNA(VLOOKUP(B27,'Listes des charges'!$B$2:$F$449,4,FALSE)),"",VLOOKUP(B27,'Listes des charges'!$B$2:$F$449,4,FALSE)) | F27: =IF(B27="","",IF(D27<>"",((D27*E27)/1000),IF(D27="",(E27*2/3)/$K$2))) | H27: =IF(AND(F27>0,F27<>""),1,"")
C28: =IF(ISNA(VLOOKUP(B28,'Listes des charges'!$B$2:$F$449,2,FALSE)),"",VLOOKUP(B28,'Listes des charges'!$B$2:$F$449,2,FALSE)) | E28: =IF(ISNA(VLOOKUP(B28,'Listes des charges'!$B$2:$F$449,4,FALSE)),"",VLOOKUP(B28,'Listes des charges'!$B$2:$F$449,4,FALSE)) | F28: =IF(B28="","",IF(D28<>"",((D28*E28)/1000),IF(D28="",(E28*2/3)/$K$2))) | H28: =IF(AND(F28>0,F28<>""),1,"")
C29: =IF(ISNA(VLOOKUP(B29,'Listes des charges'!$B$2:$F$449,2,FALSE)),"",VLOOKUP(B29,'Listes des charges'!$B$2:$F$449,2,FALSE)) | E29: =IF(ISNA(VLOOKUP(B29,'Listes des charges'!$B$2:$F$449,4,FALSE)),"",VLOOKUP(B29,'Listes des charges'!$B$2:$F$449,4,FALSE)) | F29: =IF(B29="","",IF(D29<>"",((D29*E29)/1000),IF(D29="",(E29*2/3)/$K$2))) | H29: =IF(AND(F29>0,F29<>""),1,"")
C30: =IF(ISNA(VLOOKUP(B30,'Listes des charges'!$B$2:$F$449,2,FALSE)),"",VLOOKUP(B30,'Listes des charges'!$B$2:$F$449,2,FALSE)) | E30: =IF(ISNA(VLOOKUP(B30,'Listes des charges'!$B$2:$F$449,4,FALSE)),"",VLOOKUP(B30,'Listes des charges'!$B$2:$F$449,4,FALSE)) | F30: =IF(B30="","",IF(D30<>"",((D30*E30)/1000),IF(D30="",(E30*2/3)/$K$2))) | H30: =IF(AND(F30>0,F30<>""),1,"")
C31: =IF(ISNA(VLOOKUP(B31,'Listes des charges'!$B$2:$F$449,2,FALSE)),"",VLOOKUP(B31,'Listes des charges'!$B$2:$F$449,2,FALSE)) | E31: =IF(ISNA(VLOOKUP(B31,'Listes des charges'!$B$2:$F$449,4,FALSE)),"",VLOOKUP(B31,'Listes des charges'!$B$2:$F$449,4,FALSE)) | F31: =IF(B31="","",IF(D31<>"",((D31*E31)/1000),IF(D31="",(E31*2/3)/$K$2))) | H31: =IF(AND(F31>0,F31<>""),1,"")
C32: =IF(ISNA(VLOOKUP(B32,'Listes des charges'!$B$2:$F$449,2,FALSE)),"",VLOOKUP(B32,'Listes des charges'!$B$2:$F$449,2,FALSE)) | E32: =IF(ISNA(VLOOKUP(B32,'Listes des charges'!$B$2:$F$449,4,FALSE)),"",VLOOKUP(B32,'Listes des charges'!$B$2:$F$449,4,FALSE)) | F32: =IF(B32="","",IF(D32<>"",((D32*E32)/1000),IF(D32="",(E32*2/3)/$K$2))) | H32: =IF(AND(F32>0,F32<>""),1,"")
C33: =IF(ISNA(VLOOKUP(B33,'Listes des charges'!$B$2:$F$449,2,FALSE)),"",VLOOKUP(B33,'Listes des charges'!$B$2:$F$449,2,FALSE)) | E33: =IF(ISNA(VLOOKUP(B33,'Listes des charges'!$B$2:$F$449,4,FALSE)),"",VLOOKUP(B33,'Listes des charges'!$B$2:$F$449,4,FALSE)) | F33: =IF(B33="","",IF(D33<>"",((D33*E33)/1000),IF(D33="",(E33*2/3)/$K$2))) | H33: =IF(AND(F33>0,F33<>""),1,"")
C34: =IF(ISNA(VLOOKUP(B34,'Listes des charges'!$B$2:$F$449,2,FALSE)),"",VLOOKUP(B34,'Listes des charges'!$B$2:$F$449,2,FALSE)) | E34: =IF(ISNA(VLOOKUP(B34,'Listes des charges'!$B$2:$F$449,4,FALSE)),"",VLOOKUP(B34,'Listes des charges'!$B$2:$F$449,4,FALSE)) | F34: =IF(B34="","",IF(D34<>"",((D34*E34)/1000),IF(D34="",(E34*2/3)/$K$2))) | H34: =IF(AND(F34>0,F34<>""),1,"")
C35: =IF(ISNA(VLOOKUP(B35,'Listes des charges'!$B$2:$F$449,2,FALSE)),"",VLOOKUP(B35,'Listes des charges'!$B$2:$F$449,2,FALSE)) | E35: =IF(ISNA(VLOOKUP(B35,'Listes des charges'!$B$2:$F$449,4,FALSE)),"",VLOOKUP(B35,'Listes des charges'!$B$2:$F$449,4,FALSE)) | F35: =IF(B35="","",IF(D35<>"",((D35*E35)/1000),IF(D35="",(E35*2/3)/$K$2))) | H35: =IF(AND(F35>0,F35<>""),1,"")
C36: =IF(ISNA(VLOOKUP(B36,'Listes des charges'!$B$2:$F$449,2,FALSE)),"",VLOOKUP(B36,'Listes des charges'!$B$2:$F$449,2,FALSE)) | E36: =IF(ISNA(VLOOKUP(B36,'Listes des charges'!$B$2:$F$449,4,FALSE)),"",VLOOKUP(B36,'Listes des charges'!$B$2:$F$449,4,FALSE)) | F36: =IF(B36="","",IF(D36<>"",((D36*E36)/1000),IF(D36="",(E36*2/3)/$K$2))) | H36: =IF(AND(F36>0,F36<>""),1,"")
B37: Charges Mensuelles directes | H37: =IF(AND(F37>0,F37<>""),1,"")
B38: Paton | C38: =IF(ISNA(VLOOKUP(B38,'Listes des charges'!$B$2:$F$449,2,FALSE)),"",VLOOKUP(B38,'Listes des charges'!$B$2:$F$449,2,FALSE)) | E38: =IF(ISNA(VLOOKUP(B38,'Listes des charges'!$B$2:$F$449,4,FALSE)),"",VLOOKUP(B38,'Listes des charges'!$B$2:$F$449,4,FALSE)) | F38: =IF(B38="","",IF(D38<>"",((D38*E38)/1000),IF(D38="",(E38*2/3)/$K$2))) -> #VALUE! | H38: =IF(AND(F38>0,F38<>""),1,"") -> #VALUE!
B39: Farine | C39: =IF(ISNA(VLOOKUP(B39,'Listes des charges'!$B$2:$F$449,2,FALSE)),"",VLOOKUP(B39,'Listes des charges'!$B$2:$F$449,2,FALSE)) -> gr | D39: 166 | E39: =IF(ISNA(VLOOKUP(B39,'Listes des charges'!$B$2:$F$449,4,FALSE)),"",VLOOKUP(B39,'Listes des charges'!$B$2:$F$449,4,FALSE)) -> 3.88 | F39: =IF(B39="","",IF(D39<>"",((D39*E39)/1000),IF(D39="",(E39*2/3)/$K$2))) -> 0.64408 | H39: =IF(AND(F39>0,F39<>""),1,"") -> 1
B40: Levure en sachet | C40: =IF(ISNA(VLOOKUP(B40,'Listes des charges'!$B$2:$F$449,2,FALSE)),"",VLOOKUP(B40,'Listes des charges'!$B$2:$F$449,2,FALSE)) -> gr | D40: 1 | E40: =IF(ISNA(VLOOKUP(B40,'Listes des charges'!$B$2:$F$449,4,FALSE)),"",VLOOKUP(B40,'Listes des charges'!$B$2:$F$449,4,FALSE)) -> 69.8 | F40: =IF(B40="","",IF(D40<>"",((D40*E40)/1000),IF(D40="",(E40*2/3)/$K$2))) -> 0.0698 | H40: =IF(AND(F40>0,F40<>""),1,"") -> 1
B41: Levure boulangère | C41: =IF(ISNA(VLOOKUP(B41,'Listes des charges'!$B$2:$F$449,2,FALSE)),"",VLOOKUP(B41,'Listes des charges'!$B$2:$F$449,2,FALSE)) -> gr | D41: 3 | E41: =IF(ISNA(VLOOKUP(B41,'Listes des charges'!$B$2:$F$449,4,FALSE)),"",VLOOKUP(B41,'Listes des charges'!$B$2:$F$449,4,FALSE)) -> 14.51 | F41: =IF(B41="","",IF(D41<>"",((D41*E41)/1000),IF(D41="",(E41*2/3)/$K$2))) -> 0.04353 | H41: =IF(AND(F41>0,F41<>""),1,"") -> 1
B42: Eau | C42: =IF(ISNA(VLOOKUP(B42,'Listes des charges'!$B$2:$F$449,2,FALSE)),"",VLOOKUP(B42,'Listes des charges'!$B$2:$F$449,2,FALSE)) -> gr | D42: 0.1 | E42: =IF(ISNA(VLOOKUP(B42,'Listes des charges'!$B$2:$F$449,4,FALSE)),"",VLOOKUP(B42,'Listes des charges'!$B$2:$F$449,4,FALSE)) -> 0 | F42: =IF(B42="","",IF(D42<>"",((D42*E42)/1000),IF(D42="",(E42*2/3)/$K$2))) -> 0 | H42: =IF(AND(F42>0,F42<>""),1,"")
B43: Sel | C43: =IF(ISNA(VLOOKUP(B43,'Listes des charges'!$B$2:$F$449,2,FALSE)),"",VLOOKUP(B43,'Listes des charges'!$B$2:$F$449,2,FALSE)) -> gr | D43: 4.2 | E43: =IF(ISNA(VLOOKUP(B43,'Listes des charges'!$B$2:$F$449,4,FALSE)),"",VLOOKUP(B43,'Listes des charges'!$B$2:$F$449,4,FALSE)) -> 0 | F43: =IF(B43="","",IF(D43<>"",((D43*E43)/1000),IF(D43="",(E43*2/3)/$K$2))) -> 0 | H43: =IF(AND(F43>0,F43<>""),1,"")
B44: Garnitures | C44: =IF(ISNA(VLOOKUP(B44,'Listes des charges'!$B$2:$F$449,2,FALSE)),"",VLOOKUP(B44,'Listes des charges'!$B$2:$F$449,2,FALSE)) -> 0 | E44: =IF(ISNA(VLOOKUP(B44,'Listes des charges'!$B$2:$F$449,4,FALSE)),"",VLOOKUP(B44,'Listes des charges'!$B$2:$F$449,4,FALSE)) -> 0 | F44: =IF(B44="","",IF(D44<>"",((D44*E44)/1000),IF(D44="",(E44*2/3)/$K$2))) -> 0 | H44: =IF(AND(F44>0,F44<>""),1,"")
B45: Coulis de Tomate fraiches | C45: =IF(ISNA(VLOOKUP(B45,'Listes des charges'!$B$2:$F$449,2,FALSE)),"",VLOOKUP(B45,'Listes des charges'!$B$2:$F$449,2,FALSE)) -> gr | D45: 50 | E45: =IF(ISNA(VLOOKUP(B45,'Listes des charges'!$B$2:$F$449,4,FALSE)),"",VLOOKUP(B45,'Listes des charges'!$B$2:$F$449,4,FALSE)) -> 2.14 | F45: =IF(B45="","",IF(D45<>"",((D45*E45)/1000),IF(D45="",(E45*2/3)/$K$2))) -> 0.107 | H45: =IF(AND(F45>0,F45<>""),1,"") -> 1
B46: Mozzarella | C46: =IF(ISNA(VLOOKUP(B46,'Listes des charges'!$B$2:$F$449,2,FALSE)),"",VLOOKUP(B46,'Listes des charges'!$B$2:$F$449,2,FALSE)) -> gr | D46: 100 | E46: =IF(ISNA(VLOOKUP(B46,'Listes des charges'!$B$2:$F$449,4,FALSE)),"",VLOOKUP(B46,'Listes des charges'!$B$2:$F$449,4,FALSE)) -> 8.4 | F46: =IF(B46="","",IF(D46<>"",((D46*E46)/1000),IF(D46="",(E46*2/3)/$K$2))) -> 0.84 | H46: =IF(AND(F46>0,F46<>""),1,"") -> 1
B47: JAMBON A L'OS CUIT SANS DÉCOR (8 Kg) | C47: =IF(ISNA(VLOOKUP(B47,'Listes des charges'!$B$2:$F$449,2,FALSE)),"",VLOOKUP(B47,'Listes des charges'!$B$2:$F$449,2,FALSE)) -> gr | D47: 80 | E47: =IF(ISNA(VLOOKUP(B47,'Listes des charges'!$B$2:$F$449,4,FALSE)),"",VLOOKUP(B47,'Listes des charges'!$B$2:$F$449,4,FALSE)) -> 9.8 | F47: =IF(B47="","",IF(D47<>"",((D47*E47)/1000),IF(D47="",(E47*2/3)/$K$2))) -> 0.784 | H47: =IF(AND(F47>0,F47<>""),1,"") -> 1
C48: =IF(ISNA(VLOOKUP(B48,'Listes des charges'!$B$2:$F$449,2,FALSE)),"",VLOOKUP(B48,'Listes des charges'!$B$2:$F$449,2,FALSE)) | E48: =IF(ISNA(VLOOKUP(B48,'Listes des charges'!$B$2:$F$449,4,FALSE)),"",VLOOKUP(B48,'Listes des charges'!$B$2:$F$449,4,FALSE)) | F48: =IF(B48="","",IF(D48<>"",((D48*E48)/1000),IF(D48="",(E48*2/3)/$K$2))) | H48: =IF(AND(F48>0,F48<>""),1,"")
C49: =IF(ISNA(VLOOKUP(B49,'Listes des charges'!$B$2:$F$449,2,FALSE)),"",VLOOKUP(B49,'Listes des charges'!$B$2:$F$449,2,FALSE)) | E49: =IF(ISNA(VLOOKUP(B49,'Listes des charges'!$B$2:$F$449,4,FALSE)),"",VLOOKUP(B49,'Listes des charges'!$B$2:$F$449,4,FALSE)) | F49: =IF(B49="","",IF(D49<>"",((D49*E49)/1000),IF(D49="",(E49*2/3)/$K$2))) | H49: =IF(AND(F49>0,F49<>""),1,"")
C50: =IF(ISNA(VLOOKUP(B50,'Listes des charges'!$B$2:$F$449,2,FALSE)),"",VLOOKUP(B50,'Listes des charges'!$B$2:$F$449,2,FALSE)) | E50: =IF(ISNA(VLOOKUP(B50,'Listes des charges'!$B$2:$F$449,4,FALSE)),"",VLOOKUP(B50,'Listes des charges'!$B$2:$F$449,4,FALSE)) | F50: =IF(B50="","",IF(D50<>"",((D50*E50)/1000),IF(D50="",(E50*2/3)/$K$2))) | H50: =IF(AND(F50>0,F50<>""),1,"")
C51: =IF(ISNA(VLOOKUP(B51,'Listes des charges'!$B$2:$F$449,2,FALSE)),"",VLOOKUP(B51,'Listes des charges'!$B$2:$F$449,2,FALSE)) | E51: =IF(ISNA(VLOOKUP(B51,'Listes des charges'!$B$2:$F$449,4,FALSE)),"",VLOOKUP(B51,'Listes des charges'!$B$2:$F$449,4,FALSE)) | F51: =IF(B51="","",IF(D51<>"",((D51*E51)/1000),IF(D51="",(E51*2/3)/$K$2))) | H51: =IF(AND(F51>0,F51<>""),1,"")
C52: =IF(ISNA(VLOOKUP(B52,'Listes des charges'!$B$2:$F$449,2,FALSE)),"",VLOOKUP(B52,'Listes des charges'!$B$2:$F$449,2,FALSE)) | E52: =IF(ISNA(VLOOKUP(B52,'Listes des charges'!$B$2:$F$449,4,FALSE)),"",VLOOKUP(B52,'Listes des charges'!$B$2:$F$449,4,FALSE)) | F52: =IF(B52="","",IF(D52<>"",((D52*E52)/1000),IF(D52="",(E52*2/3)/$K$2))) | H52: =IF(AND(F52>0,F52<>""),1,"")
C53: =IF(ISNA(VLOOKUP(B53,'Listes des charges'!$B$2:$F$449,2,FALSE)),"",VLOOKUP(B53,'Listes des charges'!$B$2:$F$449,2,FALSE)) | E53: =IF(ISNA(VLOOKUP(B53,'Listes des charges'!$B$2:$F$449,4,FALSE)),"",VLOOKUP(B53,'Listes des charges'!$B$2:$F$449,4,FALSE)) | F53: =IF(B53="","",IF(D53<>"",((D53*E53)/1000),IF(D53="",(E53*2/3)/$K$2))) | H53: =IF(AND(F53>0,F53<>""),1,"")
C54: =IF(ISNA(VLOOKUP(B54,'Listes des charges'!$B$2:$F$449,2,FALSE)),"",VLOOKUP(B54,'Listes des charges'!$B$2:$F$449,2,FALSE)) | E54: =IF(ISNA(VLOOKUP(B54,'Listes des charges'!$B$2:$F$449,4,FALSE)),"",VLOOKUP(B54,'Listes des charges'!$B$2:$F$449,4,FALSE)) | F54: =IF(B54="","",IF(D54<>"",((D54*E54)/1000),IF(D54="",(E54*2/3)/$K$2))) | H54: =IF(AND(F54>0,F54<>""),1,"")
C55: =IF(ISNA(VLOOKUP(B55,'Listes des charges'!$B$2:$F$449,2,FALSE)),"",VLOOKUP(B55,'Listes des charges'!$B$2:$F$449,2,FALSE)) | E55: =IF(ISNA(VLOOKUP(B55,'Listes des charges'!$B$2:$F$449,4,FALSE)),"",VLOOKUP(B55,'Listes des charges'!$B$2:$F$449,4,FALSE)) | F55: =IF(B55="","",IF(D55<>"",((D55*E55)/1000),IF(D55="",(E55*2/3)/$K$2))) | H55: =IF(AND(F55>0,F55<>""),1,"")
C56: =IF(ISNA(VLOOKUP(B56,'Listes des charges'!$B$2:$F$449,2,FALSE)),"",VLOOKUP(B56,'Listes des charges'!$B$2:$F$449,2,FALSE)) | E56: =IF(ISNA(VLOOKUP(B56,'Listes des charges'!$B$2:$F$449,4,FALSE)),"",VLOOKUP(B56,'Listes des charges'!$B$2:$F$449,4,FALSE)) | F56: =IF(B56="","",IF(D56<>"",((D56*E56)/1000),IF(D56="",(E56*2/3)/$K$2))) | H56: =IF(AND(F56>0,F56<>""),1,"")
C57: =IF(ISNA(VLOOKUP(B57,'Listes des charges'!$B$2:$F$449,2,FALSE)),"",VLOOKUP(B57,'Listes des charges'!$B$2:$F$449,2,FALSE)) | E57: =IF(ISNA(VLOOKUP(B57,'Listes des charges'!$B$2:$F$449,4,FALSE)),"",VLOOKUP(B57,'Listes des charges'!$B$2:$F$449,4,FALSE)) | F57: =IF(B57="","",IF(D57<>"",((D57*E57)/1000),IF(D57="",(E57*2/3)/$K$2))) | H57: =IF(AND(F57>0,F57<>""),1,"")

Sheet 4
B2: Nom | C2: ='Sommaire des pizzas'!C5 -> Pizza 4 | F2: Coefficient | G2: 2 | I2: NB de pizzas vendues Mensuels | K2: 600
B3: MAJ Le : | C3: 42461 | F3: Fraction Charges indirectes | G3: 0.5
B5: Charges directes et indirectes | C5: Unités | D5: Quantité | E5: Prix d'achat HT/ Coût Mensuel | F5: Prix de revient | G5: Observations | I5: Prix de vente Proposé | L5: 10
B6: Charges Mensuelles indirecte | H6: =IF(AND(F6>0,F6<>""),1,"") | I6: Prix de revient Charges indirectes | L6: =SUM(F6:F36) -> 6.6880761
B7: Emballages et conditionnement | C7: =IF(ISNA(VLOOKUP(B7,'Listes des charges'!$B$2:$F$449,2,FALSE)),"",VLOOKUP(B7,'Listes des charges'!$B$2:$F$449,2,FALSE)) -> 0 | E7: =IF(ISNA(VLOOKUP(B7,'Listes des charges'!$B$2:$F$449,4,FALSE)),"",VLOOKUP(B7,'Listes des charges'!$B$2:$F$449,4,FALSE)) -> 83.33 | F7: =IF(B7="","",IF(D7<>"",((D7*E7)/1000),IF(D7="",(E7*2/3)/$K$2))) -> 0.092588889 | H7: =IF(AND(F7>0,F7<>""),1,"") -> 1 | I7: Prix de revient Matières premières | L7: =SUM(F37:F80) -> #VALUE!
B8: Achats de marchandises TTC | C8: =IF(ISNA(VLOOKUP(B8,'Listes des charges'!$B$2:$F$449,2,FALSE)),"",VLOOKUP(B8,'Listes des charges'!$B$2:$F$449,2,FALSE)) -> 0 | E8: =IF(ISNA(VLOOKUP(B8,'Listes des charges'!$B$2:$F$449,4,FALSE)),"",VLOOKUP(B8,'Listes des charges'!$B$2:$F$449,4,FALSE)) -> 956.01852 | F8: =IF(B8="","",IF(D8<>"",((D8*E8)/1000),IF(D8="",(E8*2/3)/$K$2))) -> 1.0622428 | H8: =IF(AND(F8>0,F8<>""),1,"") -> 1 | I8: Prix de revient total | L8: =L6+L7 -> #VALUE!
B9: Loyers et charges locatives | C9: =IF(ISNA(VLOOKUP(B9,'Listes des charges'!$B$2:$F$449,2,FALSE)),"",VLOOKUP(B9,'Listes des charges'!$B$2:$F$449,2,FALSE)) -> 0 | E9: =IF(ISNA(VLOOKUP(B9,'Listes des charges'!$B$2:$F$449,4,FALSE)),"",VLOOKUP(B9,'Listes des charges'!$B$2:$F$449,4,FALSE)) -> 700 | F9: =IF(B9="","",IF(D9<>"",((D9*E9)/1000),IF(D9="",(E9*2/3)/$K$2))) -> 0.77777778 | H9: =IF(AND(F9>0,F9<>""),1,"") -> 1 | I9: Prix de revient unitaire | L9: =AVERAGE(F:F) -> #VALUE!
B10: Assurances véhicules et autres | C10: =IF(ISNA(VLOOKUP(B10,'Listes des charges'!$B$2:$F$449,2,FALSE)),"",VLOOKUP(B10,'Listes des charges'!$B$2:$F$449,2,FALSE)) -> 0 | E10: =IF(ISNA(VLOOKUP(B10,'Listes des charges'!$B$2:$F$449,4,FALSE)),"",VLOOKUP(B10,'Listes des charges'!$B$2:$F$449,4,FALSE)) -> 66 | F10: =IF(B10="","",IF(D10<>"",((D10*E10)/1000),IF(D10="",(E10*2/3)/$K$2))) -> 0.073333333 | H10: =IF(AND(F10>0,F10<>""),1,"") -> 1 | I10: % coût matières | L10: =L7/L5 -> #VALUE!
B11: Entretien des véhicules | C11: =IF(ISNA(VLOOKUP(B11,'Listes des charges'!$B$2:$F$449,2,FALSE)),"",VLOOKUP(B11,'Listes des charges'!$B$2:$F$449,2,FALSE)) -> 0 | E11: =IF(ISNA(VLOOKUP(B11,'Listes des charges'!$B$2:$F$449,4,FALSE)),"",VLOOKUP(B11,'Listes des charges'!$B$2:$F$449,4,FALSE)) -> 41.67 | F11: =IF(B11="","",IF(D11<>"",((D11*E11)/1000),IF(D11="",(E11*2/3)/$K$2))) -> 0.0463 | H11: =IF(AND(F11>0,F11<>""),1,"") -> 1 | I11: % Coût Charge indirectes | L11: =L6/L5 -> 0.66880761
B12: Electricité (locaux) | C12: =IF(ISNA(VLOOKUP(B12,'Listes des charges'!$B$2:$F$449,2,FALSE)),"",VLOOKUP(B12,'Listes des charges'!$B$2:$F$449,2,FALSE)) -> 0 | E12: =IF(ISNA(VLOOKUP(B12,'Listes des charges'!$B$2:$F$449,4,FALSE)),"",VLOOKUP(B12,'Listes des charges'!$B$2:$F$449,4,FALSE)) -> 125 | F12: =IF(B12="","",IF(D12<>"",((D12*E12)/1000),IF(D12="",(E12*2/3)/$K$2))) -> 0.13888889 | H12: =IF(AND(F12>0,F12<>""),1,"") -> 1 | I12: Prix de vente H.T. | L12: =L7*G2 -> #VALUE!
B13: Eau (locaux) | C13: =IF(ISNA(VLOOKUP(B13,'Listes des charges'!$B$2:$F$449,2,FALSE)),"",VLOOKUP(B13,'Listes des charges'!$B$2:$F$449,2,FALSE)) -> 0 | E13: =IF(ISNA(VLOOKUP(B13,'Listes des charges'!$B$2:$F$449,4,FALSE)),"",VLOOKUP(B13,'Listes des charges'!$B$2:$F$449,4,FALSE)) -> 83.33 | F13: =IF(B13="","",IF(D13<>"",((D13*E13)/1000),IF(D13="",(E13*2/3)/$K$2))) -> 0.092588889 | H13: =IF(AND(F13>0,F13<>""),1,"") -> 1 | I13: T.V.A. | L13: 0.1
B14: chauffage (locaux) | C14: =IF(ISNA(VLOOKUP(B14,'Listes des charges'!$B$2:$F$449,2,FALSE)),"",VLOOKUP(B14,'Listes des charges'!$B$2:$F$449,2,FALSE)) -> 0 | E14: =IF(ISNA(VLOOKUP(B14,'Listes des charges'!$B$2:$F$449,4,FALSE)),"",VLOOKUP(B14,'Listes des charges'!$B$2:$F$449,4,FALSE)) -> 41.67 | F14: =IF(B14="","",IF(D14<>"",((D14*E14)/1000),IF(D14="",(E14*2/3)/$K$2))) -> 0.0463 | H14: =IF(AND(F14>0,F14<>""),1,"") -> 1 | I14: Prix de vente T.T.C. selon Coef | L14: =L12+(L12*L13) -> #VALUE!
B15: Fournitures d'entretien | C15: =IF(ISNA(VLOOKUP(B15,'Listes des charges'!$B$2:$F$449,2,FALSE)),"",VLOOKUP(B15,'Listes des charges'!$B$2:$F$449,2,FALSE)) -> 0 | E15: =IF(ISNA(VLOOKUP(B15,'Listes des charges'!$B$2:$F$449,4,FALSE)),"",VLOOKUP(B15,'Listes des charges'!$B$2:$F$449,4,FALSE)) -> 41.67 | F15: =IF(B15="","",IF(D15<>"",((D15*E15)/1000),IF(D15="",(E15*2/3)/$K$2))) -> 0.0463 | H15: =IF(AND(F15>0,F15<>""),1,"") -> 1 | I15: Marge Brute Matière premieres | L15: =L5-L7 -> #VALUE!
B16: Fournitures administratives | C16: =IF(ISNA(VLOOKUP(B16,'Listes des charges'!$B$2:$F$449,2,FALSE)),"",VLOOKUP(B16,'Listes des charges'!$B$2:$F$449,2,FALSE)) -> 0 | E16: =IF(ISNA(VLOOKUP(B16,'Listes des charges'!$B$2:$F$449,4,FALSE)),"",VLOOKUP(B16,'Listes des charges'!$B$2:$F$449,4,FALSE)) -> 41.67 | F16: =IF(B16="","",IF(D16<>"",((D16*E16)/1000),IF(D16="",(E16*2/3)/$K$2))) -> 0.0463 | H16: =IF(AND(F16>0,F16<>""),1,"") -> 1 | I16: % MB Matières premières | L16: =L15/L5 -> #VALUE!
B17: Fournitures diverses | C17: =IF(ISNA(VLOOKUP(B17,'Listes des charges'!$B$2:$F$449,2,FALSE)),"",VLOOKUP(B17,'Listes des charges'!$B$2:$F$449,2,FALSE)) -> 0 | E17: =IF(ISNA(VLOOKUP(B17,'Listes des charges'!$B$2:$F$449,4,FALSE)),"",VLOOKUP(B17,'Listes des charges'!$B$2:$F$449,4,FALSE)) -> 41.67 | F17: =IF(B17="","",IF(D17<>"",((D17*E17)/1000),IF(D17="",(E17*2/3)/$K$2))) -> 0.0463 | H17: =IF(AND(F17>0,F17<>""),1,"") -> 1 | I17: Marge Brute Totale | L17: =L5-L8 -> #VALUE!
B18: Entretien (locaux, matériel) | C18: =IF(ISNA(VLOOKUP(B18,'Listes des charges'!$B$2:$F$449,2,FALSE)),"",VLOOKUP(B18,'Listes des charges'!$B$2:$F$449,2,FALSE)) -> 0 | E18: =IF(ISNA(VLOOKUP(B18,'Listes des charges'!$B$2:$F$449,4,FALSE)),"",VLOOKUP(B18,'Listes des charges'!$B$2:$F$449,4,FALSE)) -> 41.67 | F18: =IF(B18="","",IF(D18<>"",((D18*E18)/1000),IF(D18="",(E18*2/3)/$K$2))) -> 0.0463 | H18: =IF(AND(F18>0,F18<>""),1,"") -> 1 | I18: % de Marge brute Total | L18: =L17/L5 -> #VALUE!
B19: Téléphone | C19: =IF(ISNA(VLOOKUP(B19,'Listes des charges'!$B$2:$F$449,2,FALSE)),"",VLOOKUP(B19,'Listes des charges'!$B$2:$F$449,2,FALSE)) -> 0 | E19: =IF(ISNA(VLOOKUP(B19,'Listes des charges'!$B$2:$F$449,4,FALSE)),"",VLOOKUP(B19,'Listes des charges'!$B$2:$F$449,4,FALSE)) -> 41.67 | F19: =IF(B19="","",IF(D19<>"",((D19*E19)/1000),IF(D19="",(E19*2/3)/$K$2))) -> 0.0463 | H19: =IF(AND(F19>0,F19<>""),1,"") -> 1 | I19: Estimation bénéfice mensuel | L19: =L17*K2 -> #VALUE!
B20: Internet | C20: =IF(ISNA(VLOOKUP(B20,'Listes des charges'!$B$2:$F$449,2,FALSE)),"",VLOOKUP(B20,'Listes des charges'!$B$2:$F$449,2,FALSE)) -> 0 | E20: =IF(ISNA(VLOOKUP(B20,'Listes des charges'!$B$2:$F$449,4,FALSE)),"",VLOOKUP(B20,'Listes des charges'!$B$2:$F$449,4,FALSE)) -> 41.67 | F20: =IF(B20="","",IF(D20<>"",((D20*E20)/1000),IF(D20="",(E20*2/3)/$K$2))) -> 0.0463 | H20: =IF(AND(F20>0,F20<>""),1,"") -> 1 | I20: Bénéfice Annuel | L20: =L19*12 -> #VALUE!
B21: Publicité | C21: =IF(ISNA(VLOOKUP(B21,'Listes des charges'!$B$2:$F$449,2,FALSE)),"",VLOOKUP(B21,'Listes des charges'!$B$2:$F$449,2,FALSE)) -> 0 | E21: =IF(ISNA(VLOOKUP(B21,'Listes des charges'!$B$2:$F$449,4,FALSE)),"",VLOOKUP(B21,'Listes des charges'!$B$2:$F$449,4,FALSE)) -> 83.33 | F21: =IF(B21="","",IF(D21<>"",((D21*E21)/1000),IF(D21="",(E21*2/3)/$K$2))) -> 0.092588889 | H21: =IF(AND(F21>0,F21<>""),1,"") -> 1
B22: Rémunération du dirigeant | C22: =IF(ISNA(VLOOKUP(B22,'Listes des charges'!$B$2:$F$449,2,FALSE)),"",VLOOKUP(B22,'Listes des charges'!$B$2:$F$449,2,FALSE)) -> 0 | E22: =IF(ISNA(VLOOKUP(B22,'Listes des charges'!$B$2:$F$449,4,FALSE)),"",VLOOKUP(B22,'Listes des charges'!$B$2:$F$449,4,FALSE)) -> 1500 | F22: =IF(B22="","",IF(D22<>"",((D22*E22)/1000),IF(D22="",(E22*2/3)/$K$2))) -> 1.6666667 | H22: =IF(AND(F22>0,F22<>""),1,"") -> 1
B23: Cotisations sociales du dirigeant | C23: =IF(ISNA(VLOOKUP(B23,'Listes des charges'!$B$2:$F$449,2,FALSE)),"",VLOOKUP(B23,'Listes des charges'!$B$2:$F$449,2,FALSE)) -> 0 | E23: =IF(ISNA(VLOOKUP(B23,'Listes des charges'!$B$2:$F$449,4,FALSE)),"",VLOOKUP(B23,'Listes des charges'!$B$2:$F$449,4,FALSE)) -> 450.42 | F23: =IF(B23="","",IF(D23<>"",((D23*E23)/1000),IF(D23="",(E23*2/3)/$K$2))) -> 0.50046667 | H23: =IF(AND(F23>0,F23<>""),1,"") -> 1
B24: Dotation aux amortissements | C24: =IF(ISNA(VLOOKUP(B24,'Listes des charges'!$B$2:$F$449,2,FALSE)),"",VLOOKUP(B24,'Listes des charges'!$B$2:$F$449,2,FALSE)) -> 0 | E24: =IF(ISNA(VLOOKUP(B24,'Listes des charges'!$B$2:$F$449,4,FALSE)),"",VLOOKUP(B24,'Listes des charges'!$B$2:$F$449,4,FALSE)) -> 279.07 | F24: =IF(B24="","",IF(D24<>"",((D24*E24)/1000),IF(D24="",(E24*2/3)/$K$2))) -> 0.31007778 | H24: =IF(AND(F24>0,F24<>""),1,"") -> 1
B25: TVA | C25: =IF(ISNA(VLOOKUP(B25,'Listes des charges'!$B$2:$F$449,2,FALSE)),"",VLOOKUP(B25,'Listes des charges'!$B$2:$F$449,2,FALSE)) -> 0 | E25: =IF(ISNA(VLOOKUP(B25,'Listes des charges'!$B$2:$F$449,4,FALSE)),"",VLOOKUP(B25,'Listes des charges'!$B$2:$F$449,4,FALSE)) -> 1359.41 | F25: =IF(B25="","",IF(D25<>"",((D25*E25)/1000),IF(D25="",(E25*2/3)/$K$2))) -> 1.5104556 | H25: =IF(AND(F25>0,F25<>""),1,"") -> 1
C26: =IF(ISNA(VLOOKUP(B26,'Listes des charges'!$B$2:$F$449,2,FALSE)),"",VLOOKUP(B26,'Listes des charges'!$B$2:$F$449,2,FALSE)) | E26: =IF(ISNA(VLOOKUP(B26,'Listes des charges'!$B$2:$F$449,4,FALSE)),"",VLOOKUP(B26,'Listes des charges'!$B$2:$F$449,4,FALSE)) | F26: =IF(B26="","",IF(D26<>"",((D26*E26)/1000),IF(D26="",(E26*2/3)/$K$2))) | H26: =IF(AND(F26>0,F26<>""),1,"")
C27: =IF(ISNA(VLOOKUP(B27,'Listes des charges'!$B$2:$F$449,2,FALSE)),"",VLOOKUP(B27,'Listes des charges'!$B$2:$F$449,2,FALSE)) | E27: =IF(ISNA(VLOOKUP(B27,'Listes des charges'!$B$2:$F$449,4,FALSE)),"",VLOOKUP(B27,'Listes des charges'!$B$2:$F$449,4,FALSE)) | F27: =IF(B27="","",IF(D27<>"",((D27*E27)/1000),IF(D27="",(E27*2/3)/$K$2))) | H27: =IF(AND(F27>0,F27<>""),1,"")
C28: =IF(ISNA(VLOOKUP(B28,'Listes des charges'!$B$2:$F$449,2,FALSE)),"",VLOOKUP(B28,'Listes des charges'!$B$2:$F$449,2,FALSE)) | E28: =IF(ISNA(VLOOKUP(B28,'Listes des charges'!$B$2:$F$449,4,FALSE)),"",VLOOKUP(B28,'Listes des charges'!$B$2:$F$449,4,FALSE)) | F28: =IF(B28="","",IF(D28<>"",((D28*E28)/1000),IF(D28="",(E28*2/3)/$K$2))) | H28: =IF(AND(F28>0,F28<>""),1,"")
C29: =IF(ISNA(VLOOKUP(B29,'Listes des charges'!$B$2:$F$449,2,FALSE)),"",VLOOKUP(B29,'Listes des charges'!$B$2:$F$449,2,FALSE)) | E29: =IF(ISNA(VLOOKUP(B29,'Listes des charges'!$B$2:$F$449,4,FALSE)),"",VLOOKUP(B29,'Listes des charges'!$B$2:$F$449,4,FALSE)) | F29: =IF(B29="","",IF(D29<>"",((D29*E29)/1000),IF(D29="",(E29*2/3)/$K$2))) | H29: =IF(AND(F29>0,F29<>""),1,"")
C30: =IF(ISNA(VLOOKUP(B30,'Listes des charges'!$B$2:$F$449,2,FALSE)),"",VLOOKUP(B30,'Listes des charges'!$B$2:$F$449,2,FALSE)) | E30: =IF(ISNA(VLOOKUP(B30,'Listes des charges'!$B$2:$F$449,4,FALSE)),"",VLOOKUP(B30,'Listes des charges'!$B$2:$F$449,4,FALSE)) | F30: =IF(B30="","",IF(D30<>"",((D30*E30)/1000),IF(D30="",(E30*2/3)/$K$2))) | H30: =IF(AND(F30>0,F30<>""),1,"")
C31: =IF(ISNA(VLOOKUP(B31,'Listes des charges'!$B$2:$F$449,2,FALSE)),"",VLOOKUP(B31,'Listes des charges'!$B$2:$F$449,2,FALSE)) | E31: =IF(ISNA(VLOOKUP(B31,'Listes des charges'!$B$2:$F$449,4,FALSE)),"",VLOOKUP(B31,'Listes des charges'!$B$2:$F$449,4,FALSE)) | F31: =IF(B31="","",IF(D31<>"",((D31*E31)/1000),IF(D31="",(E31*2/3)/$K$2))) | H31: =IF(AND(F31>0,F31<>""),1,"")
C32: =IF(ISNA(VLOOKUP(B32,'Listes des charges'!$B$2:$F$449,2,FALSE)),"",VLOOKUP(B32,'Listes des charges'!$B$2:$F$449,2,FALSE)) | E32: =IF(ISNA(VLOOKUP(B32,'Listes des charges'!$B$2:$F$449,4,FALSE)),"",VLOOKUP(B32,'Listes des charges'!$B$2:$F$449,4,FALSE)) | F32: =IF(B32="","",IF(D32<>"",((D32*E32)/1000),IF(D32="",(E32*2/3)/$K$2))) | H32: =IF(AND(F32>0,F32<>""),1,"")
C33: =IF(ISNA(VLOOKUP(B33,'Listes des charges'!$B$2:$F$449,2,FALSE)),"",VLOOKUP(B33,'Listes des charges'!$B$2:$F$449,2,FALSE)) | E33: =IF(ISNA(VLOOKUP(B33,'Listes des charges'!$B$2:$F$449,4,FALSE)),"",VLOOKUP(B33,'Listes des charges'!$B$2:$F$449,4,FALSE)) | F33: =IF(B33="","",IF(D33<>"",((D33*E33)/1000),IF(D33="",(E33*2/3)/$K$2))) | H33: =IF(AND(F33>0,F33<>""),1,"")
C34: =IF(ISNA(VLOOKUP(B34,'Listes des charges'!$B$2:$F$449,2,FALSE)),"",VLOOKUP(B34,'Listes des charges'!$B$2:$F$449,2,FALSE)) | E34: =IF(ISNA(VLOOKUP(B34,'Listes des charges'!$B$2:$F$449,4,FALSE)),"",VLOOKUP(B34,'Listes des charges'!$B$2:$F$449,4,FALSE)) | F34: =IF(B34="","",IF(D34<>"",((D34*E34)/1000),IF(D34="",(E34*2/3)/$K$2))) | H34: =IF(AND(F34>0,F34<>""),1,"")
C35: =IF(ISNA(VLOOKUP(B35,'Listes des charges'!$B$2:$F$449,2,FALSE)),"",VLOOKUP(B35,'Listes des charges'!$B$2:$F$449,2,FALSE)) | E35: =IF(ISNA(VLOOKUP(B35,'Listes des charges'!$B$2:$F$449,4,FALSE)),"",VLOOKUP(B35,'Listes des charges'!$B$2:$F$449,4,FALSE)) | F35: =IF(B35="","",IF(D35<>"",((D35*E35)/1000),IF(D35="",(E35*2/3)/$K$2))) | H35: =IF(AND(F35>0,F35<>""),1,"")
C36: =IF(ISNA(VLOOKUP(B36,'Listes des charges'!$B$2:$F$449,2,FALSE)),"",VLOOKUP(B36,'Listes des charges'!$B$2:$F$449,2,FALSE)) | E36: =IF(ISNA(VLOOKUP(B36,'Listes des charges'!$B$2:$F$449,4,FALSE)),"",VLOOKUP(B36,'Listes des charges'!$B$2:$F$449,4,FALSE)) | F36: =IF(B36="","",IF(D36<>"",((D36*E36)/1000),IF(D36="",(E36*2/3)/$K$2))) | H36: =IF(AND(F36>0,F36<>""),1,"")
B37: Charges Mensuelles directes | H37: =IF(AND(F37>0,F37<>""),1,"")
B38: Paton | C38: =IF(ISNA(VLOOKUP(B38,'Listes des charges'!$B$2:$F$449,2,FALSE)),"",VLOOKUP(B38,'Listes des charges'!$B$2:$F$449,2,FALSE)) | E38: =IF(ISNA(VLOOKUP(B38,'Listes des charges'!$B$2:$F$449,4,FALSE)),"",VLOOKUP(B38,'Listes des charges'!$B$2:$F$449,4,FALSE)) | F38: =IF(B38="","",IF(D38<>"",((D38*E38)/1000),IF(D38="",(E38*2/3)/$K$2))) -> #VALUE! | H38: =IF(AND(F38>0,F38<>""),1,"") -> #VALUE!
B39: Farine | C39: =IF(ISNA(VLOOKUP(B39,'Listes des charges'!$B$2:$F$449,2,FALSE)),"",VLOOKUP(B39,'Listes des charges'!$B$2:$F$449,2,FALSE)) -> gr | D39: 166 | E39: =IF(ISNA(VLOOKUP(B39,'Listes des charges'!$B$2:$F$449,4,FALSE)),"",VLOOKUP(B39,'Listes des charges'!$B$2:$F$449,4,FALSE)) -> 3.88 | F39: =IF(B39="","",IF(D39<>"",((D39*E39)/1000),IF(D39="",(E39*2/3)/$K$2))) -> 0.64408 | H39: =IF(AND(F39>0,F39<>""),1,"") -> 1
B40: Levure en sachet | C40: =IF(ISNA(VLOOKUP(B40,'Listes des charges'!$B$2:$F$449,2,FALSE)),"",VLOOKUP(B40,'Listes des charges'!$B$2:$F$449,2,FALSE)) -> gr | D40: 1 | E40: =IF(ISNA(VLOOKUP(B40,'Listes des charges'!$B$2:$F$449,4,FALSE)),"",VLOOKUP(B40,'Listes des charges'!$B$2:$F$449,4,FALSE)) -> 69.8 | F40: =IF(B40="","",IF(D40<>"",((D40*E40)/1000),IF(D40="",(E40*2/3)/$K$2))) -> 0.0698 | H40: =IF(AND(F40>0,F40<>""),1,"") -> 1
B41: Levure boulangère | C41: =IF(ISNA(VLOOKUP(B41,'Listes des charges'!$B$2:$F$449,2,FALSE)),"",VLOOKUP(B41,'Listes des charges'!$B$2:$F$449,2,FALSE)) -> gr | D41: 3 | E41: =IF(ISNA(VLOOKUP(B41,'Listes des charges'!$B$2:$F$449,4,FALSE)),"",VLOOKUP(B41,'Listes des charges'!$B$2:$F$449,4,FALSE)) -> 14.51 | F41: =IF(B41="","",IF(D41<>"",((D41*E41)/1000),IF(D41="",(E41*2/3)/$K$2))) -> 0.04353 | H41: =IF(AND(F41>0,F41<>""),1,"") -> 1
B42: Eau | C42: =IF(ISNA(VLOOKUP(B42,'Listes des charges'!$B$2:$F$449,2,FALSE)),"",VLOOKUP(B42,'Listes des charges'!$B$2:$F$449,2,FALSE)) -> gr | D42: 0.1 | E42: =IF(ISNA(VLOOKUP(B42,'Listes des charges'!$B$2:$F$449,4,FALSE)),"",VLOOKUP(B42,'Listes des charges'!$B$2:$F$449,4,FALSE)) -> 0 | F42: =IF(B42="","",IF(D42<>"",((D42*E42)/1000),IF(D42="",(E42*2/3)/$K$2))) -> 0 | H42: =IF(AND(F42>0,F42<>""),1,"")
B43: Sel | C43: =IF(ISNA(VLOOKUP(B43,'Listes des charges'!$B$2:$F$449,2,FALSE)),"",VLOOKUP(B43,'Listes des charges'!$B$2:$F$449,2,FALSE)) -> gr | D43: 4.2 | E43: =IF(ISNA(VLOOKUP(B43,'Listes des charges'!$B$2:$F$449,4,FALSE)),"",VLOOKUP(B43,'Listes des charges'!$B$2:$F$449,4,FALSE)) -> 0 | F43: =IF(B43="","",IF(D43<>"",((D43*E43)/1000),IF(D43="",(E43*2/3)/$K$2))) -> 0 | H43: =IF(AND(F43>0,F43<>""),1,"")
B44: Garnitures | C44: =IF(ISNA(VLOOKUP(B44,'Listes des charges'!$B$2:$F$449,2,FALSE)),"",VLOOKUP(B44,'Listes des charges'!$B$2:$F$449,2,FALSE)) -> 0 | E44: =IF(ISNA(VLOOKUP(B44,'Listes des charges'!$B$2:$F$449,4,FALSE)),"",VLOOKUP(B44,'Listes des charges'!$B$2:$F$449,4,FALSE)) -> 0 | F44: =IF(B44="","",IF(D44<>"",((D44*E44)/1000),IF(D44="",(E44*2/3)/$K$2))) -> 0 | H44: =IF(AND(F44>0,F44<>""),1,"")
B45: Coulis de Tomate fraiches | C45: =IF(ISNA(VLOOKUP(B45,'Listes des charges'!$B$2:$F$449,2,FALSE)),"",VLOOKUP(B45,'Listes des charges'!$B$2:$F$449,2,FALSE)) -> gr | D45: 50 | E45: =IF(ISNA(VLOOKUP(B45,'Listes des charges'!$B$2:$F$449,4,FALSE)),"",VLOOKUP(B45,'Listes des charges'!$B$2:$F$449,4,FALSE)) -> 2.14 | F45: =IF(B45="","",IF(D45<>"",((D45*E45)/1000),IF(D45="",(E45*2/3)/$K$2))) -> 0.107 | H45: =IF(AND(F45>0,F45<>""),1,"") -> 1
B46: Mozzarella | C46: =IF(ISNA(VLOOKUP(B46,'Listes des charges'!$B$2:$F$449,2,FALSE)),"",VLOOKUP(B46,'Listes des charges'!$B$2:$F$449,2,FALSE)) -> gr | D46: 100 | E46: =IF(ISNA(VLOOKUP(B46,'Listes des charges'!$B$2:$F$449,4,FALSE)),"",VLOOKUP(B46,'Listes des charges'!$B$2:$F$449,4,FALSE)) -> 8.4 | F46: =IF(B46="","",IF(D46<>"",((D46*E46)/1000),IF(D46="",(E46*2/3)/$K$2))) -> 0.84 | H46: =IF(AND(F46>0,F46<>""),1,"") -> 1
B47: Viande Hachée | C47: =IF(ISNA(VLOOKUP(B47,'Listes des charges'!$B$2:$F$449,2,FALSE)),"",VLOOKUP(B47,'Listes des charges'!$B$2:$F$449,2,FALSE)) -> gr | D47: 80 | E47: =IF(ISNA(VLOOKUP(B47,'Listes des charges'!$B$2:$F$449,4,FALSE)),"",VLOOKUP(B47,'Listes des charges'!$B$2:$F$449,4,FALSE)) -> 5.2 | F47: =IF(B47="","",IF(D47<>"",((D47*E47)/1000),IF(D47="",(E47*2/3)/$K$2))) -> 0.416 | H47: =IF(AND(F47>0,F47<>""),1,"") -> 1
B48: Olives Noires | C48: =IF(ISNA(VLOOKUP(B48,'Listes des charges'!$B$2:$F$449,2,FALSE)),"",VLOOKUP(B48,'Listes des charges'!$B$2:$F$449,2,FALSE)) -> gr | D48: 50 | E48: =IF(ISNA(VLOOKUP(B48,'Listes des charges'!$B$2:$F$449,4,FALSE)),"",VLOOKUP(B48,'Listes des charges'!$B$2:$F$449,4,FALSE)) -> 4.1 | F48: =IF(B48="","",IF(D48<>"",((D48*E48)/1000),IF(D48="",(E48*2/3)/$K$2))) -> 0.205 | H48: =IF(AND(F48>0,F48<>""),1,"") -> 1
B49: Ail | C49: =IF(ISNA(VLOOKUP(B49,'Listes des charges'!$B$2:$F$449,2,FALSE)),"",VLOOKUP(B49,'Listes des charges'!$B$2:$F$449,2,FALSE)) -> gr | D49: 10 | E49: =IF(ISNA(VLOOKUP(B49,'Listes des charges'!$B$2:$F$449,4,FALSE)),"",VLOOKUP(B49,'Listes des charges'!$B$2:$F$449,4,FALSE)) -> 22 | F49: =IF(B49="","",IF(D49<>"",((D49*E49)/1000),IF(D49="",(E49*2/3)/$K$2))) -> 0.22 | H49: =IF(AND(F49>0,F49<>""),1,"") -> 1
B50: Origan | C50: =IF(ISNA(VLOOKUP(B50,'Listes des charges'!$B$2:$F$449,2,FALSE)),"",VLOOKUP(B50,'Listes des charges'!$B$2:$F$449,2,FALSE)) -> gr | D50: 10 | E50: =IF(ISNA(VLOOKUP(B50,'Listes des charges'!$B$2:$F$449,4,FALSE)),"",VLOOKUP(B50,'Listes des charges'!$B$2:$F$449,4,FALSE)) -> 25 | F50: =IF(B50="","",IF(D50<>"",((D50*E50)/1000),IF(D50="",(E50*2/3)/$K$2))) -> 0.25 | H50: =IF(AND(F50>0,F50<>""),1,"") -> 1
C51: =IF(ISNA(VLOOKUP(B51,'Listes des charges'!$B$2:$F$449,2,FALSE)),"",VLOOKUP(B51,'Listes des charges'!$B$2:$F$449,2,FALSE)) | E51: =IF(ISNA(VLOOKUP(B51,'Listes des charges'!$B$2:$F$449,4,FALSE)),"",VLOOKUP(B51,'Listes des charges'!$B$2:$F$449,4,FALSE)) | F51: =IF(B51="","",IF(D51<>"",((D51*E51)/1000),IF(D51="",(E51*2/3)/$K$2))) | H51: =IF(AND(F51>0,F51<>""),1,"")
C52: =IF(ISNA(VLOOKUP(B52,'Listes des charges'!$B$2:$F$449,2,FALSE)),"",VLOOKUP(B52,'Listes des charges'!$B$2:$F$449,2,FALSE)) | E52: =IF(ISNA(VLOOKUP(B52,'Listes des charges'!$B$2:$F$449,4,FALSE)),"",VLOOKUP(B52,'Listes des charges'!$B$2:$F$449,4,FALSE)) | F52: =IF(B52="","",IF(D52<>"",((D52*E52)/1000),IF(D52="",(E52*2/3)/$K$2))) | H52: =IF(AND(F52>0,F52<>""),1,"")
C53: =IF(ISNA(VLOOKUP(B53,'Listes des charges'!$B$2:$F$449,2,FALSE)),"",VLOOKUP(B53,'Listes des charges'!$B$2:$F$449,2,FALSE)) | E53: =IF(ISNA(VLOOKUP(B53,'Listes des charges'!$B$2:$F$449,4,FALSE)),"",VLOOKUP(B53,'Listes des charges'!$B$2:$F$449,4,FALSE)) | F53: =IF(B53="","",IF(D53<>"",((D53*E53)/1000),IF(D53="",(E53*2/3)/$K$2))) | H53: =IF(AND(F53>0,F53<>""),1,"")
C54: =IF(ISNA(VLOOKUP(B54,'Listes des charges'!$B$2:$F$449,2,FALSE)),"",VLOOKUP(B54,'Listes des charges'!$B$2:$F$449,2,FALSE)) | E54: =IF(ISNA(VLOOKUP(B54,'Listes des charges'!$B$2:$F$449,4,FALSE)),"",VLOOKUP(B54,'Listes des charges'!$B$2:$F$449,4,FALSE)) | F54: =IF(B54="","",IF(D54<>"",((D54*E54)/1000),IF(D54="",(E54*2/3)/$K$2))) | H54: =IF(AND(F54>0,F54<>""),1,"")
C55: =IF(ISNA(VLOOKUP(B55,'Listes des charges'!$B$2:$F$449,2,FALSE)),"",VLOOKUP(B55,'Listes des charges'!$B$2:$F$449,2,FALSE)) | E55: =IF(ISNA(VLOOKUP(B55,'Listes des charges'!$B$2:$F$449,4,FALSE)),"",VLOOKUP(B55,'Listes des charges'!$B$2:$F$449,4,FALSE)) | F55: =IF(B55="","",IF(D55<>"",((D55*E55)/1000),IF(D55="",(E55*2/3)/$K$2))) | H55: =IF(AND(F55>0,F55<>""),1,"")
C56: =IF(ISNA(VLOOKUP(B56,'Listes des charges'!$B$2:$F$449,2,FALSE)),"",VLOOKUP(B56,'Listes des charges'!$B$2:$F$449,2,FALSE)) | E56: =IF(ISNA(VLOOKUP(B56,'Listes des charges'!$B$2:$F$449,4,FALSE)),"",VLOOKUP(B56,'Listes des charges'!$B$2:$F$449,4,FALSE)) | F56: =IF(B56="","",IF(D56<>"",((D56*E56)/1000),IF(D56="",(E56*2/3)/$K$2))) | H56: =IF(AND(F56>0,F56<>""),1,"")
C57: =IF(ISNA(VLOOKUP(B57,'Listes des charges'!$B$2:$F$449,2,FALSE)),"",VLOOKUP(B57,'Listes des charges'!$B$2:$F$449,2,FALSE)) | E57: =IF(ISNA(VLOOKUP(B57,'Listes des charges'!$B$2:$F$449,4,FALSE)),"",VLOOKUP(B57,'Listes des charges'!$B$2:$F$449,4,FALSE)) | F57: =IF(B57="","",IF(D57<>"",((D57*E57)/1000),IF(D57="",(E57*2/3)/$K$2))) | H57: =IF(AND(F57>0,F57<>""),1,"")

Sheet 5
B2: Nom | C2: ='Sommaire des pizzas'!C6 -> Pizza 5 | F2: Coefficient | G2: 2 | I2: NB de pizzas vendues Mensuels | K2: 600
B3: MAJ Le : | C3: 42461 | F3: Fraction Charges indirectes | G3: 0.5
B5: Charges directes et indirectes | C5: Unités | D5: Quantité | E5: Prix d'achat HT/ Coût Mensuel | F5: Prix de revient | G5: Observations | I5: Prix de vente Proposé | L5: 11
B6: Charges Mensuelles indirecte | H6: =IF(AND(F6>0,F6<>""),1,"") | I6: Prix de revient Charges indirectes | L6: =SUM(F6:F36) -> 6.6880761
B7: Emballages et conditionnement | C7: =IF(ISNA(VLOOKUP(B7,'Listes des charges'!$B$2:$F$449,2,FALSE)),"",VLOOKUP(B7,'Listes des charges'!$B$2:$F$449,2,FALSE)) -> 0 | E7: =IF(ISNA(VLOOKUP(B7,'Listes des charges'!$B$2:$F$449,4,FALSE)),"",VLOOKUP(B7,'Listes des charges'!$B$2:$F$449,4,FALSE)) -> 83.33 | F7: =IF(B7="","",IF(D7<>"",((D7*E7)/1000),IF(D7="",(E7*2/3)/$K$2))) -> 0.092588889 | H7: =IF(AND(F7>0,F7<>""),1,"") -> 1 | I7: Prix de revient Matières premières | L7: =SUM(F37:F80) -> #VALUE!
B8: Achats de marchandises TTC | C8: =IF(ISNA(VLOOKUP(B8,'Listes des charges'!$B$2:$F$449,2,FALSE)),"",VLOOKUP(B8,'Listes des charges'!$B$2:$F$449,2,FALSE)) -> 0 | E8: =IF(ISNA(VLOOKUP(B8,'Listes des charges'!$B$2:$F$449,4,FALSE)),"",VLOOKUP(B8,'Listes des charges'!$B$2:$F$449,4,FALSE)) -> 956.01852 | F8: =IF(B8="","",IF(D8<>"",((D8*E8)/1000),IF(D8="",(E8*2/3)/$K$2))) -> 1.0622428 | H8: =IF(AND(F8>0,F8<>""),1,"") -> 1 | I8: Prix de revient total | L8: =L6+L7 -> #VALUE!
B9: Loyers et charges locatives | C9: =IF(ISNA(VLOOKUP(B9,'Listes des charges'!$B$2:$F$449,2,FALSE)),"",VLOOKUP(B9,'Listes des charges'!$B$2:$F$449,2,FALSE)) -> 0 | E9: =IF(ISNA(VLOOKUP(B9,'Listes des charges'!$B$2:$F$449,4,FALSE)),"",VLOOKUP(B9,'Listes des charges'!$B$2:$F$449,4,FALSE)) -> 700 | F9: =IF(B9="","",IF(D9<>"",((D9*E9)/1000),IF(D9="",(E9*2/3)/$K$2))) -> 0.77777778 | H9: =IF(AND(F9>0,F9<>""),1,"") -> 1 | I9: Prix de revient unitaire | L9: =AVERAGE(F:F) -> #VALUE!
B10: Assurances véhicules et autres | C10: =IF(ISNA(VLOOKUP(B10,'Listes des charges'!$B$2:$F$449,2,FALSE)),"",VLOOKUP(B10,'Listes des charges'!$B$2:$F$449,2,FALSE)) -> 0 | E10: =IF(ISNA(VLOOKUP(B10,'Listes des charges'!$B$2:$F$449,4,FALSE)),"",VLOOKUP(B10,'Listes des charges'!$B$2:$F$449,4,FALSE)) -> 66 | F10: =IF(B10="","",IF(D10<>"",((D10*E10)/1000),IF(D10="",(E10*2/3)/$K$2))) -> 0.073333333 | H10: =IF(AND(F10>0,F10<>""),1,"") -> 1 | I10: % coût matières | L10: =L7/L5 -> #VALUE!
B11: Entretien des véhicules | C11: =IF(ISNA(VLOOKUP(B11,'Listes des charges'!$B$2:$F$449,2,FALSE)),"",VLOOKUP(B11,'Listes des charges'!$B$2:$F$449,2,FALSE)) -> 0 | E11: =IF(ISNA(VLOOKUP(B11,'Listes des charges'!$B$2:$F$449,4,FALSE)),"",VLOOKUP(B11,'Listes des charges'!$B$2:$F$449,4,FALSE)) -> 41.67 | F11: =IF(B11="","",IF(D11<>"",((D11*E11)/1000),IF(D11="",(E11*2/3)/$K$2))) -> 0.0463 | H11: =IF(AND(F11>0,F11<>""),1,"") -> 1 | I11: % Coût Charge indirectes | L11: =L6/L5 -> 0.60800692
B12: Electricité (locaux) | C12: =IF(ISNA(VLOOKUP(B12,'Listes des charges'!$B$2:$F$449,2,FALSE)),"",VLOOKUP(B12,'Listes des charges'!$B$2:$F$449,2,FALSE)) -> 0 | E12: =IF(ISNA(VLOOKUP(B12,'Listes des charges'!$B$2:$F$449,4,FALSE)),"",VLOOKUP(B12,'Listes des charges'!$B$2:$F$449,4,FALSE)) -> 125 | F12: =IF(B12="","",IF(D12<>"",((D12*E12)/1000),IF(D12="",(E12*2/3)/$K$2))) -> 0.13888889 | H12: =IF(AND(F12>0,F12<>""),1,"") -> 1 | I12: Prix de vente H.T. | L12: =L7*G2 -> #VALUE!
B13: Eau (locaux) | C13: =IF(ISNA(VLOOKUP(B13,'Listes des charges'!$B$2:$F$449,2,FALSE)),"",VLOOKUP(B13,'Listes des charges'!$B$2:$F$449,2,FALSE)) -> 0 | E13: =IF(ISNA(VLOOKUP(B13,'Listes des charges'!$B$2:$F$449,4,FALSE)),"",VLOOKUP(B13,'Listes des charges'!$B$2:$F$449,4,FALSE)) -> 83.33 | F13: =IF(B13="","",IF(D13<>"",((D13*E13)/1000),IF(D13="",(E13*2/3)/$K$2))) -> 0.092588889 | H13: =IF(AND(F13>0,F13<>""),1,"") -> 1 | I13: T.V.A. | L13: 0.1
B14: chauffage (locaux) | C14: =IF(ISNA(VLOOKUP(B14,'Listes des charges'!$B$2:$F$449,2,FALSE)),"",VLOOKUP(B14,'Listes des charges'!$B$2:$F$449,2,FALSE)) -> 0 | E14: =IF(ISNA(VLOOKUP(B14,'Listes des charges'!$B$2:$F$449,4,FALSE)),"",VLOOKUP(B14,'Listes des charges'!$B$2:$F$449,4,FALSE)) -> 41.67 | F14: =IF(B14="","",IF(D14<>"",((D14*E14)/1000),IF(D14="",(E14*2/3)/$K$2))) -> 0.0463 | H14: =IF(AND(F14>0,F14<>""),1,"") -> 1 | I14: Prix de vente T.T.C. selon Coef | L14: =L12+(L12*L13) -> #VALUE!
B15: Fournitures d'entretien | C15: =IF(ISNA(VLOOKUP(B15,'Listes des charges'!$B$2:$F$449,2,FALSE)),"",VLOOKUP(B15,'Listes des charges'!$B$2:$F$449,2,FALSE)) -> 0 | E15: =IF(ISNA(VLOOKUP(B15,'Listes des charges'!$B$2:$F$449,4,FALSE)),"",VLOOKUP(B15,'Listes des charges'!$B$2:$F$449,4,FALSE)) -> 41.67 | F15: =IF(B15="","",IF(D15<>"",((D15*E15)/1000),IF(D15="",(E15*2/3)/$K$2))) -> 0.0463 | H15: =IF(AND(F15>0,F15<>""),1,"") -> 1 | I15: Marge Brute Matière premieres | L15: =L5-L7 -> #VALUE!
B16: Fournitures administratives | C16: =IF(ISNA(VLOOKUP(B16,'Listes des charges'!$B$2:$F$449,2,FALSE)),"",VLOOKUP(B16,'Listes des charges'!$B$2:$F$449,2,FALSE)) -> 0 | E16: =IF(ISNA(VLOOKUP(B16,'Listes des charges'!$B$2:$F$449,4,FALSE)),"",VLOOKUP(B16,'Listes des charges'!$B$2:$F$449,4,FALSE)) -> 41.67 | F16: =IF(B16="","",IF(D16<>"",((D16*E16)/1000),IF(D16="",(E16*2/3)/$K$2))) -> 0.0463 | H16: =IF(AND(F16>0,F16<>""),1,"") -> 1 | I16: % MB Matières premières | L16: =L15/L5 -> #VALUE!
B17: Fournitures diverses | C17: =IF(ISNA(VLOOKUP(B17,'Listes des charges'!$B$2:$F$449,2,FALSE)),"",VLOOKUP(B17,'Listes des charges'!$B$2:$F$449,2,FALSE)) -> 0 | E17: =IF(ISNA(VLOOKUP(B17,'Listes des charges'!$B$2:$F$449,4,FALSE)),"",VLOOKUP(B17,'Listes des charges'!$B$2:$F$449,4,FALSE)) -> 41.67 | F17: =IF(B17="","",IF(D17<>"",((D17*E17)/1000),IF(D17="",(E17*2/3)/$K$2))) -> 0.0463 | H17: =IF(AND(F17>0,F17<>""),1,"") -> 1 | I17: Marge Brute Totale | L17: =L5-L8 -> #VALUE!
B18: Entretien (locaux, matériel) | C18: =IF(ISNA(VLOOKUP(B18,'Listes des charges'!$B$2:$F$449,2,FALSE)),"",VLOOKUP(B18,'Listes des charges'!$B$2:$F$449,2,FALSE)) -> 0 | E18: =IF(ISNA(VLOOKUP(B18,'Listes des charges'!$B$2:$F$449,4,FALSE)),"",VLOOKUP(B18,'Listes des charges'!$B$2:$F$449,4,FALSE)) -> 41.67 | F18: =IF(B18="","",IF(D18<>"",((D18*E18)/1000),IF(D18="",(E18*2/3)/$K$2))) -> 0.0463 | H18: =IF(AND(F18>0,F18<>""),1,"") -> 1 | I18: % de Marge brute Total | L18: =L17/L5 -> #VALUE!
B19: Téléphone | C19: =IF(ISNA(VLOOKUP(B19,'Listes des charges'!$B$2:$F$449,2,FALSE)),"",VLOOKUP(B19,'Listes des charges'!$B$2:$F$449,2,FALSE)) -> 0 | E19: =IF(ISNA(VLOOKUP(B19,'Listes des charges'!$B$2:$F$449,4,FALSE)),"",VLOOKUP(B19,'Listes des charges'!$B$2:$F$449,4,FALSE)) -> 41.67 | F19: =IF(B19="","",IF(D19<>"",((D19*E19)/1000),IF(D19="",(E19*2/3)/$K$2))) -> 0.0463 | H19: =IF(AND(F19>0,F19<>""),1,"") -> 1 | I19: Estimation bénéfice mensuel | L19: =L17*K2 -> #VALUE!
B20: Internet | C20: =IF(ISNA(VLOOKUP(B20,'Listes des charges'!$B$2:$F$449,2,FALSE)),"",VLOOKUP(B20,'Listes des charges'!$B$2:$F$449,2,FALSE)) -> 0 | E20: =IF(ISNA(VLOOKUP(B20,'Listes des charges'!$B$2:$F$449,4,FALSE)),"",VLOOKUP(B20,'Listes des charges'!$B$2:$F$449,4,FALSE)) -> 41.67 | F20: =IF(B20="","",IF(D20<>"",((D20*E20)/1000),IF(D20="",(E20*2/3)/$K$2))) -> 0.0463 | H20: =IF(AND(F20>0,F20<>""),1,"") -> 1 | I20: Bénéfice Annuel | L20: =L19*12 -> #VALUE!
B21: Publicité | C21: =IF(ISNA(VLOOKUP(B21,'Listes des charges'!$B$2:$F$449,2,FALSE)),"",VLOOKUP(B21,'Listes des charges'!$B$2:$F$449,2,FALSE)) -> 0 | E21: =IF(ISNA(VLOOKUP(B21,'Listes des charges'!$B$2:$F$449,4,FALSE)),"",VLOOKUP(B21,'Listes des charges'!$B$2:$F$449,4,FALSE)) -> 83.33 | F21: =IF(B21="","",IF(D21<>"",((D21*E21)/1000),IF(D21="",(E21*2/3)/$K$2))) -> 0.092588889 | H21: =IF(AND(F21>0,F21<>""),1,"") -> 1
B22: Rémunération du dirigeant | C22: =IF(ISNA(VLOOKUP(B22,'Listes des charges'!$B$2:$F$449,2,FALSE)),"",VLOOKUP(B22,'Listes des charges'!$B$2:$F$449,2,FALSE)) -> 0 | E22: =IF(ISNA(VLOOKUP(B22,'Listes des charges'!$B$2:$F$449,4,FALSE)),"",VLOOKUP(B22,'Listes des charges'!$B$2:$F$449,4,FALSE)) -> 1500 | F22: =IF(B22="","",IF(D22<>"",((D22*E22)/1000),IF(D22="",(E22*2/3)/$K$2))) -> 1.6666667 | H22: =IF(AND(F22>0,F22<>""),1,"") -> 1
B23: Cotisations sociales du dirigeant | C23: =IF(ISNA(VLOOKUP(B23,'Listes des charges'!$B$2:$F$449,2,FALSE)),"",VLOOKUP(B23,'Listes des charges'!$B$2:$F$449,2,FALSE)) -> 0 | E23: =IF(ISNA(VLOOKUP(B23,'Listes des charges'!$B$2:$F$449,4,FALSE)),"",VLOOKUP(B23,'Listes des charges'!$B$2:$F$449,4,FALSE)) -> 450.42 | F23: =IF(B23="","",IF(D23<>"",((D23*E23)/1000),IF(D23="",(E23*2/3)/$K$2))) -> 0.50046667 | H23: =IF(AND(F23>0,F23<>""),1,"") -> 1
B24: Dotation aux amortissements | C24: =IF(ISNA(VLOOKUP(B24,'Listes des charges'!$B$2:$F$449,2,FALSE)),"",VLOOKUP(B24,'Listes des charges'!$B$2:$F$449,2,FALSE)) -> 0 | E24: =IF(ISNA(VLOOKUP(B24,'Listes des charges'!$B$2:$F$449,4,FALSE)),"",VLOOKUP(B24,'Listes des charges'!$B$2:$F$449,4,FALSE)) -> 279.07 | F24: =IF(B24="","",IF(D24<>"",((D24*E24)/1000),IF(D24="",(E24*2/3)/$K$2))) -> 0.31007778 | H24: =IF(AND(F24>0,F24<>""),1,"") -> 1
B25: TVA | C25: =IF(ISNA(VLOOKUP(B25,'Listes des charges'!$B$2:$F$449,2,FALSE)),"",VLOOKUP(B25,'Listes des charges'!$B$2:$F$449,2,FALSE)) -> 0 | E25: =IF(ISNA(VLOOKUP(B25,'Listes des charges'!$B$2:$F$449,4,FALSE)),"",VLOOKUP(B25,'Listes des charges'!$B$2:$F$449,4,FALSE)) -> 1359.41 | F25: =IF(B25="","",IF(D25<>"",((D25*E25)/1000),IF(D25="",(E25*2/3)/$K$2))) -> 1.5104556 | H25: =IF(AND(F25>0,F25<>""),1,"") -> 1
C26: =IF(ISNA(VLOOKUP(B26,'Listes des charges'!$B$2:$F$449,2,FALSE)),"",VLOOKUP(B26,'Listes des charges'!$B$2:$F$449,2,FALSE)) | E26: =IF(ISNA(VLOOKUP(B26,'Listes des charges'!$B$2:$F$449,4,FALSE)),"",VLOOKUP(B26,'Listes des charges'!$B$2:$F$449,4,FALSE)) | F26: =IF(B26="","",IF(D26<>"",((D26*E26)/1000),IF(D26="",(E26*2/3)/$K$2))) | H26: =IF(AND(F26>0,F26<>""),1,"")
C27: =IF(ISNA(VLOOKUP(B27,'Listes des charges'!$B$2:$F$449,2,FALSE)),"",VLOOKUP(B27,'Listes des charges'!$B$2:$F$449,2,FALSE)) | E27: =IF(ISNA(VLOOKUP(B27,'Listes des charges'!$B$2:$F$449,4,FALSE)),"",VLOOKUP(B27,'Listes des charges'!$B$2:$F$449,4,FALSE)) | F27: =IF(B27="","",IF(D27<>"",((D27*E27)/1000),IF(D27="",(E27*2/3)/$K$2))) | H27: =IF(AND(F27>0,F27<>""),1,"")
C28: =IF(ISNA(VLOOKUP(B28,'Listes des charges'!$B$2:$F$449,2,FALSE)),"",VLOOKUP(B28,'Listes des charges'!$B$2:$F$449,2,FALSE)) | E28: =IF(ISNA(VLOOKUP(B28,'Listes des charges'!$B$2:$F$449,4,FALSE)),"",VLOOKUP(B28,'Listes des charges'!$B$2:$F$449,4,FALSE)) | F28: =IF(B28="","",IF(D28<>"",((D28*E28)/1000),IF(D28="",(E28*2/3)/$K$2))) | H28: =IF(AND(F28>0,F28<>""),1,"")
C29: =IF(ISNA(VLOOKUP(B29,'Listes des charges'!$B$2:$F$449,2,FALSE)),"",VLOOKUP(B29,'Listes des charges'!$B$2:$F$449,2,FALSE)) | E29: =IF(ISNA(VLOOKUP(B29,'Listes des charges'!$B$2:$F$449,4,FALSE)),"",VLOOKUP(B29,'Listes des charges'!$B$2:$F$449,4,FALSE)) | F29: =IF(B29="","",IF(D29<>"",((D29*E29)/1000),IF(D29="",(E29*2/3)/$K$2))) | H29: =IF(AND(F29>0,F29<>""),1,"")
C30: =IF(ISNA(VLOOKUP(B30,'Listes des charges'!$B$2:$F$449,2,FALSE)),"",VLOOKUP(B30,'Listes des charges'!$B$2:$F$449,2,FALSE)) | E30: =IF(ISNA(VLOOKUP(B30,'Listes des charges'!$B$2:$F$449,4,FALSE)),"",VLOOKUP(B30,'Listes des charges'!$B$2:$F$449,4,FALSE)) | F30: =IF(B30="","",IF(D30<>"",((D30*E30)/1000),IF(D30="",(E30*2/3)/$K$2))) | H30: =IF(AND(F30>0,F30<>""),1,"")
C31: =IF(ISNA(VLOOKUP(B31,'Listes des charges'!$B$2:$F$449,2,FALSE)),"",VLOOKUP(B31,'Listes des charges'!$B$2:$F$449,2,FALSE)) | E31: =IF(ISNA(VLOOKUP(B31,'Listes des charges'!$B$2:$F$449,4,FALSE)),"",VLOOKUP(B31,'Listes des charges'!$B$2:$F$449,4,FALSE)) | F31: =IF(B31="","",IF(D31<>"",((D31*E31)/1000),IF(D31="",(E31*2/3)/$K$2))) | H31: =IF(AND(F31>0,F31<>""),1,"")
C32: =IF(ISNA(VLOOKUP(B32,'Listes des charges'!$B$2:$F$449,2,FALSE)),"",VLOOKUP(B32,'Listes des charges'!$B$2:$F$449,2,FALSE)) | E32: =IF(ISNA(VLOOKUP(B32,'Listes des charges'!$B$2:$F$449,4,FALSE)),"",VLOOKUP(B32,'Listes des charges'!$B$2:$F$449,4,FALSE)) | F32: =IF(B32="","",IF(D32<>"",((D32*E32)/1000),IF(D32="",(E32*2/3)/$K$2))) | H32: =IF(AND(F32>0,F32<>""),1,"")
C33: =IF(ISNA(VLOOKUP(B33,'Listes des charges'!$B$2:$F$449,2,FALSE)),"",VLOOKUP(B33,'Listes des charges'!$B$2:$F$449,2,FALSE)) | E33: =IF(ISNA(VLOOKUP(B33,'Listes des charges'!$B$2:$F$449,4,FALSE)),"",VLOOKUP(B33,'Listes des charges'!$B$2:$F$449,4,FALSE)) | F33: =IF(B33="","",IF(D33<>"",((D33*E33)/1000),IF(D33="",(E33*2/3)/$K$2))) | H33: =IF(AND(F33>0,F33<>""),1,"")
C34: =IF(ISNA(VLOOKUP(B34,'Listes des charges'!$B$2:$F$449,2,FALSE)),"",VLOOKUP(B34,'Listes des charges'!$B$2:$F$449,2,FALSE)) | E34: =IF(ISNA(VLOOKUP(B34,'Listes des charges'!$B$2:$F$449,4,FALSE)),"",VLOOKUP(B34,'Listes des charges'!$B$2:$F$449,4,FALSE)) | F34: =IF(B34="","",IF(D34<>"",((D34*E34)/1000),IF(D34="",(E34*2/3)/$K$2))) | H34: =IF(AND(F34>0,F34<>""),1,"")
C35: =IF(ISNA(VLOOKUP(B35,'Listes des charges'!$B$2:$F$449,2,FALSE)),"",VLOOKUP(B35,'Listes des charges'!$B$2:$F$449,2,FALSE)) | E35: =IF(ISNA(VLOOKUP(B35,'Listes des charges'!$B$2:$F$449,4,FALSE)),"",VLOOKUP(B35,'Listes des charges'!$B$2:$F$449,4,FALSE)) | F35: =IF(B35="","",IF(D35<>"",((D35*E35)/1000),IF(D35="",(E35*2/3)/$K$2))) | H35: =IF(AND(F35>0,F35<>""),1,"")
C36: =IF(ISNA(VLOOKUP(B36,'Listes des charges'!$B$2:$F$449,2,FALSE)),"",VLOOKUP(B36,'Listes des charges'!$B$2:$F$449,2,FALSE)) | E36: =IF(ISNA(VLOOKUP(B36,'Listes des charges'!$B$2:$F$449,4,FALSE)),"",VLOOKUP(B36,'Listes des charges'!$B$2:$F$449,4,FALSE)) | F36: =IF(B36="","",IF(D36<>"",((D36*E36)/1000),IF(D36="",(E36*2/3)/$K$2))) | H36: =IF(AND(F36>0,F36<>""),1,"")
B37: Charges Mensuelles directes | H37: =IF(AND(F37>0,F37<>""),1,"")
B38: Paton | C38: =IF(ISNA(VLOOKUP(B38,'Listes des charges'!$B$2:$F$449,2,FALSE)),"",VLOOKUP(B38,'Listes des charges'!$B$2:$F$449,2,FALSE)) | E38: =IF(ISNA(VLOOKUP(B38,'Listes des charges'!$B$2:$F$449,4,FALSE)),"",VLOOKUP(B38,'Listes des charges'!$B$2:$F$449,4,FALSE)) | F38: =IF(B38="","",IF(D38<>"",((D38*E38)/1000),IF(D38="",(E38*2/3)/$K$2))) -> #VALUE! | H38: =IF(AND(F38>0,F38<>""),1,"") -> #VALUE!
B39: Farine | C39: =IF(ISNA(VLOOKUP(B39,'Listes des charges'!$B$2:$F$449,2,FALSE)),"",VLOOKUP(B39,'Listes des charges'!$B$2:$F$449,2,FALSE)) -> gr | D39: 166 | E39: =IF(ISNA(VLOOKUP(B39,'Listes des charges'!$B$2:$F$449,4,FALSE)),"",VLOOKUP(B39,'Listes des charges'!$B$2:$F$449,4,FALSE)) -> 3.88 | F39: =IF(B39="","",IF(D39<>"",((D39*E39)/1000),IF(D39="",(E39*2/3)/$K$2))) -> 0.64408 | H39: =IF(AND(F39>0,F39<>""),1,"") -> 1
B40: Levure en sachet | C40: =IF(ISNA(VLOOKUP(B40,'Listes des charges'!$B$2:$F$449,2,FALSE)),"",VLOOKUP(B40,'Listes des charges'!$B$2:$F$449,2,FALSE)) -> gr | D40: 1 | E40: =IF(ISNA(VLOOKUP(B40,'Listes des charges'!$B$2:$F$449,4,FALSE)),"",VLOOKUP(B40,'Listes des charges'!$B$2:$F$449,4,FALSE)) -> 69.8 | F40: =IF(B40="","",IF(D40<>"",((D40*E40)/1000),IF(D40="",(E40*2/3)/$K$2))) -> 0.0698 | H40: =IF(AND(F40>0,F40<>""),1,"") -> 1
B41: Levure boulangère | C41: =IF(ISNA(VLOOKUP(B41,'Listes des charges'!$B$2:$F$449,2,FALSE)),"",VLOOKUP(B41,'Listes des charges'!$B$2:$F$449,2,FALSE)) -> gr | D41: 3 | E41: =IF(ISNA(VLOOKUP(B41,'Listes des charges'!$B$2:$F$449,4,FALSE)),"",VLOOKUP(B41,'Listes des charges'!$B$2:$F$449,4,FALSE)) -> 14.51 | F41: =IF(B41="","",IF(D41<>"",((D41*E41)/1000),IF(D41="",(E41*2/3)/$K$2))) -> 0.04353 | H41: =IF(AND(F41>0,F41<>""),1,"") -> 1
B42: Eau | C42: =IF(ISNA(VLOOKUP(B42,'Listes des charges'!$B$2:$F$449,2,FALSE)),"",VLOOKUP(B42,'Listes des charges'!$B$2:$F$449,2,FALSE)) -> gr | D42: 0.1 | E42: =IF(ISNA(VLOOKUP(B42,'Listes des charges'!$B$2:$F$449,4,FALSE)),"",VLOOKUP(B42,'Listes des charges'!$B$2:$F$449,4,FALSE)) -> 0 | F42: =IF(B42="","",IF(D42<>"",((D42*E42)/1000),IF(D42="",(E42*2/3)/$K$2))) -> 0 | H42: =IF(AND(F42>0,F42<>""),1,"")
B43: Sel | C43: =IF(ISNA(VLOOKUP(B43,'Listes des charges'!$B$2:$F$449,2,FALSE)),"",VLOOKUP(B43,'Listes des charges'!$B$2:$F$449,2,FALSE)) -> gr | D43: 4.2 | E43: =IF(ISNA(VLOOKUP(B43,'Listes des charges'!$B$2:$F$449,4,FALSE)),"",VLOOKUP(B43,'Listes des charges'!$B$2:$F$449,4,FALSE)) -> 0 | F43: =IF(B43="","",IF(D43<>"",((D43*E43)/1000),IF(D43="",(E43*2/3)/$K$2))) -> 0 | H43: =IF(AND(F43>0,F43<>""),1,"")
B44: Garnitures | C44: =IF(ISNA(VLOOKUP(B44,'Listes des charges'!$B$2:$F$449,2,FALSE)),"",VLOOKUP(B44,'Listes des charges'!$B$2:$F$449,2,FALSE)) -> 0 | E44: =IF(ISNA(VLOOKUP(B44,'Listes des charges'!$B$2:$F$449,4,FALSE)),"",VLOOKUP(B44,'Listes des charges'!$B$2:$F$449,4,FALSE)) -> 0 | F44: =IF(B44="","",IF(D44<>"",((D44*E44)/1000),IF(D44="",(E44*2/3)/$K$2))) -> 0 | H44: =IF(AND(F44>0,F44<>""),1,"")
B45: Coulis de Tomate fraiches | C45: =IF(ISNA(VLOOKUP(B45,'Listes des charges'!$B$2:$F$449,2,FALSE)),"",VLOOKUP(B45,'Listes des charges'!$B$2:$F$449,2,FALSE)) -> gr | D45: 50 | E45: =IF(ISNA(VLOOKUP(B45,'Listes des charges'!$B$2:$F$449,4,FALSE)),"",VLOOKUP(B45,'Listes des charges'!$B$2:$F$449,4,FALSE)) -> 2.14 | F45: =IF(B45="","",IF(D45<>"",((D45*E45)/1000),IF(D45="",(E45*2/3)/$K$2))) -> 0.107 | H45: =IF(AND(F45>0,F45<>""),1,"") -> 1
B46: Mozzarella | C46: =IF(ISNA(VLOOKUP(B46,'Listes des charges'!$B$2:$F$449,2,FALSE)),"",VLOOKUP(B46,'Listes des charges'!$B$2:$F$449,2,FALSE)) -> gr | D46: 100 | E46: =IF(ISNA(VLOOKUP(B46,'Listes des charges'!$B$2:$F$449,4,FALSE)),"",VLOOKUP(B46,'Listes des charges'!$B$2:$F$449,4,FALSE)) -> 8.4 | F46: =IF(B46="","",IF(D46<>"",((D46*E46)/1000),IF(D46="",(E46*2/3)/$K$2))) -> 0.84 | H46: =IF(AND(F46>0,F46<>""),1,"") -> 1
B47: Origan | C47: =IF(ISNA(VLOOKUP(B47,'Listes des charges'!$B$2:$F$449,2,FALSE)),"",VLOOKUP(B47,'Listes des charges'!$B$2:$F$449,2,FALSE)) -> gr | D47: 10 | E47: =IF(ISNA(VLOOKUP(B47,'Listes des charges'!$B$2:$F$449,4,FALSE)),"",VLOOKUP(B47,'Listes des charges'!$B$2:$F$449,4,FALSE)) -> 25 | F47: =IF(B47="","",IF(D47<>"",((D47*E47)/1000),IF(D47="",(E47*2/3)/$K$2))) -> 0.25 | H47: =IF(AND(F47>0,F47<>""),1,"") -> 1
B48: Moules | C48: =IF(ISNA(VLOOKUP(B48,'Listes des charges'!$B$2:$F$449,2,FALSE)),"",VLOOKUP(B48,'Listes des charges'!$B$2:$F$449,2,FALSE)) -> gr | D48: 50 | E48: =IF(ISNA(VLOOKUP(B48,'Listes des charges'!$B$2:$F$449,4,FALSE)),"",VLOOKUP(B48,'Listes des charges'!$B$2:$F$449,4,FALSE)) -> 3.45 | F48: =IF(B48="","",IF(D48<>"",((D48*E48)/1000),IF(D48="",(E48*2/3)/$K$2))) -> 0.1725 | H48: =IF(AND(F48>0,F48<>""),1,"") -> 1
B49: encornets | C49: =IF(ISNA(VLOOKUP(B49,'Listes des charges'!$B$2:$F$449,2,FALSE)),"",VLOOKUP(B49,'Listes des charges'!$B$2:$F$449,2,FALSE)) -> gr | D49: 50 | E49: =IF(ISNA(VLOOKUP(B49,'Listes des charges'!$B$2:$F$449,4,FALSE)),"",VLOOKUP(B49,'Listes des charges'!$B$2:$F$449,4,FALSE)) -> 12.5 | F49: =IF(B49="","",IF(D49<>"",((D49*E49)/1000),IF(D49="",(E49*2/3)/$K$2))) -> 0.625 | H49: =IF(AND(F49>0,F49<>""),1,"") -> 1
B50: Crevettes Roses | C50: =IF(ISNA(VLOOKUP(B50,'Listes des charges'!$B$2:$F$449,2,FALSE)),"",VLOOKUP(B50,'Listes des charges'!$B$2:$F$449,2,FALSE)) -> gr | D50: 50 | E50: =IF(ISNA(VLOOKUP(B50,'Listes des charges'!$B$2:$F$449,4,FALSE)),"",VLOOKUP(B50,'Listes des charges'!$B$2:$F$449,4,FALSE)) -> 41.69 | F50: =IF(B50="","",IF(D50<>"",((D50*E50)/1000),IF(D50="",(E50*2/3)/$K$2))) -> 2.0845 | H50: =IF(AND(F50>0,F50<>""),1,"") -> 1
C51: =IF(ISNA(VLOOKUP(B51,'Listes des charges'!$B$2:$F$449,2,FALSE)),"",VLOOKUP(B51,'Listes des charges'!$B$2:$F$449,2,FALSE)) | E51: =IF(ISNA(VLOOKUP(B51,'Listes des charges'!$B$2:$F$449,4,FALSE)),"",VLOOKUP(B51,'Listes des charges'!$B$2:$F$449,4,FALSE)) | F51: =IF(B51="","",IF(D51<>"",((D51*E51)/1000),IF(D51="",(E51*2/3)/$K$2))) | H51: =IF(AND(F51>0,F51<>""),1,"")
C52: =IF(ISNA(VLOOKUP(B52,'Listes des charges'!$B$2:$F$449,2,FALSE)),"",VLOOKUP(B52,'Listes des charges'!$B$2:$F$449,2,FALSE)) | E52: =IF(ISNA(VLOOKUP(B52,'Listes des charges'!$B$2:$F$449,4,FALSE)),"",VLOOKUP(B52,'Listes des charges'!$B$2:$F$449,4,FALSE)) | F52: =IF(B52="","",IF(D52<>"",((D52*E52)/1000),IF(D52="",(E52*2/3)/$K$2))) | H52: =IF(AND(F52>0,F52<>""),1,"")
C53: =IF(ISNA(VLOOKUP(B53,'Listes des charges'!$B$2:$F$449,2,FALSE)),"",VLOOKUP(B53,'Listes des charges'!$B$2:$F$449,2,FALSE)) | E53: =IF(ISNA(VLOOKUP(B53,'Listes des charges'!$B$2:$F$449,4,FALSE)),"",VLOOKUP(B53,'Listes des charges'!$B$2:$F$449,4,FALSE)) | F53: =IF(B53="","",IF(D53<>"",((D53*E53)/1000),IF(D53="",(E53*2/3)/$K$2))) | H53: =IF(AND(F53>0,F53<>""),1,"")
C54: =IF(ISNA(VLOOKUP(B54,'Listes des charges'!$B$2:$F$449,2,FALSE)),"",VLOOKUP(B54,'Listes des charges'!$B$2:$F$449,2,FALSE)) | E54: =IF(ISNA(VLOOKUP(B54,'Listes des charges'!$B$2:$F$449,4,FALSE)),"",VLOOKUP(B54,'Listes des charges'!$B$2:$F$449,4,FALSE)) | F54: =IF(B54="","",IF(D54<>"",((D54*E54)/1000),IF(D54="",(E54*2/3)/$K$2))) | H54: =IF(AND(F54>0,F54<>""),1,"")
C55: =IF(ISNA(VLOOKUP(B55,'Listes des charges'!$B$2:$F$449,2,FALSE)),"",VLOOKUP(B55,'Listes des charges'!$B$2:$F$449,2,FALSE)) | E55: =IF(ISNA(VLOOKUP(B55,'Listes des charges'!$B$2:$F$449,4,FALSE)),"",VLOOKUP(B55,'Listes des charges'!$B$2:$F$449,4,FALSE)) | F55: =IF(B55="","",IF(D55<>"",((D55*E55)/1000),IF(D55="",(E55*2/3)/$K$2))) | H55: =IF(AND(F55>0,F55<>""),1,"")
C56: =IF(ISNA(VLOOKUP(B56,'Listes des charges'!$B$2:$F$449,2,FALSE)),"",VLOOKUP(B56,'Listes des charges'!$B$2:$F$449,2,FALSE)) | E56: =IF(ISNA(VLOOKUP(B56,'Listes des charges'!$B$2:$F$449,4,FALSE)),"",VLOOKUP(B56,'Listes des charges'!$B$2:$F$449,4,FALSE)) | F56: =IF(B56="","",IF(D56<>"",((D56*E56)/1000),IF(D56="",(E56*2/3)/$K$2))) | H56: =IF(AND(F56>0,F56<>""),1,"")
C57: =IF(ISNA(VLOOKUP(B57,'Listes des charges'!$B$2:$F$449,2,FALSE)),"",VLOOKUP(B57,'Listes des charges'!$B$2:$F$449,2,FALSE)) | E57: =IF(ISNA(VLOOKUP(B57,'Listes des charges'!$B$2:$F$449,4,FALSE)),"",VLOOKUP(B57,'Listes des charges'!$B$2:$F$449,4,FALSE)) | F57: =IF(B57="","",IF(D57<>"",((D57*E57)/1000),IF(D57="",(E57*2/3)/$K$2))) | H57: =IF(AND(F57>0,F57<>""),1,"")

Sheet 6
B2: Nom | C2: ='Sommaire des pizzas'!C7 -> Pizza 6 | F2: Coefficient | I2: NB de pizzas vendues Mensuels
B3: MAJ Le : | C3: 42461 | F3: Fraction Charges indirectes | G3: 0.5
B5: Charges directes et indirectes | C5: Unités | D5: Quantité | E5: Prix d'achat HT/ Coût Mensuel | F5: Prix de revient | G5: Observations | I5: Prix de vente Proposé
B6: Charges Mensuelles indirecte | H6: =IF(AND(F6>0,F6<>""),1,"") | I6: Prix de revient Charges indirectes | L6: =SUM(F6:F36) -> #DIV/0!
B7: Emballages et conditionnement | C7: =IF(ISNA(VLOOKUP(B7,'Listes des charges'!$B$2:$F$449,2,FALSE)),"",VLOOKUP(B7,'Listes des charges'!$B$2:$F$449,2,FALSE)) -> 0 | E7: =IF(ISNA(VLOOKUP(B7,'Listes des charges'!$B$2:$F$449,4,FALSE)),"",VLOOKUP(B7,'Listes des charges'!$B$2:$F$449,4,FALSE)) -> 83.33 | F7: =IF(B7="","",IF(D7<>"",((D7*E7)/1000),IF(D7="",(E7*2/3)/$K$2))) -> #DIV/0! | H7: =IF(AND(F7>0,F7<>""),1,"") -> #DIV/0! | I7: Prix de revient Matières premières | L7: =SUM(F37:F80) -> #VALUE!
B8: Achats de marchandises TTC | C8: =IF(ISNA(VLOOKUP(B8,'Listes des charges'!$B$2:$F$449,2,FALSE)),"",VLOOKUP(B8,'Listes des charges'!$B$2:$F$449,2,FALSE)) -> 0 | E8: =IF(ISNA(VLOOKUP(B8,'Listes des charges'!$B$2:$F$449,4,FALSE)),"",VLOOKUP(B8,'Listes des charges'!$B$2:$F$449,4,FALSE)) -> 956.01852 | F8: =IF(B8="","",IF(D8<>"",((D8*E8)/1000),IF(D8="",(E8*2/3)/$K$2))) -> #DIV/0! | H8: =IF(AND(F8>0,F8<>""),1,"") -> #DIV/0! | I8: Prix de revient total | L8: =L6+L7 -> #DIV/0!
B9: Loyers et charges locatives | C9: =IF(ISNA(VLOOKUP(B9,'Listes des charges'!$B$2:$F$449,2,FALSE)),"",VLOOKUP(B9,'Listes des charges'!$B$2:$F$449,2,FALSE)) -> 0 | E9: =IF(ISNA(VLOOKUP(B9,'Listes des charges'!$B$2:$F$449,4,FALSE)),"",VLOOKUP(B9,'Listes des charges'!$B$2:$F$449,4,FALSE)) -> 700 | F9: =IF(B9="","",IF(D9<>"",((D9*E9)/1000),IF(D9="",(E9*2/3)/$K$2))) -> #DIV/0! | H9: =IF(AND(F9>0,F9<>""),1,"") -> #DIV/0! | I9: Prix de revient unitaire | L9: =AVERAGE(F:F) -> #DIV/0!
B10: Assurances véhicules et autres | C10: =IF(ISNA(VLOOKUP(B10,'Listes des charges'!$B$2:$F$449,2,FALSE)),"",VLOOKUP(B10,'Listes des charges'!$B$2:$F$449,2,FALSE)) -> 0 | E10: =IF(ISNA(VLOOKUP(B10,'Listes des charges'!$B$2:$F$449,4,FALSE)),"",VLOOKUP(B10,'Listes des charges'!$B$2:$F$449,4,FALSE)) -> 66 | F10: =IF(B10="","",IF(D10<>"",((D10*E10)/1000),IF(D10="",(E10*2/3)/$K$2))) -> #DIV/0! | H10: =IF(AND(F10>0,F10<>""),1,"") -> #DIV/0! | I10: % coût matières | L10: =L7/L5 -> #VALUE!
B11: Entretien des véhicules | C11: =IF(ISNA(VLOOKUP(B11,'Listes des charges'!$B$2:$F$449,2,FALSE)),"",VLOOKUP(B11,'Listes des charges'!$B$2:$F$449,2,FALSE)) -> 0 | E11: =IF(ISNA(VLOOKUP(B11,'Listes des charges'!$B$2:$F$449,4,FALSE)),"",VLOOKUP(B11,'Listes des charges'!$B$2:$F$449,4,FALSE)) -> 41.67 | F11: =IF(B11="","",IF(D11<>"",((D11*E11)/1000),IF(D11="",(E11*2/3)/$K$2))) -> #DIV/0! | H11: =IF(AND(F11>0,F11<>""),1,"") -> #DIV/0! | I11: % Coût Charge indirectes | L11: =L6/L5 -> #DIV/0!
B12: Electricité (locaux) | C12: =IF(ISNA(VLOOKUP(B12,'Listes des charges'!$B$2:$F$449,2,FALSE)),"",VLOOKUP(B12,'Listes des charges'!$B$2:$F$449,2,FALSE)) -> 0 | E12: =IF(ISNA(VLOOKUP(B12,'Listes des charges'!$B$2:$F$449,4,FALSE)),"",VLOOKUP(B12,'Listes des charges'!$B$2:$F$449,4,FALSE)) -> 125 | F12: =IF(B12="","",IF(D12<>"",((D12*E12)/1000),IF(D12="",(E12*2/3)/$K$2))) -> #DIV/0! | H12: =IF(AND(F12>0,F12<>""),1,"") -> #DIV/0! | I12: Prix de vente H.T. | L12: =L7*G2 -> #VALUE!
B13: Eau (locaux) | C13: =IF(ISNA(VLOOKUP(B13,'Listes des charges'!$B$2:$F$449,2,FALSE)),"",VLOOKUP(B13,'Listes des charges'!$B$2:$F$449,2,FALSE)) -> 0 | E13: =IF(ISNA(VLOOKUP(B13,'Listes des charges'!$B$2:$F$449,4,FALSE)),"",VLOOKUP(B13,'Listes des charges'!$B$2:$F$449,4,FALSE)) -> 83.33 | F13: =IF(B13="","",IF(D13<>"",((D13*E13)/1000),IF(D13="",(E13*2/3)/$K$2))) -> #DIV/0! | H13: =IF(AND(F13>0,F13<>""),1,"") -> #DIV/0! | I13: T.V.A. | L13: 0.1
B14: chauffage (locaux) | C14: =IF(ISNA(VLOOKUP(B14,'Listes des charges'!$B$2:$F$449,2,FALSE)),"",VLOOKUP(B14,'Listes des charges'!$B$2:$F$449,2,FALSE)) -> 0 | E14: =IF(ISNA(VLOOKUP(B14,'Listes des charges'!$B$2:$F$449,4,FALSE)),"",VLOOKUP(B14,'Listes des charges'!$B$2:$F$449,4,FALSE)) -> 41.67 | F14: =IF(B14="","",IF(D14<>"",((D14*E14)/1000),IF(D14="",(E14*2/3)/$K$2))) -> #DIV/0! | H14: =IF(AND(F14>0,F14<>""),1,"") -> #DIV/0! | I14: Prix de vente T.T.C. selon Coef | L14: =L12+(L12*L13) -> #VALUE!
B15: Fournitures d'entretien | C15: =IF(ISNA(VLOOKUP(B15,'Listes des charges'!$B$2:$F$449,2,FALSE)),"",VLOOKUP(B15,'Listes des charges'!$B$2:$F$449,2,FALSE)) -> 0 | E15: =IF(ISNA(VLOOKUP(B15,'Listes des charges'!$B$2:$F$449,4,FALSE)),"",VLOOKUP(B15,'Listes des charges'!$B$2:$F$449,4,FALSE)) -> 41.67 | F15: =IF(B15="","",IF(D15<>"",((D15*E15)/1000),IF(D15="",(E15*2/3)/$K$2))) -> #DIV/0! | H15: =IF(AND(F15>0,F15<>""),1,"") -> #DIV/0! | I15: Marge Brute Matière premieres | L15: =L5-L7 -> #VALUE!
B16: Fournitures administratives | C16: =IF(ISNA(VLOOKUP(B16,'Listes des charges'!$B$2:$F$449,2,FALSE)),"",VLOOKUP(B16,'Listes des charges'!$B$2:$F$449,2,FALSE)) -> 0 | E16: =IF(ISNA(VLOOKUP(B16,'Listes des charges'!$B$2:$F$449,4,FALSE)),"",VLOOKUP(B16,'Listes des charges'!$B$2:$F$449,4,FALSE)) -> 41.67 | F16: =IF(B16="","",IF(D16<>"",((D16*E16)/1000),IF(D16="",(E16*2/3)/$K$2))) -> #DIV/0! | H16: =IF(AND(F16>0,F16<>""),1,"") -> #DIV/0! | I16: % MB Matières premières | L16: =L15/L5 -> #VALUE!
B17: Fournitures diverses | C17: =IF(ISNA(VLOOKUP(B17,'Listes des charges'!$B$2:$F$449,2,FALSE)),"",VLOOKUP(B17,'Listes des charges'!$B$2:$F$449,2,FALSE)) -> 0 | E17: =IF(ISNA(VLOOKUP(B17,'Listes des charges'!$B$2:$F$449,4,FALSE)),"",VLOOKUP(B17,'Listes des charges'!$B$2:$F$449,4,FALSE)) -> 41.67 | F17: =IF(B17="","",IF(D17<>"",((D17*E17)/1000),IF(D17="",(E17*2/3)/$K$2))) -> #DIV/0! | H17: =IF(AND(F17>0,F17<>""),1,"") -> #DIV/0! | I17: Marge Brute Totale | L17: =L5-L8 -> #DIV/0!
B18: Entretien (locaux, matériel) | C18: =IF(ISNA(VLOOKUP(B18,'Listes des charges'!$B$2:$F$449,2,FALSE)),"",VLOOKUP(B18,'Listes des charges'!$B$2:$F$449,2,FALSE)) -> 0 | E18: =IF(ISNA(VLOOKUP(B18,'Listes des charges'!$B$2:$F$449,4,FALSE)),"",VLOOKUP(B18,'Listes des charges'!$B$2:$F$449,4,FALSE)) -> 41.67 | F18: =IF(B18="","",IF(D18<>"",((D18*E18)/1000),IF(D18="",(E18*2/3)/$K$2))) -> #DIV/0! | H18: =IF(AND(F18>0,F18<>""),1,"") -> #DIV/0! | I18: % de Marge brute Total | L18: =L17/L5 -> #DIV/0!
B19: Téléphone | C19: =IF(ISNA(VLOOKUP(B19,'Listes des charges'!$B$2:$F$449,2,FALSE)),"",VLOOKUP(B19,'Listes des charges'!$B$2:$F$449,2,FALSE)) -> 0 | E19: =IF(ISNA(VLOOKUP(B19,'Listes des charges'!$B$2:$F$449,4,FALSE)),"",VLOOKUP(B19,'Listes des charges'!$B$2:$F$449,4,FALSE)) -> 41.67 | F19: =IF(B19="","",IF(D19<>"",((D19*E19)/1000),IF(D19="",(E19*2/3)/$K$2))) -> #DIV/0! | H19: =IF(AND(F19>0,F19<>""),1,"") -> #DIV/0! | I19: Estimation bénéfice mensuel | L19: =L17*K2 -> #DIV/0!
B20: Internet | C20: =IF(ISNA(VLOOKUP(B20,'Listes des charges'!$B$2:$F$449,2,FALSE)),"",VLOOKUP(B20,'Listes des charges'!$B$2:$F$449,2,FALSE)) -> 0 | E20: =IF(ISNA(VLOOKUP(B20,'Listes des charges'!$B$2:$F$449,4,FALSE)),"",VLOOKUP(B20,'Listes des charges'!$B$2:$F$449,4,FALSE)) -> 41.67 | F20: =IF(B20="","",IF(D20<>"",((D20*E20)/1000),IF(D20="",(E20*2/3)/$K$2))) -> #DIV/0! | H20: =IF(AND(F20>0,F20<>""),1,"") -> #DIV/0! | I20: Bénéfice Annuel | L20: =L19*12 -> #DIV/0!
B21: Publicité | C21: =IF(ISNA(VLOOKUP(B21,'Listes des charges'!$B$2:$F$449,2,FALSE)),"",VLOOKUP(B21,'Listes des charges'!$B$2:$F$449,2,FALSE)) -> 0 | E21: =IF(ISNA(VLOOKUP(B21,'Listes des charges'!$B$2:$F$449,4,FALSE)),"",VLOOKUP(B21,'Listes des charges'!$B$2:$F$449,4,FALSE)) -> 83.33 | F21: =IF(B21="","",IF(D21<>"",((D21*E21)/1000),IF(D21="",(E21*2/3)/$K$2))) -> #DIV/0! | H21: =IF(AND(F21>0,F21<>""),1,"") -> #DIV/0!
B22: Rémunération du dirigeant | C22: =IF(ISNA(VLOOKUP(B22,'Listes des charges'!$B$2:$F$449,2,FALSE)),"",VLOOKUP(B22,'Listes des charges'!$B$2:$F$449,2,FALSE)) -> 0 | E22: =IF(ISNA(VLOOKUP(B22,'Listes des charges'!$B$2:$F$449,4,FALSE)),"",VLOOKUP(B22,'Listes des charges'!$B$2:$F$449,4,FALSE)) -> 1500 | F22: =IF(B22="","",IF(D22<>"",((D22*E22)/1000),IF(D22="",(E22*2/3)/$K$2))) -> #DIV/0! | H22: =IF(AND(F22>0,F22<>""),1,"") -> #DIV/0!
B23: Cotisations sociales du dirigeant | C23: =IF(ISNA(VLOOKUP(B23,'Listes des charges'!$B$2:$F$449,2,FALSE)),"",VLOOKUP(B23,'Listes des charges'!$B$2:$F$449,2,FALSE)) -> 0 | E23: =IF(ISNA(VLOOKUP(B23,'Listes des charges'!$B$2:$F$449,4,FALSE)),"",VLOOKUP(B23,'Listes des charges'!$B$2:$F$449,4,FALSE)) -> 450.42 | F23: =IF(B23="","",IF(D23<>"",((D23*E23)/1000),IF(D23="",(E23*2/3)/$K$2))) -> #DIV/0! | H23: =IF(AND(F23>0,F23<>""),1,"") -> #DIV/0!
B24: Dotation aux amortissements | C24: =IF(ISNA(VLOOKUP(B24,'Listes des charges'!$B$2:$F$449,2,FALSE)),"",VLOOKUP(B24,'Listes des charges'!$B$2:$F$449,2,FALSE)) -> 0 | E24: =IF(ISNA(VLOOKUP(B24,'Listes des charges'!$B$2:$F$449,4,FALSE)),"",VLOOKUP(B24,'Listes des charges'!$B$2:$F$449,4,FALSE)) -> 279.07 | F24: =IF(B24="","",IF(D24<>"",((D24*E24)/1000),IF(D24="",(E24*2/3)/$K$2))) -> #DIV/0! | H24: =IF(AND(F24>0,F24<>""),1,"") -> #DIV/0!
B25: TVA | C25: =IF(ISNA(VLOOKUP(B25,'Listes des charges'!$B$2:$F$449,2,FALSE)),"",VLOOKUP(B25,'Listes des charges'!$B$2:$F$449,2,FALSE)) -> 0 | E25: =IF(ISNA(VLOOKUP(B25,'Listes des charges'!$B$2:$F$449,4,FALSE)),"",VLOOKUP(B25,'Listes des charges'!$B$2:$F$449,4,FALSE)) -> 1359.41 | F25: =IF(B25="","",IF(D25<>"",((D25*E25)/1000),IF(D25="",(E25*2/3)/$K$2))) -> #DIV/0! | H25: =IF(AND(F25>0,F25<>""),1,"") -> #DIV/0!
C26: =IF(ISNA(VLOOKUP(B26,'Listes des charges'!$B$2:$F$449,2,FALSE)),"",VLOOKUP(B26,'Listes des charges'!$B$2:$F$449,2,FALSE)) | E26: =IF(ISNA(VLOOKUP(B26,'Listes des charges'!$B$2:$F$449,4,FALSE)),"",VLOOKUP(B26,'Listes des charges'!$B$2:$F$449,4,FALSE)) | F26: =IF(B26="","",IF(D26<>"",((D26*E26)/1000),IF(D26="",(E26*2/3)/$K$2))) | H26: =IF(AND(F26>0,F26<>""),1,"")
C27: =IF(ISNA(VLOOKUP(B27,'Listes des charges'!$B$2:$F$449,2,FALSE)),"",VLOOKUP(B27,'Listes des charges'!$B$2:$F$449,2,FALSE)) | E27: =IF(ISNA(VLOOKUP(B27,'Listes des charges'!$B$2:$F$449,4,FALSE)),"",VLOOKUP(B27,'Listes des charges'!$B$2:$F$449,4,FALSE)) | F27: =IF(B27="","",IF(D27<>"",((D27*E27)/1000),IF(D27="",(E27*2/3)/$K$2))) | H27: =IF(AND(F27>0,F27<>""),1,"")
C28: =IF(ISNA(VLOOKUP(B28,'Listes des charges'!$B$2:$F$449,2,FALSE)),"",VLOOKUP(B28,'Listes des charges'!$B$2:$F$449,2,FALSE)) | E28: =IF(ISNA(VLOOKUP(B28,'Listes des charges'!$B$2:$F$449,4,FALSE)),"",VLOOKUP(B28,'Listes des charges'!$B$2:$F$449,4,FALSE)) | F28: =IF(B28="","",IF(D28<>"",((D28*E28)/1000),IF(D28="",(E28*2/3)/$K$2))) | H28: =IF(AND(F28>0,F28<>""),1,"")
C29: =IF(ISNA(VLOOKUP(B29,'Listes des charges'!$B$2:$F$449,2,FALSE)),"",VLOOKUP(B29,'Listes des charges'!$B$2:$F$449,2,FALSE)) | E29: =IF(ISNA(VLOOKUP(B29,'Listes des charges'!$B$2:$F$449,4,FALSE)),"",VLOOKUP(B29,'Listes des charges'!$B$2:$F$449,4,FALSE)) | F29: =IF(B29="","",IF(D29<>"",((D29*E29)/1000),IF(D29="",(E29*2/3)/$K$2))) | H29: =IF(AND(F29>0,F29<>""),1,"")
C30: =IF(ISNA(VLOOKUP(B30,'Listes des charges'!$B$2:$F$449,2,FALSE)),"",VLOOKUP(B30,'Listes des charges'!$B$2:$F$449,2,FALSE)) | E30: =IF(ISNA(VLOOKUP(B30,'Listes des charges'!$B$2:$F$449,4,FALSE)),"",VLOOKUP(B30,'Listes des charges'!$B$2:$F$449,4,FALSE)) | F30: =IF(B30="","",IF(D30<>"",((D30*E30)/1000),IF(D30="",(E30*2/3)/$K$2))) | H30: =IF(AND(F30>0,F30<>""),1,"")
C31: =IF(ISNA(VLOOKUP(B31,'Listes des charges'!$B$2:$F$449,2,FALSE)),"",VLOOKUP(B31,'Listes des charges'!$B$2:$F$449,2,FALSE)) | E31: =IF(ISNA(VLOOKUP(B31,'Listes des charges'!$B$2:$F$449,4,FALSE)),"",VLOOKUP(B31,'Listes des charges'!$B$2:$F$449,4,FALSE)) | F31: =IF(B31="","",IF(D31<>"",((D31*E31)/1000),IF(D31="",(E31*2/3)/$K$2))) | H31: =IF(AND(F31>0,F31<>""),1,"")
C32: =IF(ISNA(VLOOKUP(B32,'Listes des charges'!$B$2:$F$449,2,FALSE)),"",VLOOKUP(B32,'Listes des charges'!$B$2:$F$449,2,FALSE)) | E32: =IF(ISNA(VLOOKUP(B32,'Listes des charges'!$B$2:$F$449,4,FALSE)),"",VLOOKUP(B32,'Listes des charges'!$B$2:$F$449,4,FALSE)) | F32: =IF(B32="","",IF(D32<>"",((D32*E32)/1000),IF(D32="",(E32*2/3)/$K$2))) | H32: =IF(AND(F32>0,F32<>""),1,"")
C33: =IF(ISNA(VLOOKUP(B33,'Listes des charges'!$B$2:$F$449,2,FALSE)),"",VLOOKUP(B33,'Listes des charges'!$B$2:$F$449,2,FALSE)) | E33: =IF(ISNA(VLOOKUP(B33,'Listes des charges'!$B$2:$F$449,4,FALSE)),"",VLOOKUP(B33,'Listes des charges'!$B$2:$F$449,4,FALSE)) | F33: =IF(B33="","",IF(D33<>"",((D33*E33)/1000),IF(D33="",(E33*2/3)/$K$2))) | H33: =IF(AND(F33>0,F33<>""),1,"")
C34: =IF(ISNA(VLOOKUP(B34,'Listes des charges'!$B$2:$F$449,2,FALSE)),"",VLOOKUP(B34,'Listes des charges'!$B$2:$F$449,2,FALSE)) | E34: =IF(ISNA(VLOOKUP(B34,'Listes des charges'!$B$2:$F$449,4,FALSE)),"",VLOOKUP(B34,'Listes des charges'!$B$2:$F$449,4,FALSE)) | F34: =IF(B34="","",IF(D34<>"",((D34*E34)/1000),IF(D34="",(E34*2/3)/$K$2))) | H34: =IF(AND(F34>0,F34<>""),1,"")
C35: =IF(ISNA(VLOOKUP(B35,'Listes des charges'!$B$2:$F$449,2,FALSE)),"",VLOOKUP(B35,'Listes des charges'!$B$2:$F$449,2,FALSE)) | E35: =IF(ISNA(VLOOKUP(B35,'Listes des charges'!$B$2:$F$449,4,FALSE)),"",VLOOKUP(B35,'Listes des charges'!$B$2:$F$449,4,FALSE)) | F35: =IF(B35="","",IF(D35<>"",((D35*E35)/1000),IF(D35="",(E35*2/3)/$K$2))) | H35: =IF(AND(F35>0,F35<>""),1,"")
C36: =IF(ISNA(VLOOKUP(B36,'Listes des charges'!$B$2:$F$449,2,FALSE)),"",VLOOKUP(B36,'Listes des charges'!$B$2:$F$449,2,FALSE)) | E36: =IF(ISNA(VLOOKUP(B36,'Listes des charges'!$B$2:$F$449,4,FALSE)),"",VLOOKUP(B36,'Listes des charges'!$B$2:$F$449,4,FALSE)) | F36: =IF(B36="","",IF(D36<>"",((D36*E36)/1000),IF(D36="",(E36*2/3)/$K$2))) | H36: =IF(AND(F36>0,F36<>""),1,"")
B37: Charges Mensuelles directes | H37: =IF(AND(F37>0,F37<>""),1,"")
B38: Paton | C38: =IF(ISNA(VLOOKUP(B38,'Listes des charges'!$B$2:$F$449,2,FALSE)),"",VLOOKUP(B38,'Listes des charges'!$B$2:$F$449,2,FALSE)) | E38: =IF(ISNA(VLOOKUP(B38,'Listes des charges'!$B$2:$F$449,4,FALSE)),"",VLOOKUP(B38,'Listes des charges'!$B$2:$F$449,4,FALSE)) | F38: =IF(B38="","",IF(D38<>"",((D38*E38)/1000),IF(D38="",(E38*2/3)/$K$2))) -> #VALUE! | H38: =IF(AND(F38>0,F38<>""),1,"") -> #VALUE!
B39: Farine | C39: =IF(ISNA(VLOOKUP(B39,'Listes des charges'!$B$2:$F$449,2,FALSE)),"",VLOOKUP(B39,'Listes des charges'!$B$2:$F$449,2,FALSE)) -> gr | D39: 166 | E39: =IF(ISNA(VLOOKUP(B39,'Listes des charges'!$B$2:$F$449,4,FALSE)),"",VLOOKUP(B39,'Listes des charges'!$B$2:$F$449,4,FALSE)) -> 3.88 | F39: =IF(B39="","",IF(D39<>"",((D39*E39)/1000),IF(D39="",(E39*2/3)/$K$2))) -> 0.64408 | H39: =IF(AND(F39>0,F39<>""),1,"") -> 1
B40: Levure en sachet | C40: =IF(ISNA(VLOOKUP(B40,'Listes des charges'!$B$2:$F$449,2,FALSE)),"",VLOOKUP(B40,'Listes des charges'!$B$2:$F$449,2,FALSE)) -> gr | D40: 1 | E40: =IF(ISNA(VLOOKUP(B40,'Listes des charges'!$B$2:$F$449,4,FALSE)),"",VLOOKUP(B40,'Listes des charges'!$B$2:$F$449,4,FALSE)) -> 69.8 | F40: =IF(B40="","",IF(D40<>"",((D40*E40)/1000),IF(D40="",(E40*2/3)/$K$2))) -> 0.0698 | H40: =IF(AND(F40>0,F40<>""),1,"") -> 1
B41: Levure boulangère | C41: =IF(ISNA(VLOOKUP(B41,'Listes des charges'!$B$2:$F$449,2,FALSE)),"",VLOOKUP(B41,'Listes des charges'!$B$2:$F$449,2,FALSE)) -> gr | D41: 3 | E41: =IF(ISNA(VLOOKUP(B41,'Listes des charges'!$B$2:$F$449,4,FALSE)),"",VLOOKUP(B41,'Listes des charges'!$B$2:$F$449,4,FALSE)) -> 14.51 | F41: =IF(B41="","",IF(D41<>"",((D41*E41)/1000),IF(D41="",(E41*2/3)/$K$2))) -> 0.04353 | H41: =IF(AND(F41>0,F41<>""),1,"") -> 1
B42: Eau | C42: =IF(ISNA(VLOOKUP(B42,'Listes des charges'!$B$2:$F$449,2,FALSE)),"",VLOOKUP(B42,'Listes des charges'!$B$2:$F$449,2,FALSE)) -> gr | D42: 0.1 | E42: =IF(ISNA(VLOOKUP(B42,'Listes des charges'!$B$2:$F$449,4,FALSE)),"",VLOOKUP(B42,'Listes des charges'!$B$2:$F$449,4,FALSE)) -> 0 | F42: =IF(B42="","",IF(D42<>"",((D42*E42)/1000),IF(D42="",(E42*2/3)/$K$2))) -> 0 | H42: =IF(AND(F42>0,F42<>""),1,"")
B43: Sel | C43: =IF(ISNA(VLOOKUP(B43,'Listes des charges'!$B$2:$F$449,2,FALSE)),"",VLOOKUP(B43,'Listes des charges'!$B$2:$F$449,2,FALSE)) -> gr | D43: 4.2 | E43: =IF(ISNA(VLOOKUP(B43,'Listes des charges'!$B$2:$F$449,4,FALSE)),"",VLOOKUP(B43,'Listes des charges'!$B$2:$F$449,4,FALSE)) -> 0 | F43: =IF(B43="","",IF(D43<>"",((D43*E43)/1000),IF(D43="",(E43*2/3)/$K$2))) -> 0 | H43: =IF(AND(F43>0,F43<>""),1,"")
B44: Garnitures | C44: =IF(ISNA(VLOOKUP(B44,'Listes des charges'!$B$2:$F$449,2,FALSE)),"",VLOOKUP(B44,'Listes des charges'!$B$2:$F$449,2,FALSE)) -> 0 | E44: =IF(ISNA(VLOOKUP(B44,'Listes des charges'!$B$2:$F$449,4,FALSE)),"",VLOOKUP(B44,'Listes des charges'!$B$2:$F$449,4,FALSE)) -> 0 | F44: =IF(B44="","",IF(D44<>"",((D44*E44)/1000),IF(D44="",(E44*2/3)/$K$2))) -> #DIV/0! | H44: =IF(AND(F44>0,F44<>""),1,"") -> #DIV/0!
C45: =IF(ISNA(VLOOKUP(B45,'Listes des charges'!$B$2:$F$449,2,FALSE)),"",VLOOKUP(B45,'Listes des charges'!$B$2:$F$449,2,FALSE)) | E45: =IF(ISNA(VLOOKUP(B45,'Listes des charges'!$B$2:$F$449,4,FALSE)),"",VLOOKUP(B45,'Listes des charges'!$B$2:$F$449,4,FALSE)) | F45: =IF(B45="","",IF(D45<>"",((D45*E45)/1000),IF(D45="",(E45*2/3)/$K$2))) | H45: =IF(AND(F45>0,F45<>""),1,"")
C46: =IF(ISNA(VLOOKUP(B46,'Listes des charges'!$B$2:$F$449,2,FALSE)),"",VLOOKUP(B46,'Listes des charges'!$B$2:$F$449,2,FALSE)) | E46: =IF(ISNA(VLOOKUP(B46,'Listes des charges'!$B$2:$F$449,4,FALSE)),"",VLOOKUP(B46,'Listes des charges'!$B$2:$F$449,4,FALSE)) | F46: =IF(B46="","",IF(D46<>"",((D46*E46)/1000),IF(D46="",(E46*2/3)/$K$2))) | H46: =IF(AND(F46>0,F46<>""),1,"")
C47: =IF(ISNA(VLOOKUP(B47,'Listes des charges'!$B$2:$F$449,2,FALSE)),"",VLOOKUP(B47,'Listes des charges'!$B$2:$F$449,2,FALSE)) | E47: =IF(ISNA(VLOOKUP(B47,'Listes des charges'!$B$2:$F$449,4,FALSE)),"",VLOOKUP(B47,'Listes des charges'!$B$2:$F$449,4,FALSE)) | F47: =IF(B47="","",IF(D47<>"",((D47*E47)/1000),IF(D47="",(E47*2/3)/$K$2))) | H47: =IF(AND(F47>0,F47<>""),1,"")
C48: =IF(ISNA(VLOOKUP(B48,'Listes des charges'!$B$2:$F$449,2,FALSE)),"",VLOOKUP(B48,'Listes des charges'!$B$2:$F$449,2,FALSE)) | E48: =IF(ISNA(VLOOKUP(B48,'Listes des charges'!$B$2:$F$449,4,FALSE)),"",VLOOKUP(B48,'Listes des charges'!$B$2:$F$449,4,FALSE)) | F48: =IF(B48="","",IF(D48<>"",((D48*E48)/1000),IF(D48="",(E48*2/3)/$K$2))) | H48: =IF(AND(F48>0,F48<>""),1,"")
C49: =IF(ISNA(VLOOKUP(B49,'Listes des charges'!$B$2:$F$449,2,FALSE)),"",VLOOKUP(B49,'Listes des charges'!$B$2:$F$449,2,FALSE)) | E49: =IF(ISNA(VLOOKUP(B49,'Listes des charges'!$B$2:$F$449,4,FALSE)),"",VLOOKUP(B49,'Listes des charges'!$B$2:$F$449,4,FALSE)) | F49: =IF(B49="","",IF(D49<>"",((D49*E49)/1000),IF(D49="",(E49*2/3)/$K$2))) | H49: =IF(AND(F49>0,F49<>""),1,"")
C50: =IF(ISNA(VLOOKUP(B50,'Listes des charges'!$B$2:$F$449,2,FALSE)),"",VLOOKUP(B50,'Listes des charges'!$B$2:$F$449,2,FALSE)) | E50: =IF(ISNA(VLOOKUP(B50,'Listes des charges'!$B$2:$F$449,4,FALSE)),"",VLOOKUP(B50,'Listes des charges'!$B$2:$F$449,4,FALSE)) | F50: =IF(B50="","",IF(D50<>"",((D50*E50)/1000),IF(D50="",(E50*2/3)/$K$2))) | H50: =IF(AND(F50>0,F50<>""),1,"")
C51: =IF(ISNA(VLOOKUP(B51,'Listes des charges'!$B$2:$F$449,2,FALSE)),"",VLOOKUP(B51,'Listes des charges'!$B$2:$F$449,2,FALSE)) | E51: =IF(ISNA(VLOOKUP(B51,'Listes des charges'!$B$2:$F$449,4,FALSE)),"",VLOOKUP(B51,'Listes des charges'!$B$2:$F$449,4,FALSE)) | F51: =IF(B51="","",IF(D51<>"",((D51*E51)/1000),IF(D51="",(E51*2/3)/$K$2))) | H51: =IF(AND(F51>0,F51<>""),1,"")
C52: =IF(ISNA(VLOOKUP(B52,'Listes des charges'!$B$2:$F$449,2,FALSE)),"",VLOOKUP(B52,'Listes des charges'!$B$2:$F$449,2,FALSE)) | E52: =IF(ISNA(VLOOKUP(B52,'Listes des charges'!$B$2:$F$449,4,FALSE)),"",VLOOKUP(B52,'Listes des charges'!$B$2:$F$449,4,FALSE)) | F52: =IF(B52="","",IF(D52<>"",((D52*E52)/1000),IF(D52="",(E52*2/3)/$K$2))) | H52: =IF(AND(F52>0,F52<>""),1,"")
C53: =IF(ISNA(VLOOKUP(B53,'Listes des charges'!$B$2:$F$449,2,FALSE)),"",VLOOKUP(B53,'Listes des charges'!$B$2:$F$449,2,FALSE)) | E53: =IF(ISNA(VLOOKUP(B53,'Listes des charges'!$B$2:$F$449,4,FALSE)),"",VLOOKUP(B53,'Listes des charges'!$B$2:$F$449,4,FALSE)) | F53: =IF(B53="","",IF(D53<>"",((D53*E53)/1000),IF(D53="",(E53*2/3)/$K$2))) | H53: =IF(AND(F53>0,F53<>""),1,"")
C54: =IF(ISNA(VLOOKUP(B54,'Listes des charges'!$B$2:$F$449,2,FALSE)),"",VLOOKUP(B54,'Listes des charges'!$B$2:$F$449,2,FALSE)) | E54: =IF(ISNA(VLOOKUP(B54,'Listes des charges'!$B$2:$F$449,4,FALSE)),"",VLOOKUP(B54,'Listes des charges'!$B$2:$F$449,4,FALSE)) | F54: =IF(B54="","",IF(D54<>"",((D54*E54)/1000),IF(D54="",(E54*2/3)/$K$2))) | H54: =IF(AND(F54>0,F54<>""),1,"")
C55: =IF(ISNA(VLOOKUP(B55,'Listes des charges'!$B$2:$F$449,2,FALSE)),"",VLOOKUP(B55,'Listes des charges'!$B$2:$F$449,2,FALSE)) | E55: =IF(ISNA(VLOOKUP(B55,'Listes des charges'!$B$2:$F$449,4,FALSE)),"",VLOOKUP(B55,'Listes des charges'!$B$2:$F$449,4,FALSE)) | F55: =IF(B55="","",IF(D55<>"",((D55*E55)/1000),IF(D55="",(E55*2/3)/$K$2))) | H55: =IF(AND(F55>0,F55<>""),1,"")
C56: =IF(ISNA(VLOOKUP(B56,'Listes des charges'!$B$2:$F$449,2,FALSE)),"",VLOOKUP(B56,'Listes des charges'!$B$2:$F$449,2,FALSE)) | E56: =IF(ISNA(VLOOKUP(B56,'Listes des charges'!$B$2:$F$449,4,FALSE)),"",VLOOKUP(B56,'Listes des charges'!$B$2:$F$449,4,FALSE)) | F56: =IF(B56="","",IF(D56<>"",((D56*E56)/1000),IF(D56="",(E56*2/3)/$K$2))) | H56: =IF(AND(F56>0,F56<>""),1,"")
C57: =IF(ISNA(VLOOKUP(B57,'Listes des charges'!$B$2:$F$449,2,FALSE)),"",VLOOKUP(B57,'Listes des charges'!$B$2:$F$449,2,FALSE)) | E57: =IF(ISNA(VLOOKUP(B57,'Listes des charges'!$B$2:$F$449,4,FALSE)),"",VLOOKUP(B57,'Listes des charges'!$B$2:$F$449,4,FALSE)) | F57: =IF(B57="","",IF(D57<>"",((D57*E57)/1000),IF(D57="",(E57*2/3)/$K$2))) | H57: =IF(AND(F57>0,F57<>""),1,"")

Sheet 7
B2: Nom | C2: ='Sommaire des pizzas'!C8 -> Pizza 7 | F2: Coefficient | I2: NB de pizzas vendues Mensuels
B3: MAJ Le : | C3: 42461 | F3: Fraction Charges indirectes | G3: 0.5
B5: Charges directes et indirectes | C5: Unités | D5: Quantité | E5: Prix d'achat HT/ Coût Mensuel | F5: Prix de revient | G5: Observations | I5: Prix de vente Proposé
B6: Charges Mensuelles indirecte | H6: =IF(AND(F6>0,F6<>""),1,"") | I6: Prix de revient Charges indirectes | L6: =SUM(F6:F36) -> 0
C7: =IF(ISNA(VLOOKUP(B7,'Listes des charges'!$B$2:$F$449,2,FALSE)),"",VLOOKUP(B7,'Listes des charges'!$B$2:$F$449,2,FALSE)) | E7: =IF(ISNA(VLOOKUP(B7,'Listes des charges'!$B$2:$F$449,4,FALSE)),"",VLOOKUP(B7,'Listes des charges'!$B$2:$F$449,4,FALSE)) | F7: =IF(B7="","",IF(D7<>"",((D7*E7)/1000),IF(D7="",(E7*2/3)/$K$2))) | H7: =IF(AND(F7>0,F7<>""),1,"") | I7: Prix de revient Matières premières | L7: =SUM(F37:F80) -> #VALUE!
C8: =IF(ISNA(VLOOKUP(B8,'Listes des charges'!$B$2:$F$449,2,FALSE)),"",VLOOKUP(B8,'Listes des charges'!$B$2:$F$449,2,FALSE)) | E8: =IF(ISNA(VLOOKUP(B8,'Listes des charges'!$B$2:$F$449,4,FALSE)),"",VLOOKUP(B8,'Listes des charges'!$B$2:$F$449,4,FALSE)) | F8: =IF(B8="","",IF(D8<>"",((D8*E8)/1000),IF(D8="",(E8*2/3)/$K$2))) | H8: =IF(AND(F8>0,F8<>""),1,"") | I8: Prix de revient total | L8: =L6+L7 -> #VALUE!
C9: =IF(ISNA(VLOOKUP(B9,'Listes des charges'!$B$2:$F$449,2,FALSE)),"",VLOOKUP(B9,'Listes des charges'!$B$2:$F$449,2,FALSE)) | E9: =IF(ISNA(VLOOKUP(B9,'Listes des charges'!$B$2:$F$449,4,FALSE)),"",VLOOKUP(B9,'Listes des charges'!$B$2:$F$449,4,FALSE)) | F9: =IF(B9="","",IF(D9<>"",((D9*E9)/1000),IF(D9="",(E9*2/3)/$K$2))) | H9: =IF(AND(F9>0,F9<>""),1,"") | I9: Prix de revient unitaire | L9: =AVERAGE(F:F) -> #VALUE!
C10: =IF(ISNA(VLOOKUP(B10,'Listes des charges'!$B$2:$F$449,2,FALSE)),"",VLOOKUP(B10,'Listes des charges'!$B$2:$F$449,2,FALSE)) | E10: =IF(ISNA(VLOOKUP(B10,'Listes des charges'!$B$2:$F$449,4,FALSE)),"",VLOOKUP(B10,'Listes des charges'!$B$2:$F$449,4,FALSE)) | F10: =IF(B10="","",IF(D10<>"",((D10*E10)/1000),IF(D10="",(E10*2/3)/$K$2))) | H10: =IF(AND(F10>0,F10<>""),1,"") | I10: % coût matières | L10: =L7/L5 -> #VALUE!
C11: =IF(ISNA(VLOOKUP(B11,'Listes des charges'!$B$2:$F$449,2,FALSE)),"",VLOOKUP(B11,'Listes des charges'!$B$2:$F$449,2,FALSE)) | E11: =IF(ISNA(VLOOKUP(B11,'Listes des charges'!$B$2:$F$449,4,FALSE)),"",VLOOKUP(B11,'Listes des charges'!$B$2:$F$449,4,FALSE)) | F11: =IF(B11="","",IF(D11<>"",((D11*E11)/1000),IF(D11="",(E11*2/3)/$K$2))) | H11: =IF(AND(F11>0,F11<>""),1,"") | I11: % Coût Charge indirectes | L11: =L6/L5 -> #DIV/0!
C12: =IF(ISNA(VLOOKUP(B12,'Listes des charges'!$B$2:$F$449,2,FALSE)),"",VLOOKUP(B12,'Listes des charges'!$B$2:$F$449,2,FALSE)) | E12: =IF(ISNA(VLOOKUP(B12,'Listes des charges'!$B$2:$F$449,4,FALSE)),"",VLOOKUP(B12,'Listes des charges'!$B$2:$F$449,4,FALSE)) | F12: =IF(B12="","",IF(D12<>"",((D12*E12)/1000),IF(D12="",(E12*2/3)/$K$2))) | H12: =IF(AND(F12>0,F12<>""),1,"") | I12: Prix de vente H.T. | L12: =L7*G2 -> #VALUE!
C13: =IF(ISNA(VLOOKUP(B13,'Listes des charges'!$B$2:$F$449,2,FALSE)),"",VLOOKUP(B13,'Listes des charges'!$B$2:$F$449,2,FALSE)) | E13: =IF(ISNA(VLOOKUP(B13,'Listes des charges'!$B$2:$F$449,4,FALSE)),"",VLOOKUP(B13,'Listes des charges'!$B$2:$F$449,4,FALSE)) | F13: =IF(B13="","",IF(D13<>"",((D13*E13)/1000),IF(D13="",(E13*2/3)/$K$2))) | H13: =IF(AND(F13>0,F13<>""),1,"") | I13: T.V.A. | L13: 0.1
C14: =IF(ISNA(VLOOKUP(B14,'Listes des charges'!$B$2:$F$449,2,FALSE)),"",VLOOKUP(B14,'Listes des charges'!$B$2:$F$449,2,FALSE)) | E14: =IF(ISNA(VLOOKUP(B14,'Listes des charges'!$B$2:$F$449,4,FALSE)),"",VLOOKUP(B14,'Listes des charges'!$B$2:$F$449,4,FALSE)) | F14: =IF(B14="","",IF(D14<>"",((D14*E14)/1000),IF(D14="",(E14*2/3)/$K$2))) | H14: =IF(AND(F14>0,F14<>""),1,"") | I14: Prix de vente T.T.C. selon Coef | L14: =L12+(L12*L13) -> #VALUE!
C15: =IF(ISNA(VLOOKUP(B15,'Listes des charges'!$B$2:$F$449,2,FALSE)),"",VLOOKUP(B15,'Listes des charges'!$B$2:$F$449,2,FALSE)) | E15: =IF(ISNA(VLOOKUP(B15,'Listes des charges'!$B$2:$F$449,4,FALSE)),"",VLOOKUP(B15,'Listes des charges'!$B$2:$F$449,4,FALSE)) | F15: =IF(B15="","",IF(D15<>"",((D15*E15)/1000),IF(D15="",(E15*2/3)/$K$2))) | H15: =IF(AND(F15>0,F15<>""),1,"") | I15: Marge Brute Matière premieres | L15: =L5-L7 -> #VALUE!
C16: =IF(ISNA(VLOOKUP(B16,'Listes des charges'!$B$2:$F$449,2,FALSE)),"",VLOOKUP(B16,'Listes des charges'!$B$2:$F$449,2,FALSE)) | E16: =IF(ISNA(VLOOKUP(B16,'Listes des charges'!$B$2:$F$449,4,FALSE)),"",VLOOKUP(B16,'Listes des charges'!$B$2:$F$449,4,FALSE)) | F16: =IF(B16="","",IF(D16<>"",((D16*E16)/1000),IF(D16="",(E16*2/3)/$K$2))) | H16: =IF(AND(F16>0,F16<>""),1,"") | I16: % MB Matières premières | L16: =L15/L5 -> #VALUE!
C17: =IF(ISNA(VLOOKUP(B17,'Listes des charges'!$B$2:$F$449,2,FALSE)),"",VLOOKUP(B17,'Listes des charges'!$B$2:$F$449,2,FALSE)) | E17: =IF(ISNA(VLOOKUP(B17,'Listes des charges'!$B$2:$F$449,4,FALSE)),"",VLOOKUP(B17,'Listes des charges'!$B$2:$F$449,4,FALSE)) | F17: =IF(B17="","",IF(D17<>"",((D17*E17)/1000),IF(D17="",(E17*2/3)/$K$2))) | H17: =IF(AND(F17>0,F17<>""),1,"") | I17: Marge Brute Totale | L17: =L5-L8 -> #VALUE!
C18: =IF(ISNA(VLOOKUP(B18,'Listes des charges'!$B$2:$F$449,2,FALSE)),"",VLOOKUP(B18,'Listes des charges'!$B$2:$F$449,2,FALSE)) | E18: =IF(ISNA(VLOOKUP(B18,'Listes des charges'!$B$2:$F$449,4,FALSE)),"",VLOOKUP(B18,'Listes des charges'!$B$2:$F$449,4,FALSE)) | F18: =IF(B18="","",IF(D18<>"",((D18*E18)/1000),IF(D18="",(E18*2/3)/$K$2))) | H18: =IF(AND(F18>0,F18<>""),1,"") | I18: % de Marge brute Total | L18: =L17/L5 -> #VALUE!
C19: =IF(ISNA(VLOOKUP(B19,'Listes des charges'!$B$2:$F$449,2,FALSE)),"",VLOOKUP(B19,'Listes des charges'!$B$2:$F$449,2,FALSE)) | E19: =IF(ISNA(VLOOKUP(B19,'Listes des charges'!$B$2:$F$449,4,FALSE)),"",VLOOKUP(B19,'Listes des charges'!$B$2:$F$449,4,FALSE)) | F19: =IF(B19="","",IF(D19<>"",((D19*E19)/1000),IF(D19="",(E19*2/3)/$K$2))) | H19: =IF(AND(F19>0,F19<>""),1,"") | I19: Estimation bénéfice mensuel | L19: =L17*K2 -> #VALUE!
C20: =IF(ISNA(VLOOKUP(B20,'Listes des charges'!$B$2:$F$449,2,FALSE)),"",VLOOKUP(B20,'Listes des charges'!$B$2:$F$449,2,FALSE)) | E20: =IF(ISNA(VLOOKUP(B20,'Listes des charges'!$B$2:$F$449,4,FALSE)),"",VLOOKUP(B20,'Listes des charges'!$B$2:$F$449,4,FALSE)) | F20: =IF(B20="","",IF(D20<>"",((D20*E20)/1000),IF(D20="",(E20*2/3)/$K$2))) | H20: =IF(AND(F20>0,F20<>""),1,"") | I20: Bénéfice Annuel | L20: =L19*12 -> #VALUE!
C21: =IF(ISNA(VLOOKUP(B21,'Listes des charges'!$B$2:$F$449,2,FALSE)),"",VLOOKUP(B21,'Listes des charges'!$B$2:$F$449,2,FALSE)) | E21: =IF(ISNA(VLOOKUP(B21,'Listes des charges'!$B$2:$F$449,4,FALSE)),"",VLOOKUP(B21,'Listes des charges'!$B$2:$F$449,4,FALSE)) | F21: =IF(B21="","",IF(D21<>"",((D21*E21)/1000),IF(D21="",(E21*2/3)/$K$2))) | H21: =IF(AND(F21>0,F21<>""),1,"")
C22: =IF(ISNA(VLOOKUP(B22,'Listes des charges'!$B$2:$F$449,2,FALSE)),"",VLOOKUP(B22,'Listes des charges'!$B$2:$F$449,2,FALSE)) | E22: =IF(ISNA(VLOOKUP(B22,'Listes des charges'!$B$2:$F$449,4,FALSE)),"",VLOOKUP(B22,'Listes des charges'!$B$2:$F$449,4,FALSE)) | F22: =IF(B22="","",IF(D22<>"",((D22*E22)/1000),IF(D22="",(E22*2/3)/$K$2))) | H22: =IF(AND(F22>0,F22<>""),1,"")
C23: =IF(ISNA(VLOOKUP(B23,'Listes des charges'!$B$2:$F$449,2,FALSE)),"",VLOOKUP(B23,'Listes des charges'!$B$2:$F$449,2,FALSE)) | E23: =IF(ISNA(VLOOKUP(B23,'Listes des charges'!$B$2:$F$449,4,FALSE)),"",VLOOKUP(B23,'Listes des charges'!$B$2:$F$449,4,FALSE)) | F23: =IF(B23="","",IF(D23<>"",((D23*E23)/1000),IF(D23="",(E23*2/3)/$K$2))) | H23: =IF(AND(F23>0,F23<>""),1,"")
C24: =IF(ISNA(VLOOKUP(B24,'Listes des charges'!$B$2:$F$449,2,FALSE)),"",VLOOKUP(B24,'Listes des charges'!$B$2:$F$449,2,FALSE)) | E24: =IF(ISNA(VLOOKUP(B24,'Listes des charges'!$B$2:$F$449,4,FALSE)),"",VLOOKUP(B24,'Listes des charges'!$B$2:$F$449,4,FALSE)) | F24: =IF(B24="","",IF(D24<>"",((D24*E24)/1000),IF(D24="",(E24*2/3)/$K$2))) | H24: =IF(AND(F24>0,F24<>""),1,"")
C25: =IF(ISNA(VLOOKUP(B25,'Listes des charges'!$B$2:$F$449,2,FALSE)),"",VLOOKUP(B25,'Listes des charges'!$B$2:$F$449,2,FALSE)) | E25: =IF(ISNA(VLOOKUP(B25,'Listes des charges'!$B$2:$F$449,4,FALSE)),"",VLOOKUP(B25,'Listes des charges'!$B$2:$F$449,4,FALSE)) | F25: =IF(B25="","",IF(D25<>"",((D25*E25)/1000),IF(D25="",(E25*2/3)/$K$2))) | H25: =IF(AND(F25>0,F25<>""),1,"")
C26: =IF(ISNA(VLOOKUP(B26,'Listes des charges'!$B$2:$F$449,2,FALSE)),"",VLOOKUP(B26,'Listes des charges'!$B$2:$F$449,2,FALSE)) | E26: =IF(ISNA(VLOOKUP(B26,'Listes des charges'!$B$2:$F$449,4,FALSE)),"",VLOOKUP(B26,'Listes des charges'!$B$2:$F$449,4,FALSE)) | F26: =IF(B26="","",IF(D26<>"",((D26*E26)/1000),IF(D26="",(E26*2/3)/$K$2))) | H26: =IF(AND(F26>0,F26<>""),1,"")
C27: =IF(ISNA(VLOOKUP(B27,'Listes des charges'!$B$2:$F$449,2,FALSE)),"",VLOOKUP(B27,'Listes des charges'!$B$2:$F$449,2,FALSE)) | E27: =IF(ISNA(VLOOKUP(B27,'Listes des charges'!$B$2:$F$449,4,FALSE)),"",VLOOKUP(B27,'Listes des charges'!$B$2:$F$449,4,FALSE)) | F27: =IF(B27="","",IF(D27<>"",((D27*E27)/1000),IF(D27="",(E27*2/3)/$K$2))) | H27: =IF(AND(F27>0,F27<>""),1,"")
C28: =IF(ISNA(VLOOKUP(B28,'Listes des charges'!$B$2:$F$449,2,FALSE)),"",VLOOKUP(B28,'Listes des charges'!$B$2:$F$449,2,FALSE)) | E28: =IF(ISNA(VLOOKUP(B28,'Listes des charges'!$B$2:$F$449,4,FALSE)),"",VLOOKUP(B28,'Listes des charges'!$B$2:$F$449,4,FALSE)) | F28: =IF(B28="","",IF(D28<>"",((D28*E28)/1000),IF(D28="",(E28*2/3)/$K$2))) | H28: =IF(AND(F28>0,F28<>""),1,"")
C29: =IF(ISNA(VLOOKUP(B29,'Listes des charges'!$B$2:$F$449,2,FALSE)),"",VLOOKUP(B29,'Listes des charges'!$B$2:$F$449,2,FALSE)) | E29: =IF(ISNA(VLOOKUP(B29,'Listes des charges'!$B$2:$F$449,4,FALSE)),"",VLOOKUP(B29,'Listes des charges'!$B$2:$F$449,4,FALSE)) | F29: =IF(B29="","",IF(D29<>"",((D29*E29)/1000),IF(D29="",(E29*2/3)/$K$2))) | H29: =IF(AND(F29>0,F29<>""),1,"")
C30: =IF(ISNA(VLOOKUP(B30,'Listes des charges'!$B$2:$F$449,2,FALSE)),"",VLOOKUP(B30,'Listes des charges'!$B$2:$F$449,2,FALSE)) | E30: =IF(ISNA(VLOOKUP(B30,'Listes des charges'!$B$2:$F$449,4,FALSE)),"",VLOOKUP(B30,'Listes des charges'!$B$2:$F$449,4,FALSE)) | F30: =IF(B30="","",IF(D30<>"",((D30*E30)/1000),IF(D30="",(E30*2/3)/$K$2))) | H30: =IF(AND(F30>0,F30<>""),1,"")
C31: =IF(ISNA(VLOOKUP(B31,'Listes des charges'!$B$2:$F$449,2,FALSE)),"",VLOOKUP(B31,'Listes des charges'!$B$2:$F$449,2,FALSE)) | E31: =IF(ISNA(VLOOKUP(B31,'Listes des charges'!$B$2:$F$449,4,FALSE)),"",VLOOKUP(B31,'Listes des charges'!$B$2:$F$449,4,FALSE)) | F31: =IF(B31="","",IF(D31<>"",((D31*E31)/1000),IF(D31="",(E31*2/3)/$K$2))) | H31: =IF(AND(F31>0,F31<>""),1,"")
C32: =IF(ISNA(VLOOKUP(B32,'Listes des charges'!$B$2:$F$449,2,FALSE)),"",VLOOKUP(B32,'Listes des charges'!$B$2:$F$449,2,FALSE)) | E32: =IF(ISNA(VLOOKUP(B32,'Listes des charges'!$B$2:$F$449,4,FALSE)),"",VLOOKUP(B32,'Listes des charges'!$B$2:$F$449,4,FALSE)) | F32: =IF(B32="","",IF(D32<>"",((D32*E32)/1000),IF(D32="",(E32*2/3)/$K$2))) | H32: =IF(AND(F32>0,F32<>""),1,"")
... C36: =IF(ISNA(VLOOKUP(B36,'Listes des charges'!$B$2:$F$449,2,FALSE)),"",VLOOKUP(B36,'Listes des charges'!$B$2:$F$449,2,FALSE)) | E36: =IF(ISNA(VLOOKUP(B36,'Listes des charges'!$B$2:$F$449,4,FALSE)),"",VLOOKUP(B36,'Listes des charges'!$B$2:$F$449,4,FALSE)) | F36: =IF(B36="","",IF(D36<>"",((D36*E36)/1000),IF(D36="",(E36*2/3)/$K$2))) | H36: =IF(AND(F36>0,F36<>""),1,"")
B37: Charges Mensuelles directes | H37: =IF(AND(F37>0,F37<>""),1,"")
B38: Paton | C38: =IF(ISNA(VLOOKUP(B38,'Listes des charges'!$B$2:$F$449,2,FALSE)),"",VLOOKUP(B38,'Listes des charges'!$B$2:$F$449,2,FALSE)) | E38: =IF(ISNA(VLOOKUP(B38,'Listes des charges'!$B$2:$F$449,4,FALSE)),"",VLOOKUP(B38,'Listes des charges'!$B$2:$F$449,4,FALSE)) | F38: =IF(B38="","",IF(D38<>"",((D38*E38)/1000),IF(D38="",(E38*2/3)/$K$2))) -> #VALUE! | H38: =IF(AND(F38>0,F38<>""),1,"") -> #VALUE!
C39: =IF(ISNA(VLOOKUP(B39,'Listes des charges'!$B$2:$F$449,2,FALSE)),"",VLOOKUP(B39,'Listes des charges'!$B$2:$F$449,2,FALSE)) | D39: 166 | E39: =IF(ISNA(VLOOKUP(B39,'Listes des charges'!$B$2:$F$449,4,FALSE)),"",VLOOKUP(B39,'Listes des charges'!$B$2:$F$449,4,FALSE)) | F39: =IF(B39="","",IF(D39<>"",((D39*E39)/1000),IF(D39="",(E39*2/3)/$K$2))) | H39: =IF(AND(F39>0,F39<>""),1,"")
C40: =IF(ISNA(VLOOKUP(B40,'Listes des charges'!$B$2:$F$449,2,FALSE)),"",VLOOKUP(B40,'Listes des charges'!$B$2:$F$449,2,FALSE)) | D40: 1 | E40: =IF(ISNA(VLOOKUP(B40,'Listes des charges'!$B$2:$F$449,4,FALSE)),"",VLOOKUP(B40,'Listes des charges'!$B$2:$F$449,4,FALSE)) | F40: =IF(B40="","",IF(D40<>"",((D40*E40)/1000),IF(D40="",(E40*2/3)/$K$2))) | H40: =IF(AND(F40>0,F40<>""),1,"")
C41: =IF(ISNA(VLOOKUP(B41,'Listes des charges'!$B$2:$F$449,2,FALSE)),"",VLOOKUP(B41,'Listes des charges'!$B$2:$F$449,2,FALSE)) | D41: 3 | E41: =IF(ISNA(VLOOKUP(B41,'Listes des charges'!$B$2:$F$449,4,FALSE)),"",VLOOKUP(B41,'Listes des charges'!$B$2:$F$449,4,FALSE)) | F41: =IF(B41="","",IF(D41<>"",((D41*E41)/1000),IF(D41="",(E41*2/3)/$K$2))) | H41: =IF(AND(F41>0,F41<>""),1,"")
C42: =IF(ISNA(VLOOKUP(B42,'Listes des charges'!$B$2:$F$449,2,FALSE)),"",VLOOKUP(B42,'Listes des charges'!$B$2:$F$449,2,FALSE)) | D42: 0.1 | E42: =IF(ISNA(VLOOKUP(B42,'Listes des charges'!$B$2:$F$449,4,FALSE)),"",VLOOKUP(B42,'Listes des charges'!$B$2:$F$449,4,FALSE)) | F42: =IF(B42="","",IF(D42<>"",((D42*E42)/1000),IF(D42="",(E42*2/3)/$K$2))) | H42: =IF(AND(F42>0,F42<>""),1,"")
C43: =IF(ISNA(VLOOKUP(B43,'Listes des charges'!$B$2:$F$449,2,FALSE)),"",VLOOKUP(B43,'Listes des charges'!$B$2:$F$449,2,FALSE)) | D43: 4.2 | E43: =IF(ISNA(VLOOKUP(B43,'Listes des charges'!$B$2:$F$449,4,FALSE)),"",VLOOKUP(B43,'Listes des charges'!$B$2:$F$449,4,FALSE)) | F43: =IF(B43="","",IF(D43<>"",((D43*E43)/1000),IF(D43="",(E43*2/3)/$K$2))) | H43: =IF(AND(F43>0,F43<>""),1,"")
B44: Garnitures | C44: =IF(ISNA(VLOOKUP(B44,'Listes des charges'!$B$2:$F$449,2,FALSE)),"",VLOOKUP(B44,'Listes des charges'!$B$2:$F$449,2,FALSE)) -> 0 | E44: =IF(ISNA(VLOOKUP(B44,'Listes des charges'!$B$2:$F$449,4,FALSE)),"",VLOOKUP(B44,'Listes des charges'!$B$2:$F$449,4,FALSE)) -> 0 | F44: =IF(B44="","",IF(D44<>"",((D44*E44)/1000),IF(D44="",(E44*2/3)/$K$2))) -> #DIV/0! | H44: =IF(AND(F44>0,F44<>""),1,"") -> #DIV/0!
C45: =IF(ISNA(VLOOKUP(B45,'Listes des charges'!$B$2:$F$449,2,FALSE)),"",VLOOKUP(B45,'Listes des charges'!$B$2:$F$449,2,FALSE)) | E45: =IF(ISNA(VLOOKUP(B45,'Listes des charges'!$B$2:$F$449,4,FALSE)),"",VLOOKUP(B45,'Listes des charges'!$B$2:$F$449,4,FALSE)) | F45: =IF(B45="","",IF(D45<>"",((D45*E45)/1000),IF(D45="",(E45*2/3)/$K$2))) | H45: =IF(AND(F45>0,F45<>""),1,"")
C46: =IF(ISNA(VLOOKUP(B46,'Listes des charges'!$B$2:$F$449,2,FALSE)),"",VLOOKUP(B46,'Listes des charges'!$B$2:$F$449,2,FALSE)) | E46: =IF(ISNA(VLOOKUP(B46,'Listes des charges'!$B$2:$F$449,4,FALSE)),"",VLOOKUP(B46,'Listes des charges'!$B$2:$F$449,4,FALSE)) | F46: =IF(B46="","",IF(D46<>"",((D46*E46)/1000),IF(D46="",(E46*2/3)/$K$2))) | H46: =IF(AND(F46>0,F46<>""),1,"")
C47: =IF(ISNA(VLOOKUP(B47,'Listes des charges'!$B$2:$F$449,2,FALSE)),"",VLOOKUP(B47,'Listes des charges'!$B$2:$F$449,2,FALSE)) | E47: =IF(ISNA(VLOOKUP(B47,'Listes des charges'!$B$2:$F$449,4,FALSE)),"",VLOOKUP(B47,'Listes des charges'!$B$2:$F$449,4,FALSE)) | F47: =IF(B47="","",IF(D47<>"",((D47*E47)/1000),IF(D47="",(E47*2/3)/$K$2))) | H47: =IF(AND(F47>0,F47<>""),1,"")
C48: =IF(ISNA(VLOOKUP(B48,'Listes des charges'!$B$2:$F$449,2,FALSE)),"",VLOOKUP(B48,'Listes des charges'!$B$2:$F$449,2,FALSE)) | E48: =IF(ISNA(VLOOKUP(B48,'Listes des charges'!$B$2:$F$449,4,FALSE)),"",VLOOKUP(B48,'Listes des charges'!$B$2:$F$449,4,FALSE)) | F48: =IF(B48="","",IF(D48<>"",((D48*E48)/1000),IF(D48="",(E48*2/3)/$K$2))) | H48: =IF(AND(F48>0,F48<>""),1,"")
C49: =IF(ISNA(VLOOKUP(B49,'Listes des charges'!$B$2:$F$449,2,FALSE)),"",VLOOKUP(B49,'Listes des charges'!$B$2:$F$449,2,FALSE)) | E49: =IF(ISNA(VLOOKUP(B49,'Listes des charges'!$B$2:$F$449,4,FALSE)),"",VLOOKUP(B49,'Listes des charges'!$B$2:$F$449,4,FALSE)) | F49: =IF(B49="","",IF(D49<>"",((D49*E49)/1000),IF(D49="",(E49*2/3)/$K$2))) | H49: =IF(AND(F49>0,F49<>""),1,"")
C50: =IF(ISNA(VLOOKUP(B50,'Listes des charges'!$B$2:$F$449,2,FALSE)),"",VLOOKUP(B50,'Listes des charges'!$B$2:$F$449,2,FALSE)) | E50: =IF(ISNA(VLOOKUP(B50,'Listes des charges'!$B$2:$F$449,4,FALSE)),"",VLOOKUP(B50,'Listes des charges'!$B$2:$F$449,4,FALSE)) | F50: =IF(B50="","",IF(D50<>"",((D50*E50)/1000),IF(D50="",(E50*2/3)/$K$2))) | H50: =IF(AND(F50>0,F50<>""),1,"")
C51: =IF(ISNA(VLOOKUP(B51,'Listes des charges'!$B$2:$F$449,2,FALSE)),"",VLOOKUP(B51,'Listes des charges'!$B$2:$F$449,2,FALSE)) | E51: =IF(ISNA(VLOOKUP(B51,'Listes des charges'!$B$2:$F$449,4,FALSE)),"",VLOOKUP(B51,'Listes des charges'!$B$2:$F$449,4,FALSE)) | F51: =IF(B51="","",IF(D51<>"",((D51*E51)/1000),IF(D51="",(E51*2/3)/$K$2))) | H51: =IF(AND(F51>0,F51<>""),1,"")
C52: =IF(ISNA(VLOOKUP(B52,'Listes des charges'!$B$2:$F$449,2,FALSE)),"",VLOOKUP(B52,'Listes des charges'!$B$2:$F$449,2,FALSE)) | E52: =IF(ISNA(VLOOKUP(B52,'Listes des charges'!$B$2:$F$449,4,FALSE)),"",VLOOKUP(B52,'Listes des charges'!$B$2:$F$449,4,FALSE)) | F52: =IF(B52="","",IF(D52<>"",((D52*E52)/1000),IF(D52="",(E52*2/3)/$K$2))) | H52: =IF(AND(F52>0,F52<>""),1,"")
C53: =IF(ISNA(VLOOKUP(B53,'Listes des charges'!$B$2:$F$449,2,FALSE)),"",VLOOKUP(B53,'Listes des charges'!$B$2:$F$449,2,FALSE)) | E53: =IF(ISNA(VLOOKUP(B53,'Listes des charges'!$B$2:$F$449,4,FALSE)),"",VLOOKUP(B53,'Listes des charges'!$B$2:$F$449,4,FALSE)) | F53: =IF(B53="","",IF(D53<>"",((D53*E53)/1000),IF(D53="",(E53*2/3)/$K$2))) | H53: =IF(AND(F53>0,F53<>""),1,"")
C54: =IF(ISNA(VLOOKUP(B54,'Listes des charges'!$B$2:$F$449,2,FALSE)),"",VLOOKUP(B54,'Listes des charges'!$B$2:$F$449,2,FALSE)) | E54: =IF(ISNA(VLOOKUP(B54,'Listes des charges'!$B$2:$F$449,4,FALSE)),"",VLOOKUP(B54,'Listes des charges'!$B$2:$F$449,4,FALSE)) | F54: =IF(B54="","",IF(D54<>"",((D54*E54)/1000),IF(D54="",(E54*2/3)/$K$2))) | H54: =IF(AND(F54>0,F54<>""),1,"")
C55: =IF(ISNA(VLOOKUP(B55,'Listes des charges'!$B$2:$F$449,2,FALSE)),"",VLOOKUP(B55,'Listes des charges'!$B$2:$F$449,2,FALSE)) | E55: =IF(ISNA(VLOOKUP(B55,'Listes des charges'!$B$2:$F$449,4,FALSE)),"",VLOOKUP(B55,'Listes des charges'!$B$2:$F$449,4,FALSE)) | F55: =IF(B55="","",IF(D55<>"",((D55*E55)/1000),IF(D55="",(E55*2/3)/$K$2))) | H55: =IF(AND(F55>0,F55<>""),1,"")
C56: =IF(ISNA(VLOOKUP(B56,'Listes des charges'!$B$2:$F$449,2,FALSE)),"",VLOOKUP(B56,'Listes des charges'!$B$2:$F$449,2,FALSE)) | E56: =IF(ISNA(VLOOKUP(B56,'Listes des charges'!$B$2:$F$449,4,FALSE)),"",VLOOKUP(B56,'Listes des charges'!$B$2:$F$449,4,FALSE)) | F56: =IF(B56="","",IF(D56<>"",((D56*E56)/1000),IF(D56="",(E56*2/3)/$K$2))) | H56: =IF(AND(F56>0,F56<>""),1,"")
C57: =IF(ISNA(VLOOKUP(B57,'Listes des charges'!$B$2:$F$449,2,FALSE)),"",VLOOKUP(B57,'Listes des charges'!$B$2:$F$449,2,FALSE)) | E57: =IF(ISNA(VLOOKUP(B57,'Listes des charges'!$B$2:$F$449,4,FALSE)),"",VLOOKUP(B57,'Listes des charges'!$B$2:$F$449,4,FALSE)) | F57: =IF(B57="","",IF(D57<>"",((D57*E57)/1000),IF(D57="",(E57*2/3)/$K$2))) | H57: =IF(AND(F57>0,F57<>""),1,"")

Sheet 8
B2: Nom | F2: Coefficient | I2: NB de pizzas vendues Mensuels
B3: MAJ Le : | C3: 42461 | F3: Fraction Charges indirectes | G3: 0.5
B5: Charges directes et indirectes | C5: Unités | D5: Quantité | E5: Prix d'achat HT/ Coût Mensuel | F5: Prix de revient | G5: Observations | I5: Prix de vente Proposé
B6: Charges Mensuelles indirecte | H6: =IF(AND(F6>0,F6<>""),1,"") | I6: Prix de revient Charges indirectes | L6: =SUM(F6:F36) -> #DIV/0!
B7: Emballages et conditionnement | C7: =IF(ISNA(VLOOKUP(B7,'Listes des charges'!$B$2:$F$449,2,FALSE)),"",VLOOKUP(B7,'Listes des charges'!$B$2:$F$449,2,FALSE)) -> 0 | E7: =IF(ISNA(VLOOKUP(B7,'Listes des charges'!$B$2:$F$449,4,FALSE)),"",VLOOKUP(B7,'Listes des charges'!$B$2:$F$449,4,FALSE)) -> 83.33 | F7: =IF(B7="","",IF(D7<>"",((D7*E7)/1000),IF(D7="",(E7*2/3)/$K$2))) -> #DIV/0! | H7: =IF(AND(F7>0,F7<>""),1,"") -> #DIV/0! | I7: Prix de revient Matières premières | L7: =SUM(F37:F80) -> #VALUE!
B8: Achats de marchandises TTC | C8: =IF(ISNA(VLOOKUP(B8,'Listes des charges'!$B$2:$F$449,2,FALSE)),"",VLOOKUP(B8,'Listes des charges'!$B$2:$F$449,2,FALSE)) -> 0 | E8: =IF(ISNA(VLOOKUP(B8,'Listes des charges'!$B$2:$F$449,4,FALSE)),"",VLOOKUP(B8,'Listes des charges'!$B$2:$F$449,4,FALSE)) -> 956.01852 | F8: =IF(B8="","",IF(D8<>"",((D8*E8)/1000),IF(D8="",(E8*2/3)/$K$2))) -> #DIV/0! | H8: =IF(AND(F8>0,F8<>""),1,"") -> #DIV/0! | I8: Prix de revient total | L8: =L6+L7 -> #DIV/0!
B9: Loyers et charges locatives | C9: =IF(ISNA(VLOOKUP(B9,'Listes des charges'!$B$2:$F$449,2,FALSE)),"",VLOOKUP(B9,'Listes des charges'!$B$2:$F$449,2,FALSE)) -> 0 | E9: =IF(ISNA(VLOOKUP(B9,'Listes des charges'!$B$2:$F$449,4,FALSE)),"",VLOOKUP(B9,'Listes des charges'!$B$2:$F$449,4,FALSE)) -> 700 | F9: =IF(B9="","",IF(D9<>"",((D9*E9)/1000),IF(D9="",(E9*2/3)/$K$2))) -> #DIV/0! | H9: =IF(AND(F9>0,F9<>""),1,"") -> #DIV/0! | I9: Prix de revient unitaire | L9: =AVERAGE(F:F) -> #DIV/0!
B10: Assurances véhicules et autres | C10: =IF(ISNA(VLOOKUP(B10,'Listes des charges'!$B$2:$F$449,2,FALSE)),"",VLOOKUP(B10,'Listes des charges'!$B$2:$F$449,2,FALSE)) -> 0 | E10: =IF(ISNA(VLOOKUP(B10,'Listes des charges'!$B$2:$F$449,4,FALSE)),"",VLOOKUP(B10,'Listes des charges'!$B$2:$F$449,4,FALSE)) -> 66 | F10: =IF(B10="","",IF(D10<>"",((D10*E10)/1000),IF(D10="",(E10*2/3)/$K$2))) -> #DIV/0! | H10: =IF(AND(F10>0,F10<>""),1,"") -> #DIV/0! | I10: % coût matières | L10: =L7/L5 -> #VALUE!
B11: Entretien des véhicules | C11: =IF(ISNA(VLOOKUP(B11,'Listes des charges'!$B$2:$F$449,2,FALSE)),"",VLOOKUP(B11,'Listes des charges'!$B$2:$F$449,2,FALSE)) -> 0 | E11: =IF(ISNA(VLOOKUP(B11,'Listes des charges'!$B$2:$F$449,4,FALSE)),"",VLOOKUP(B11,'Listes des charges'!$B$2:$F$449,4,FALSE)) -> 41.67 | F11: =IF(B11="","",IF(D11<>"",((D11*E11)/1000),IF(D11="",(E11*2/3)/$K$2))) -> #DIV/0! | H11: =IF(AND(F11>0,F11<>""),1,"") -> #DIV/0! | I11: % Coût Charge indirectes | L11: =L6/L5 -> #DIV/0!
B12: Electricité (locaux) | C12: =IF(ISNA(VLOOKUP(B12,'Listes des charges'!$B$2:$F$449,2,FALSE)),"",VLOOKUP(B12,'Listes des charges'!$B$2:$F$449,2,FALSE)) -> 0 | E12: =IF(ISNA(VLOOKUP(B12,'Listes des charges'!$B$2:$F$449,4,FALSE)),"",VLOOKUP(B12,'Listes des charges'!$B$2:$F$449,4,FALSE)) -> 125 | F12: =IF(B12="","",IF(D12<>"",((D12*E12)/1000),IF(D12="",(E12*2/3)/$K$2))) -> #DIV/0! | H12: =IF(AND(F12>0,F12<>""),1,"") -> #DIV/0! | I12: Prix de vente H.T. | L12: =L7*G2 -> #VALUE!
B13: Eau (locaux) | C13: =IF(ISNA(VLOOKUP(B13,'Listes des charges'!$B$2:$F$449,2,FALSE)),"",VLOOKUP(B13,'Listes des charges'!$B$2:$F$449,2,FALSE)) -> 0 | E13: =IF(ISNA(VLOOKUP(B13,'Listes des charges'!$B$2:$F$449,4,FALSE)),"",VLOOKUP(B13,'Listes des charges'!$B$2:$F$449,4,FALSE)) -> 83.33 | F13: =IF(B13="","",IF(D13<>"",((D13*E13)/1000),IF(D13="",(E13*2/3)/$K$2))) -> #DIV/0! | H13: =IF(AND(F13>0,F13<>""),1,"") -> #DIV/0! | I13: T.V.A. | L13: 0.1
B14: chauffage (locaux) | C14: =IF(ISNA(VLOOKUP(B14,'Listes des charges'!$B$2:$F$449,2,FALSE)),"",VLOOKUP(B14,'Listes des charges'!$B$2:$F$449,2,FALSE)) -> 0 | E14: =IF(ISNA(VLOOKUP(B14,'Listes des charges'!$B$2:$F$449,4,FALSE)),"",VLOOKUP(B14,'Listes des charges'!$B$2:$F$449,4,FALSE)) -> 41.67 | F14: =IF(B14="","",IF(D14<>"",((D14*E14)/1000),IF(D14="",(E14*2/3)/$K$2))) -> #DIV/0! | H14: =IF(AND(F14>0,F14<>""),1,"") -> #DIV/0! | I14: Prix de vente T.T.C. selon Coef | L14: =L12+(L12*L13) -> #VALUE!
B15: Fournitures d'entretien | C15: =IF(ISNA(VLOOKUP(B15,'Listes des charges'!$B$2:$F$449,2,FALSE)),"",VLOOKUP(B15,'Listes des charges'!$B$2:$F$449,2,FALSE)) -> 0 | E15: =IF(ISNA(VLOOKUP(B15,'Listes des charges'!$B$2:$F$449,4,FALSE)),"",VLOOKUP(B15,'Listes des charges'!$B$2:$F$449,4,FALSE)) -> 41.67 | F15: =IF(B15="","",IF(D15<>"",((D15*E15)/1000),IF(D15="",(E15*2/3)/$K$2))) -> #DIV/0! | H15: =IF(AND(F15>0,F15<>""),1,"") -> #DIV/0! | I15: Marge Brute Matière premieres | L15: =L5-L7 -> #VALUE!
B16: Fournitures administratives | C16: =IF(ISNA(VLOOKUP(B16,'Listes des charges'!$B$2:$F$449,2,FALSE)),"",VLOOKUP(B16,'Listes des charges'!$B$2:$F$449,2,FALSE)) -> 0 | E16: =IF(ISNA(VLOOKUP(B16,'Listes des charges'!$B$2:$F$449,4,FALSE)),"",VLOOKUP(B16,'Listes des charges'!$B$2:$F$449,4,FALSE)) -> 41.67 | F16: =IF(B16="","",IF(D16<>"",((D16*E16)/1000),IF(D16="",(E16*2/3)/$K$2))) -> #DIV/0! | H16: =IF(AND(F16>0,F16<>""),1,"") -> #DIV/0! | I16: % MB Matières premières | L16: =L15/L5 -> #VALUE!
B17: Fournitures diverses | C17: =IF(ISNA(VLOOKUP(B17,'Listes des charges'!$B$2:$F$449,2,FALSE)),"",VLOOKUP(B17,'Listes des charges'!$B$2:$F$449,2,FALSE)) -> 0 | E17: =IF(ISNA(VLOOKUP(B17,'Listes des charges'!$B$2:$F$449,4,FALSE)),"",VLOOKUP(B17,'Listes des charges'!$B$2:$F$449,4,FALSE)) -> 41.67 | F17: =IF(B17="","",IF(D17<>"",((D17*E17)/1000),IF(D17="",(E17*2/3)/$K$2))) -> #DIV/0! | H17: =IF(AND(F17>0,F17<>""),1,"") -> #DIV/0! | I17: Marge Brute Totale | L17: =L5-L8 -> #DIV/0!
B18: Entretien (locaux, matériel) | C18: =IF(ISNA(VLOOKUP(B18,'Listes des charges'!$B$2:$F$449,2,FALSE)),"",VLOOKUP(B18,'Listes des charges'!$B$2:$F$449,2,FALSE)) -> 0 | E18: =IF(ISNA(VLOOKUP(B18,'Listes des charges'!$B$2:$F$449,4,FALSE)),"",VLOOKUP(B18,'Listes des charges'!$B$2:$F$449,4,FALSE)) -> 41.67 | F18: =IF(B18="","",IF(D18<>"",((D18*E18)/1000),IF(D18="",(E18*2/3)/$K$2))) -> #DIV/0! | H18: =IF(AND(F18>0,F18<>""),1,"") -> #DIV/0! | I18: % de Marge brute Total | L18: =L17/L5 -> #DIV/0!
B19: Téléphone | C19: =IF(ISNA(VLOOKUP(B19,'Listes des charges'!$B$2:$F$449,2,FALSE)),"",VLOOKUP(B19,'Listes des charges'!$B$2:$F$449,2,FALSE)) -> 0 | E19: =IF(ISNA(VLOOKUP(B19,'Listes des charges'!$B$2:$F$449,4,FALSE)),"",VLOOKUP(B19,'Listes des charges'!$B$2:$F$449,4,FALSE)) -> 41.67 | F19: =IF(B19="","",IF(D19<>"",((D19*E19)/1000),IF(D19="",(E19*2/3)/$K$2))) -> #DIV/0! | H19: =IF(AND(F19>0,F19<>""),1,"") -> #DIV/0! | I19: Estimation bénéfice mensuel | L19: =L17*K2 -> #DIV/0!
B20: Internet | C20: =IF(ISNA(VLOOKUP(B20,'Listes des charges'!$B$2:$F$449,2,FALSE)),"",VLOOKUP(B20,'Listes des charges'!$B$2:$F$449,2,FALSE)) -> 0 | E20: =IF(ISNA(VLOOKUP(B20,'Listes des charges'!$B$2:$F$449,4,FALSE)),"",VLOOKUP(B20,'Listes des charges'!$B$2:$F$449,4,FALSE)) -> 41.67 | F20: =IF(B20="","",IF(D20<>"",((D20*E20)/1000),IF(D20="",(E20*2/3)/$K$2))) -> #DIV/0! | H20: =IF(AND(F20>0,F20<>""),1,"") -> #DIV/0! | I20: Bénéfice Annuel | L20: =L19*12 -> #DIV/0!
B21: Publicité | C21: =IF(ISNA(VLOOKUP(B21,'Listes des charges'!$B$2:$F$449,2,FALSE)),"",VLOOKUP(B21,'Listes des charges'!$B$2:$F$449,2,FALSE)) -> 0 | E21: =IF(ISNA(VLOOKUP(B21,'Listes des charges'!$B$2:$F$449,4,FALSE)),"",VLOOKUP(B21,'Listes des charges'!$B$2:$F$449,4,FALSE)) -> 83.33 | F21: =IF(B21="","",IF(D21<>"",((D21*E21)/1000),IF(D21="",(E21*2/3)/$K$2))) -> #DIV/0! | H21: =IF(AND(F21>0,F21<>""),1,"") -> #DIV/0!
B22: Rémunération du dirigeant | C22: =IF(ISNA(VLOOKUP(B22,'Listes des charges'!$B$2:$F$449,2,FALSE)),"",VLOOKUP(B22,'Listes des charges'!$B$2:$F$449,2,FALSE)) -> 0 | E22: =IF(ISNA(VLOOKUP(B22,'Listes des charges'!$B$2:$F$449,4,FALSE)),"",VLOOKUP(B22,'Listes des charges'!$B$2:$F$449,4,FALSE)) -> 1500 | F22: =IF(B22="","",IF(D22<>"",((D22*E22)/1000),IF(D22="",(E22*2/3)/$K$2))) -> #DIV/0! | H22: =IF(AND(F22>0,F22<>""),1,"") -> #DIV/0!
B23: Cotisations sociales du dirigeant | C23: =IF(ISNA(VLOOKUP(B23,'Listes des charges'!$B$2:$F$449,2,FALSE)),"",VLOOKUP(B23,'Listes des charges'!$B$2:$F$449,2,FALSE)) -> 0 | E23: =IF(ISNA(VLOOKUP(B23,'Listes des charges'!$B$2:$F$449,4,FALSE)),"",VLOOKUP(B23,'Listes des charges'!$B$2:$F$449,4,FALSE)) -> 450.42 | F23: =IF(B23="","",IF(D23<>"",((D23*E23)/1000),IF(D23="",(E23*2/3)/$K$2))) -> #DIV/0! | H23: =IF(AND(F23>0,F23<>""),1,"") -> #DIV/0!
B24: Dotation aux amortissements | C24: =IF(ISNA(VLOOKUP(B24,'Listes des charges'!$B$2:$F$449,2,FALSE)),"",VLOOKUP(B24,'Listes des charges'!$B$2:$F$449,2,FALSE)) -> 0 | E24: =IF(ISNA(VLOOKUP(B24,'Listes des charges'!$B$2:$F$449,4,FALSE)),"",VLOOKUP(B24,'Listes des charges'!$B$2:$F$449,4,FALSE)) -> 279.07 | F24: =IF(B24="","",IF(D24<>"",((D24*E24)/1000),IF(D24="",(E24*2/3)/$K$2))) -> #DIV/0! | H24: =IF(AND(F24>0,F24<>""),1,"") -> #DIV/0!
B25: TVA | C25: =IF(ISNA(VLOOKUP(B25,'Listes des charges'!$B$2:$F$449,2,FALSE)),"",VLOOKUP(B25,'Listes des charges'!$B$2:$F$449,2,FALSE)) -> 0 | E25: =IF(ISNA(VLOOKUP(B25,'Listes des charges'!$B$2:$F$449,4,FALSE)),"",VLOOKUP(B25,'Listes des charges'!$B$2:$F$449,4,FALSE)) -> 1359.41 | F25: =IF(B25="","",IF(D25<>"",((D25*E25)/1000),IF(D25="",(E25*2/3)/$K$2))) -> #DIV/0! | H25: =IF(AND(F25>0,F25<>""),1,"") -> #DIV/0!
C26: =IF(ISNA(VLOOKUP(B26,'Listes des charges'!$B$2:$F$449,2,FALSE)),"",VLOOKUP(B26,'Listes des charges'!$B$2:$F$449,2,FALSE)) | E26: =IF(ISNA(VLOOKUP(B26,'Listes des charges'!$B$2:$F$449,4,FALSE)),"",VLOOKUP(B26,'Listes des charges'!$B$2:$F$449,4,FALSE)) | F26: =IF(B26="","",IF(D26<>"",((D26*E26)/1000),IF(D26="",(E26*2/3)/$K$2))) | H26: =IF(AND(F26>0,F26<>""),1,"")
C27: =IF(ISNA(VLOOKUP(B27,'Listes des charges'!$B$2:$F$449,2,FALSE)),"",VLOOKUP(B27,'Listes des charges'!$B$2:$F$449,2,FALSE)) | E27: =IF(ISNA(VLOOKUP(B27,'Listes des charges'!$B$2:$F$449,4,FALSE)),"",VLOOKUP(B27,'Listes des charges'!$B$2:$F$449,4,FALSE)) | F27: =IF(B27="","",IF(D27<>"",((D27*E27)/1000),IF(D27="",(E27*2/3)/$K$2))) | H27: =IF(AND(F27>0,F27<>""),1,"")
C28: =IF(ISNA(VLOOKUP(B28,'Listes des charges'!$B$2:$F$449,2,FALSE)),"",VLOOKUP(B28,'Listes des charges'!$B$2:$F$449,2,FALSE)) | E28: =IF(ISNA(VLOOKUP(B28,'Listes des charges'!$B$2:$F$449,4,FALSE)),"",VLOOKUP(B28,'Listes des charges'!$B$2:$F$449,4,FALSE)) | F28: =IF(B28="","",IF(D28<>"",((D28*E28)/1000),IF(D28="",(E28*2/3)/$K$2))) | H28: =IF(AND(F28>0,F28<>""),1,"")
C29: =IF(ISNA(VLOOKUP(B29,'Listes des charges'!$B$2:$F$449,2,FALSE)),"",VLOOKUP(B29,'Listes des charges'!$B$2:$F$449,2,FALSE)) | E29: =IF(ISNA(VLOOKUP(B29,'Listes des charges'!$B$2:$F$449,4,FALSE)),"",VLOOKUP(B29,'Listes des charges'!$B$2:$F$449,4,FALSE)) | F29: =IF(B29="","",IF(D29<>"",((D29*E29)/1000),IF(D29="",(E29*2/3)/$K$2))) | H29: =IF(AND(F29>0,F29<>""),1,"")
C30: =IF(ISNA(VLOOKUP(B30,'Listes des charges'!$B$2:$F$449,2,FALSE)),"",VLOOKUP(B30,'Listes des charges'!$B$2:$F$449,2,FALSE)) | E30: =IF(ISNA(VLOOKUP(B30,'Listes des charges'!$B$2:$F$449,4,FALSE)),"",VLOOKUP(B30,'Listes des charges'!$B$2:$F$449,4,FALSE)) | F30: =IF(B30="","",IF(D30<>"",((D30*E30)/1000),IF(D30="",(E30*2/3)/$K$2))) | H30: =IF(AND(F30>0,F30<>""),1,"")
C31: =IF(ISNA(VLOOKUP(B31,'Listes des charges'!$B$2:$F$449,2,FALSE)),"",VLOOKUP(B31,'Listes des charges'!$B$2:$F$449,2,FALSE)) | E31: =IF(ISNA(VLOOKUP(B31,'Listes des charges'!$B$2:$F$449,4,FALSE)),"",VLOOKUP(B31,'Listes des charges'!$B$2:$F$449,4,FALSE)) | F31: =IF(B31="","",IF(D31<>"",((D31*E31)/1000),IF(D31="",(E31*2/3)/$K$2))) | H31: =IF(AND(F31>0,F31<>""),1,"")
C32: =IF(ISNA(VLOOKUP(B32,'Listes des charges'!$B$2:$F$449,2,FALSE)),"",VLOOKUP(B32,'Listes des charges'!$B$2:$F$449,2,FALSE)) | E32: =IF(ISNA(VLOOKUP(B32,'Listes des charges'!$B$2:$F$449,4,FALSE)),"",VLOOKUP(B32,'Listes des charges'!$B$2:$F$449,4,FALSE)) | F32: =IF(B32="","",IF(D32<>"",((D32*E32)/1000),IF(D32="",(E32*2/3)/$K$2))) | H32: =IF(AND(F32>0,F32<>""),1,"")
C33: =IF(ISNA(VLOOKUP(B33,'Listes des charges'!$B$2:$F$449,2,FALSE)),"",VLOOKUP(B33,'Listes des charges'!$B$2:$F$449,2,FALSE)) | E33: =IF(ISNA(VLOOKUP(B33,'Listes des charges'!$B$2:$F$449,4,FALSE)),"",VLOOKUP(B33,'Listes des charges'!$B$2:$F$449,4,FALSE)) | F33: =IF(B33="","",IF(D33<>"",((D33*E33)/1000),IF(D33="",(E33*2/3)/$K$2))) | H33: =IF(AND(F33>0,F33<>""),1,"")
C34: =IF(ISNA(VLOOKUP(B34,'Listes des charges'!$B$2:$F$449,2,FALSE)),"",VLOOKUP(B34,'Listes des charges'!$B$2:$F$449,2,FALSE)) | E34: =IF(ISNA(VLOOKUP(B34,'Listes des charges'!$B$2:$F$449,4,FALSE)),"",VLOOKUP(B34,'Listes des charges'!$B$2:$F$449,4,FALSE)) | F34: =IF(B34="","",IF(D34<>"",((D34*E34)/1000),IF(D34="",(E34*2/3)/$K$2))) | H34: =IF(AND(F34>0,F34<>""),1,"")
C35: =IF(ISNA(VLOOKUP(B35,'Listes des charges'!$B$2:$F$449,2,FALSE)),"",VLOOKUP(B35,'Listes des charges'!$B$2:$F$449,2,FALSE)) | E35: =IF(ISNA(VLOOKUP(B35,'Listes des charges'!$B$2:$F$449,4,FALSE)),"",VLOOKUP(B35,'Listes des charges'!$B$2:$F$449,4,FALSE)) | F35: =IF(B35="","",IF(D35<>"",((D35*E35)/1000),IF(D35="",(E35*2/3)/$K$2))) | H35: =IF(AND(F35>0,F35<>""),1,"")
C36: =IF(ISNA(VLOOKUP(B36,'Listes des charges'!$B$2:$F$449,2,FALSE)),"",VLOOKUP(B36,'Listes des charges'!$B$2:$F$449,2,FALSE)) | E36: =IF(ISNA(VLOOKUP(B36,'Listes des charges'!$B$2:$F$449,4,FALSE)),"",VLOOKUP(B36,'Listes des charges'!$B$2:$F$449,4,FALSE)) | F36: =IF(B36="","",IF(D36<>"",((D36*E36)/1000),IF(D36="",(E36*2/3)/$K$2))) | H36: =IF(AND(F36>0,F36<>""),1,"")
B37: Charges Mensuelles directes | H37: =IF(AND(F37>0,F37<>""),1,"")
B38: Paton | C38: =IF(ISNA(VLOOKUP(B38,'Listes des charges'!$B$2:$F$449,2,FALSE)),"",VLOOKUP(B38,'Listes des charges'!$B$2:$F$449,2,FALSE)) | E38: =IF(ISNA(VLOOKUP(B38,'Listes des charges'!$B$2:$F$449,4,FALSE)),"",VLOOKUP(B38,'Listes des charges'!$B$2:$F$449,4,FALSE)) | F38: =IF(B38="","",IF(D38<>"",((D38*E38)/1000),IF(D38="",(E38*2/3)/$K$2))) -> #VALUE! | H38: =IF(AND(F38>0,F38<>""),1,"") -> #VALUE!
B39: Farine | C39: =IF(ISNA(VLOOKUP(B39,'Listes des charges'!$B$2:$F$449,2,FALSE)),"",VLOOKUP(B39,'Listes des charges'!$B$2:$F$449,2,FALSE)) -> gr | D39: 166 | E39: =IF(ISNA(VLOOKUP(B39,'Listes des charges'!$B$2:$F$449,4,FALSE)),"",VLOOKUP(B39,'Listes des charges'!$B$2:$F$449,4,FALSE)) -> 3.88 | F39: =IF(B39="","",IF(D39<>"",((D39*E39)/1000),IF(D39="",(E39*2/3)/$K$2))) -> 0.64408 | H39: =IF(AND(F39>0,F39<>""),1,"") -> 1
B40: Levure en sachet | C40: =IF(ISNA(VLOOKUP(B40,'Listes des charges'!$B$2:$F$449,2,FALSE)),"",VLOOKUP(B40,'Listes des charges'!$B$2:$F$449,2,FALSE)) -> gr | D40: 1 | E40: =IF(ISNA(VLOOKUP(B40,'Listes des charges'!$B$2:$F$449,4,FALSE)),"",VLOOKUP(B40,'Listes des charges'!$B$2:$F$449,4,FALSE)) -> 69.8 | F40: =IF(B40="","",IF(D40<>"",((D40*E40)/1000),IF(D40="",(E40*2/3)/$K$2))) -> 0.0698 | H40: =IF(AND(F40>0,F40<>""),1,"") -> 1
B41: Levure boulangère | C41: =IF(ISNA(VLOOKUP(B41,'Listes des charges'!$B$2:$F$449,2,FALSE)),"",VLOOKUP(B41,'Listes des charges'!$B$2:$F$449,2,FALSE)) -> gr | D41: 3 | E41: =IF(ISNA(VLOOKUP(B41,'Listes des charges'!$B$2:$F$449,4,FALSE)),"",VLOOKUP(B41,'Listes des charges'!$B$2:$F$449,4,FALSE)) -> 14.51 | F41: =IF(B41="","",IF(D41<>"",((D41*E41)/1000),IF(D41="",(E41*2/3)/$K$2))) -> 0.04353 | H41: =IF(AND(F41>0,F41<>""),1,"") -> 1
B42: Eau | C42: =IF(ISNA(VLOOKUP(B42,'Listes des charges'!$B$2:$F$449,2,FALSE)),"",VLOOKUP(B42,'Listes des charges'!$B$2:$F$449,2,FALSE)) -> gr | D42: 0.1 | E42: =IF(ISNA(VLOOKUP(B42,'Listes des charges'!$B$2:$F$449,4,FALSE)),"",VLOOKUP(B42,'Listes des charges'!$B$2:$F$449,4,FALSE)) -> 0 | F42: =IF(B42="","",IF(D42<>"",((D42*E42)/1000),IF(D42="",(E42*2/3)/$K$2))) -> 0 | H42: =IF(AND(F42>0,F42<>""),1,"")
B43: Sel | C43: =IF(ISNA(VLOOKUP(B43,'Listes des charges'!$B$2:$F$449,2,FALSE)),"",VLOOKUP(B43,'Listes des charges'!$B$2:$F$449,2,FALSE)) -> gr | D43: 4.2 | E43: =IF(ISNA(VLOOKUP(B43,'Listes des charges'!$B$2:$F$449,4,FALSE)),"",VLOOKUP(B43,'Listes des charges'!$B$2:$F$449,4,FALSE)) -> 0 | F43: =IF(B43="","",IF(D43<>"",((D43*E43)/1000),IF(D43="",(E43*2/3)/$K$2))) -> 0 | H43: =IF(AND(F43>0,F43<>""),1,"")
B44: Garnitures | C44: =IF(ISNA(VLOOKUP(B44,'Listes des charges'!$B$2:$F$449,2,FALSE)),"",VLOOKUP(B44,'Listes des charges'!$B$2:$F$449,2,FALSE)) -> 0 | E44: =IF(ISNA(VLOOKUP(B44,'Listes des charges'!$B$2:$F$449,4,FALSE)),"",VLOOKUP(B44,'Listes des charges'!$B$2:$F$449,4,FALSE)) -> 0 | F44: =IF(B44="","",IF(D44<>"",((D44*E44)/1000),IF(D44="",(E44*2/3)/$K$2))) -> #DIV/0! | H44: =IF(AND(F44>0,F44<>""),1,"") -> #DIV/0!
C45: =IF(ISNA(VLOOKUP(B45,'Listes des charges'!$B$2:$F$449,2,FALSE)),"",VLOOKUP(B45,'Listes des charges'!$B$2:$F$449,2,FALSE)) | E45: =IF(ISNA(VLOOKUP(B45,'Listes des charges'!$B$2:$F$449,4,FALSE)),"",VLOOKUP(B45,'Listes des charges'!$B$2:$F$449,4,FALSE)) | F45: =IF(B45="","",IF(D45<>"",((D45*E45)/1000),IF(D45="",(E45*2/3)/$K$2))) | H45: =IF(AND(F45>0,F45<>""),1,"")
C46: =IF(ISNA(VLOOKUP(B46,'Listes des charges'!$B$2:$F$449,2,FALSE)),"",VLOOKUP(B46,'Listes des charges'!$B$2:$F$449,2,FALSE)) | E46: =IF(ISNA(VLOOKUP(B46,'Listes des charges'!$B$2:$F$449,4,FALSE)),"",VLOOKUP(B46,'Listes des charges'!$B$2:$F$449,4,FALSE)) | F46: =IF(B46="","",IF(D46<>"",((D46*E46)/1000),IF(D46="",(E46*2/3)/$K$2))) | H46: =IF(AND(F46>0,F46<>""),1,"")
C47: =IF(ISNA(VLOOKUP(B47,'Listes des charges'!$B$2:$F$449,2,FALSE)),"",VLOOKUP(B47,'Listes des charges'!$B$2:$F$449,2,FALSE)) | E47: =IF(ISNA(VLOOKUP(B47,'Listes des charges'!$B$2:$F$449,4,FALSE)),"",VLOOKUP(B47,'Listes des charges'!$B$2:$F$449,4,FALSE)) | F47: =IF(B47="","",IF(D47<>"",((D47*E47)/1000),IF(D47="",(E47*2/3)/$K$2))) | H47: =IF(AND(F47>0,F47<>""),1,"")
C48: =IF(ISNA(VLOOKUP(B48,'Listes des charges'!$B$2:$F$449,2,FALSE)),"",VLOOKUP(B48,'Listes des charges'!$B$2:$F$449,2,FALSE)) | E48: =IF(ISNA(VLOOKUP(B48,'Listes des charges'!$B$2:$F$449,4,FALSE)),"",VLOOKUP(B48,'Listes des charges'!$B$2:$F$449,4,FALSE)) | F48: =IF(B48="","",IF(D48<>"",((D48*E48)/1000),IF(D48="",(E48*2/3)/$K$2))) | H48: =IF(AND(F48>0,F48<>""),1,"")
C49: =IF(ISNA(VLOOKUP(B49,'Listes des charges'!$B$2:$F$449,2,FALSE)),"",VLOOKUP(B49,'Listes des charges'!$B$2:$F$449,2,FALSE)) | E49: =IF(ISNA(VLOOKUP(B49,'Listes des charges'!$B$2:$F$449,4,FALSE)),"",VLOOKUP(B49,'Listes des charges'!$B$2:$F$449,4,FALSE)) | F49: =IF(B49="","",IF(D49<>"",((D49*E49)/1000),IF(D49="",(E49*2/3)/$K$2))) | H49: =IF(AND(F49>0,F49<>""),1,"")
C50: =IF(ISNA(VLOOKUP(B50,'Listes des charges'!$B$2:$F$449,2,FALSE)),"",VLOOKUP(B50,'Listes des charges'!$B$2:$F$449,2,FALSE)) | E50: =IF(ISNA(VLOOKUP(B50,'Listes des charges'!$B$2:$F$449,4,FALSE)),"",VLOOKUP(B50,'Listes des charges'!$B$2:$F$449,4,FALSE)) | F50: =IF(B50="","",IF(D50<>"",((D50*E50)/1000),IF(D50="",(E50*2/3)/$K$2))) | H50: =IF(AND(F50>0,F50<>""),1,"")
C51: =IF(ISNA(VLOOKUP(B51,'Listes des charges'!$B$2:$F$449,2,FALSE)),"",VLOOKUP(B51,'Listes des charges'!$B$2:$F$449,2,FALSE)) | E51: =IF(ISNA(VLOOKUP(B51,'Listes des charges'!$B$2:$F$449,4,FALSE)),"",VLOOKUP(B51,'Listes des charges'!$B$2:$F$449,4,FALSE)) | F51: =IF(B51="","",IF(D51<>"",((D51*E51)/1000),IF(D51="",(E51*2/3)/$K$2))) | H51: =IF(AND(F51>0,F51<>""),1,"")
C52: =IF(ISNA(VLOOKUP(B52,'Listes des charges'!$B$2:$F$449,2,FALSE)),"",VLOOKUP(B52,'Listes des charges'!$B$2:$F$449,2,FALSE)) | E52: =IF(ISNA(VLOOKUP(B52,'Listes des charges'!$B$2:$F$449,4,FALSE)),"",VLOOKUP(B52,'Listes des charges'!$B$2:$F$449,4,FALSE)) | F52: =IF(B52="","",IF(D52<>"",((D52*E52)/1000),IF(D52="",(E52*2/3)/$K$2))) | H52: =IF(AND(F52>0,F52<>""),1,"")
C53: =IF(ISNA(VLOOKUP(B53,'Listes des charges'!$B$2:$F$449,2,FALSE)),"",VLOOKUP(B53,'Listes des charges'!$B$2:$F$449,2,FALSE)) | E53: =IF(ISNA(VLOOKUP(B53,'Listes des charges'!$B$2:$F$449,4,FALSE)),"",VLOOKUP(B53,'Listes des charges'!$B$2:$F$449,4,FALSE)) | F53: =IF(B53="","",IF(D53<>"",((D53*E53)/1000),IF(D53="",(E53*2/3)/$K$2))) | H53: =IF(AND(F53>0,F53<>""),1,"")
C54: =IF(ISNA(VLOOKUP(B54,'Listes des charges'!$B$2:$F$449,2,FALSE)),"",VLOOKUP(B54,'Listes des charges'!$B$2:$F$449,2,FALSE)) | E54: =IF(ISNA(VLOOKUP(B54,'Listes des charges'!$B$2:$F$449,4,FALSE)),"",VLOOKUP(B54,'Listes des charges'!$B$2:$F$449,4,FALSE)) | F54: =IF(B54="","",IF(D54<>"",((D54*E54)/1000),IF(D54="",(E54*2/3)/$K$2))) | H54: =IF(AND(F54>0,F54<>""),1,"")
C55: =IF(ISNA(VLOOKUP(B55,'Listes des charges'!$B$2:$F$449,2,FALSE)),"",VLOOKUP(B55,'Listes des charges'!$B$2:$F$449,2,FALSE)) | E55: =IF(ISNA(VLOOKUP(B55,'Listes des charges'!$B$2:$F$449,4,FALSE)),"",VLOOKUP(B55,'Listes des charges'!$B$2:$F$449,4,FALSE)) | F55: =IF(B55="","",IF(D55<>"",((D55*E55)/1000),IF(D55="",(E55*2/3)/$K$2))) | H55: =IF(AND(F55>0,F55<>""),1,"")
C56: =IF(ISNA(VLOOKUP(B56,'Listes des charges'!$B$2:$F$449,2,FALSE)),"",VLOOKUP(B56,'Listes des charges'!$B$2:$F$449,2,FALSE)) | E56: =IF(ISNA(VLOOKUP(B56,'Listes des charges'!$B$2:$F$449,4,FALSE)),"",VLOOKUP(B56,'Listes des charges'!$B$2:$F$449,4,FALSE)) | F56: =IF(B56="","",IF(D56<>"",((D56*E56)/1000),IF(D56="",(E56*2/3)/$K$2))) | H56: =IF(AND(F56>0,F56<>""),1,"")
C57: =IF(ISNA(VLOOKUP(B57,'Listes des charges'!$B$2:$F$449,2,FALSE)),"",VLOOKUP(B57,'Listes des charges'!$B$2:$F$449,2,FALSE)) | E57: =IF(ISNA(VLOOKUP(B57,'Listes des charges'!$B$2:$F$449,4,FALSE)),"",VLOOKUP(B57,'Listes des charges'!$B$2:$F$449,4,FALSE)) | F57: =IF(B57="","",IF(D57<>"",((D57*E57)/1000),IF(D57="",(E57*2/3)/$K$2))) | H57: =IF(AND(F57>0,F57<>""),1,"")

Sheet 9
B2: Nom | F2: Coefficient | I2: NB de pizzas vendues Mensuels
B3: MAJ Le : | C3: 42461 | F3: Fraction Charges indirectes | G3: 0.5
B5: Charges directes et indirectes | C5: Unités | D5: Quantité | E5: Prix d'achat HT/ Coût Mensuel | F5: Prix de revient | G5: Observations | I5: Prix de vente Proposé
B6: Charges Mensuelles indirecte | H6: =IF(AND(F6>0,F6<>""),1,"") | I6: Prix de revient Charges indirectes | L6: =SUM(F6:F36) -> #DIV/0!
B7: Emballages et conditionnement | C7: =IF(ISNA(VLOOKUP(B7,'Listes des charges'!$B$2:$F$449,2,FALSE)),"",VLOOKUP(B7,'Listes des charges'!$B$2:$F$449,2,FALSE)) -> 0 | E7: =IF(ISNA(VLOOKUP(B7,'Listes des charges'!$B$2:$F$449,4,FALSE)),"",VLOOKUP(B7,'Listes des charges'!$B$2:$F$449,4,FALSE)) -> 83.33 | F7: =IF(B7="","",IF(D7<>"",((D7*E7)/1000),IF(D7="",(E7*2/3)/$K$2))) -> #DIV/0! | H7: =IF(AND(F7>0,F7<>""),1,"") -> #DIV/0! | I7: Prix de revient Matières premières | L7: =SUM(F37:F80) -> #VALUE!
B8: Achats de marchandises TTC | C8: =IF(ISNA(VLOOKUP(B8,'Listes des charges'!$B$2:$F$449,2,FALSE)),"",VLOOKUP(B8,'Listes des charges'!$B$2:$F$449,2,FALSE)) -> 0 | E8: =IF(ISNA(VLOOKUP(B8,'Listes des charges'!$B$2:$F$449,4,FALSE)),"",VLOOKUP(B8,'Listes des charges'!$B$2:$F$449,4,FALSE)) -> 956.01852 | F8: =IF(B8="","",IF(D8<>"",((D8*E8)/1000),IF(D8="",(E8*2/3)/$K$2))) -> #DIV/0! | H8: =IF(AND(F8>0,F8<>""),1,"") -> #DIV/0! | I8: Prix de revient total | L8: =L6+L7 -> #DIV/0!
B9: Loyers et charges locatives | C9: =IF(ISNA(VLOOKUP(B9,'Listes des charges'!$B$2:$F$449,2,FALSE)),"",VLOOKUP(B9,'Listes des charges'!$B$2:$F$449,2,FALSE)) -> 0 | E9: =IF(ISNA(VLOOKUP(B9,'Listes des charges'!$B$2:$F$449,4,FALSE)),"",VLOOKUP(B9,'Listes des charges'!$B$2:$F$449,4,FALSE)) -> 700 | F9: =IF(B9="","",IF(D9<>"",((D9*E9)/1000),IF(D9="",(E9*2/3)/$K$2))) -> #DIV/0! | H9: =IF(AND(F9>0,F9<>""),1,"") -> #DIV/0! | I9: Prix de revient unitaire | L9: =AVERAGE(F:F) -> #DIV/0!
B10: Assurances véhicules et autres | C10: =IF(ISNA(VLOOKUP(B10,'Listes des charges'!$B$2:$F$449,2,FALSE)),"",VLOOKUP(B10,'Listes des charges'!$B$2:$F$449,2,FALSE)) -> 0 | E10: =IF(ISNA(VLOOKUP(B10,'Listes des charges'!$B$2:$F$449,4,FALSE)),"",VLOOKUP(B10,'Listes des charges'!$B$2:$F$449,4,FALSE)) -> 66 | F10: =IF(B10="","",IF(D10<>"",((D10*E10)/1000),IF(D10="",(E10*2/3)/$K$2))) -> #DIV/0! | H10: =IF(AND(F10>0,F10<>""),1,"") -> #DIV/0! | I10: % coût matières | L10: =L7/L5 -> #VALUE!
B11: Entretien des véhicules | C11: =IF(ISNA(VLOOKUP(B11,'Listes des charges'!$B$2:$F$449,2,FALSE)),"",VLOOKUP(B11,'Listes des charges'!$B$2:$F$449,2,FALSE)) -> 0 | E11: =IF(ISNA(VLOOKUP(B11,'Listes des charges'!$B$2:$F$449,4,FALSE)),"",VLOOKUP(B11,'Listes des charges'!$B$2:$F$449,4,FALSE)) -> 41.67 | F11: =IF(B11="","",IF(D11<>"",((D11*E11)/1000),IF(D11="",(E11*2/3)/$K$2))) -> #DIV/0! | H11: =IF(AND(F11>0,F11<>""),1,"") -> #DIV/0! | I11: % Coût Charge indirectes | L11: =L6/L5 -> #DIV/0!
B12: Electricité (locaux) | C12: =IF(ISNA(VLOOKUP(B12,'Listes des charges'!$B$2:$F$449,2,FALSE)),"",VLOOKUP(B12,'Listes des charges'!$B$2:$F$449,2,FALSE)) -> 0 | E12: =IF(ISNA(VLOOKUP(B12,'Listes des charges'!$B$2:$F$449,4,FALSE)),"",VLOOKUP(B12,'Listes des charges'!$B$2:$F$449,4,FALSE)) -> 125 | F12: =IF(B12="","",IF(D12<>"",((D12*E12)/1000),IF(D12="",(E12*2/3)/$K$2))) -> #DIV/0! | H12: =IF(AND(F12>0,F12<>""),1,"") -> #DIV/0! | I12: Prix de vente H.T. | L12: =L7*G2 -> #VALUE!
B13: Eau (locaux) | C13: =IF(ISNA(VLOOKUP(B13,'Listes des charges'!$B$2:$F$449,2,FALSE)),"",VLOOKUP(B13,'Listes des charges'!$B$2:$F$449,2,FALSE)) -> 0 | E13: =IF(ISNA(VLOOKUP(B13,'Listes des charges'!$B$2:$F$449,4,FALSE)),"",VLOOKUP(B13,'Listes des charges'!$B$2:$F$449,4,FALSE)) -> 83.33 | F13: =IF(B13="","",IF(D13<>"",((D13*E13)/1000),IF(D13="",(E13*2/3)/$K$2))) -> #DIV/0! | H13: =IF(AND(F13>0,F13<>""),1,"") -> #DIV/0! | I13: T.V.A. | L13: 0.1
B14: chauffage (locaux) | C14: =IF(ISNA(VLOOKUP(B14,'Listes des charges'!$B$2:$F$449,2,FALSE)),"",VLOOKUP(B14,'Listes des charges'!$B$2:$F$449,2,FALSE)) -> 0 | E14: =IF(ISNA(VLOOKUP(B14,'Listes des charges'!$B$2:$F$449,4,FALSE)),"",VLOOKUP(B14,'Listes des charges'!$B$2:$F$449,4,FALSE)) -> 41.67 | F14: =IF(B14="","",IF(D14<>"",((D14*E14)/1000),IF(D14="",(E14*2/3)/$K$2))) -> #DIV/0! | H14: =IF(AND(F14>0,F14<>""),1,"") -> #DIV/0! | I14: Prix de vente T.T.C. selon Coef | L14: =L12+(L12*L13) -> #VALUE!
B15: Fournitures d'entretien | C15: =IF(ISNA(VLOOKUP(B15,'Listes des charges'!$B$2:$F$449,2,FALSE)),"",VLOOKUP(B15,'Listes des charges'!$B$2:$F$449,2,FALSE)) -> 0 | E15: =IF(ISNA(VLOOKUP(B15,'Listes des charges'!$B$2:$F$449,4,FALSE)),"",VLOOKUP(B15,'Listes des charges'!$B$2:$F$449,4,FALSE)) -> 41.67 | F15: =IF(B15="","",IF(D15<>"",((D15*E15)/1000),IF(D15="",(E15*2/3)/$K$2))) -> #DIV/0! | H15: =IF(AND(F15>0,F15<>""),1,"") -> #DIV/0! | I15: Marge Brute Matière premieres | L15: =L5-L7 -> #VALUE!
B16: Fournitures administratives | C16: =IF(ISNA(VLOOKUP(B16,'Listes des charges'!$B$2:$F$449,2,FALSE)),"",VLOOKUP(B16,'Listes des charges'!$B$2:$F$449,2,FALSE)) -> 0 | E16: =IF(ISNA(VLOOKUP(B16,'Listes des charges'!$B$2:$F$449,4,FALSE)),"",VLOOKUP(B16,'Listes des charges'!$B$2:$F$449,4,FALSE)) -> 41.67 | F16: =IF(B16="","",IF(D16<>"",((D16*E16)/1000),IF(D16="",(E16*2/3)/$K$2))) -> #DIV/0! | H16: =IF(AND(F16>0,F16<>""),1,"") -> #DIV/0! | I16: % MB Matières premières | L16: =L15/L5 -> #VALUE!
B17: Fournitures diverses | C17: =IF(ISNA(VLOOKUP(B17,'Listes des charges'!$B$2:$F$449,2,FALSE)),"",VLOOKUP(B17,'Listes des charges'!$B$2:$F$449,2,FALSE)) -> 0 | E17: =IF(ISNA(VLOOKUP(B17,'Listes des charges'!$B$2:$F$449,4,FALSE)),"",VLOOKUP(B17,'Listes des charges'!$B$2:$F$449,4,FALSE)) -> 41.67 | F17: =IF(B17="","",IF(D17<>"",((D17*E17)/1000),IF(D17="",(E17*2/3)/$K$2))) -> #DIV/0! | H17: =IF(AND(F17>0,F17<>""),1,"") -> #DIV/0! | I17: Marge Brute Totale | L17: =L5-L8 -> #DIV/0!
B18: Entretien (locaux, matériel) | C18: =IF(ISNA(VLOOKUP(B18,'Listes des charges'!$B$2:$F$449,2,FALSE)),"",VLOOKUP(B18,'Listes des charges'!$B$2:$F$449,2,FALSE)) -> 0 | E18: =IF(ISNA(VLOOKUP(B18,'Listes des charges'!$B$2:$F$449,4,FALSE)),"",VLOOKUP(B18,'Listes des charges'!$B$2:$F$449,4,FALSE)) -> 41.67 | F18: =IF(B18="","",IF(D18<>"",((D18*E18)/1000),IF(D18="",(E18*2/3)/$K$2))) -> #DIV/0! | H18: =IF(AND(F18>0,F18<>""),1,"") -> #DIV/0! | I18: % de Marge brute Total | L18: =L17/L5 -> #DIV/0!
B19: Téléphone | C19: =IF(ISNA(VLOOKUP(B19,'Listes des charges'!$B$2:$F$449,2,FALSE)),"",VLOOKUP(B19,'Listes des charges'!$B$2:$F$449,2,FALSE)) -> 0 | E19: =IF(ISNA(VLOOKUP(B19,'Listes des charges'!$B$2:$F$449,4,FALSE)),"",VLOOKUP(B19,'Listes des charges'!$B$2:$F$449,4,FALSE)) -> 41.67 | F19: =IF(B19="","",IF(D19<>"",((D19*E19)/1000),IF(D19="",(E19*2/3)/$K$2))) -> #DIV/0! | H19: =IF(AND(F19>0,F19<>""),1,"") -> #DIV/0! | I19: Estimation bénéfice mensuel | L19: =L17*K2 -> #DIV/0!
B20: Internet | C20: =IF(ISNA(VLOOKUP(B20,'Listes des charges'!$B$2:$F$449,2,FALSE)),"",VLOOKUP(B20,'Listes des charges'!$B$2:$F$449,2,FALSE)) -> 0 | E20: =IF(ISNA(VLOOKUP(B20,'Listes des charges'!$B$2:$F$449,4,FALSE)),"",VLOOKUP(B20,'Listes des charges'!$B$2:$F$449,4,FALSE)) -> 41.67 | F20: =IF(B20="","",IF(D20<>"",((D20*E20)/1000),IF(D20="",(E20*2/3)/$K$2))) -> #DIV/0! | H20: =IF(AND(F20>0,F20<>""),1,"") -> #DIV/0! | I20: Bénéfice Annuel | L20: =L19*12 -> #DIV/0!
B21: Publicité | C21: =IF(ISNA(VLOOKUP(B21,'Listes des charges'!$B$2:$F$449,2,FALSE)),"",VLOOKUP(B21,'Listes des charges'!$B$2:$F$449,2,FALSE)) -> 0 | E21: =IF(ISNA(VLOOKUP(B21,'Listes des charges'!$B$2:$F$449,4,FALSE)),"",VLOOKUP(B21,'Listes des charges'!$B$2:$F$449,4,FALSE)) -> 83.33 | F21: =IF(B21="","",IF(D21<>"",((D21*E21)/1000),IF(D21="",(E21*2/3)/$K$2))) -> #DIV/0! | H21: =IF(AND(F21>0,F21<>""),1,"") -> #DIV/0!
B22: Rémunération du dirigeant | C22: =IF(ISNA(VLOOKUP(B22,'Listes des charges'!$B$2:$F$449,2,FALSE)),"",VLOOKUP(B22,'Listes des charges'!$B$2:$F$449,2,FALSE)) -> 0 | E22: =IF(ISNA(VLOOKUP(B22,'Listes des charges'!$B$2:$F$449,4,FALSE)),"",VLOOKUP(B22,'Listes des charges'!$B$2:$F$449,4,FALSE)) -> 1500 | F22: =IF(B22="","",IF(D22<>"",((D22*E22)/1000),IF(D22="",(E22*2/3)/$K$2))) -> #DIV/0! | H22: =IF(AND(F22>0,F22<>""),1,"") -> #DIV/0!
B23: Cotisations sociales du dirigeant | C23: =IF(ISNA(VLOOKUP(B23,'Listes des charges'!$B$2:$F$449,2,FALSE)),"",VLOOKUP(B23,'Listes des charges'!$B$2:$F$449,2,FALSE)) -> 0 | E23: =IF(ISNA(VLOOKUP(B23,'Listes des charges'!$B$2:$F$449,4,FALSE)),"",VLOOKUP(B23,'Listes des charges'!$B$2:$F$449,4,FALSE)) -> 450.42 | F23: =IF(B23="","",IF(D23<>"",((D23*E23)/1000),IF(D23="",(E23*2/3)/$K$2))) -> #DIV/0! | H23: =IF(AND(F23>0,F23<>""),1,"") -> #DIV/0!
B24: Dotation aux amortissements | C24: =IF(ISNA(VLOOKUP(B24,'Listes des charges'!$B$2:$F$449,2,FALSE)),"",VLOOKUP(B24,'Listes des charges'!$B$2:$F$449,2,FALSE)) -> 0 | E24: =IF(ISNA(VLOOKUP(B24,'Listes des charges'!$B$2:$F$449,4,FALSE)),"",VLOOKUP(B24,'Listes des charges'!$B$2:$F$449,4,FALSE)) -> 279.07 | F24: =IF(B24="","",IF(D24<>"",((D24*E24)/1000),IF(D24="",(E24*2/3)/$K$2))) -> #DIV/0! | H24: =IF(AND(F24>0,F24<>""),1,"") -> #DIV/0!
B25: TVA | C25: =IF(ISNA(VLOOKUP(B25,'Listes des charges'!$B$2:$F$449,2,FALSE)),"",VLOOKUP(B25,'Listes des charges'!$B$2:$F$449,2,FALSE)) -> 0 | E25: =IF(ISNA(VLOOKUP(B25,'Listes des charges'!$B$2:$F$449,4,FALSE)),"",VLOOKUP(B25,'Listes des charges'!$B$2:$F$449,4,FALSE)) -> 1359.41 | F25: =IF(B25="","",IF(D25<>"",((D25*E25)/1000),IF(D25="",(E25*2/3)/$K$2))) -> #DIV/0! | H25: =IF(AND(F25>0,F25<>""),1,"") -> #DIV/0!
C26: =IF(ISNA(VLOOKUP(B26,'Listes des charges'!$B$2:$F$449,2,FALSE)),"",VLOOKUP(B26,'Listes des charges'!$B$2:$F$449,2,FALSE)) | E26: =IF(ISNA(VLOOKUP(B26,'Listes des charges'!$B$2:$F$449,4,FALSE)),"",VLOOKUP(B26,'Listes des charges'!$B$2:$F$449,4,FALSE)) | F26: =IF(B26="","",IF(D26<>"",((D26*E26)/1000),IF(D26="",(E26*2/3)/$K$2))) | H26: =IF(AND(F26>0,F26<>""),1,"")
C27: =IF(ISNA(VLOOKUP(B27,'Listes des charges'!$B$2:$F$449,2,FALSE)),"",VLOOKUP(B27,'Listes des charges'!$B$2:$F$449,2,FALSE)) | E27: =IF(ISNA(VLOOKUP(B27,'Listes des charges'!$B$2:$F$449,4,FALSE)),"",VLOOKUP(B27,'Listes des charges'!$B$2:$F$449,4,FALSE)) | F27: =IF(B27="","",IF(D27<>"",((D27*E27)/1000),IF(D27="",(E27*2/3)/$K$2))) | H27: =IF(AND(F27>0,F27<>""),1,"")
C28: =IF(ISNA(VLOOKUP(B28,'Listes des charges'!$B$2:$F$449,2,FALSE)),"",VLOOKUP(B28,'Listes des charges'!$B$2:$F$449,2,FALSE)) | E28: =IF(ISNA(VLOOKUP(B28,'Listes des charges'!$B$2:$F$449,4,FALSE)),"",VLOOKUP(B28,'Listes des charges'!$B$2:$F$449,4,FALSE)) | F28: =IF(B28="","",IF(D28<>"",((D28*E28)/1000),IF(D28="",(E28*2/3)/$K$2))) | H28: =IF(AND(F28>0,F28<>""),1,"")
C29: =IF(ISNA(VLOOKUP(B29,'Listes des charges'!$B$2:$F$449,2,FALSE)),"",VLOOKUP(B29,'Listes des charges'!$B$2:$F$449,2,FALSE)) | E29: =IF(ISNA(VLOOKUP(B29,'Listes des charges'!$B$2:$F$449,4,FALSE)),"",VLOOKUP(B29,'Listes des charges'!$B$2:$F$449,4,FALSE)) | F29: =IF(B29="","",IF(D29<>"",((D29*E29)/1000),IF(D29="",(E29*2/3)/$K$2))) | H29: =IF(AND(F29>0,F29<>""),1,"")
C30: =IF(ISNA(VLOOKUP(B30,'Listes des charges'!$B$2:$F$449,2,FALSE)),"",VLOOKUP(B30,'Listes des charges'!$B$2:$F$449,2,FALSE)) | E30: =IF(ISNA(VLOOKUP(B30,'Listes des charges'!$B$2:$F$449,4,FALSE)),"",VLOOKUP(B30,'Listes des charges'!$B$2:$F$449,4,FALSE)) | F30: =IF(B30="","",IF(D30<>"",((D30*E30)/1000),IF(D30="",(E30*2/3)/$K$2))) | H30: =IF(AND(F30>0,F30<>""),1,"")
C31: =IF(ISNA(VLOOKUP(B31,'Listes des charges'!$B$2:$F$449,2,FALSE)),"",VLOOKUP(B31,'Listes des charges'!$B$2:$F$449,2,FALSE)) | E31: =IF(ISNA(VLOOKUP(B31,'Listes des charges'!$B$2:$F$449,4,FALSE)),"",VLOOKUP(B31,'Listes des charges'!$B$2:$F$449,4,FALSE)) | F31: =IF(B31="","",IF(D31<>"",((D31*E31)/1000),IF(D31="",(E31*2/3)/$K$2))) | H31: =IF(AND(F31>0,F31<>""),1,"")
C32: =IF(ISNA(VLOOKUP(B32,'Listes des charges'!$B$2:$F$449,2,FALSE)),"",VLOOKUP(B32,'Listes des charges'!$B$2:$F$449,2,FALSE)) | E32: =IF(ISNA(VLOOKUP(B32,'Listes des charges'!$B$2:$F$449,4,FALSE)),"",VLOOKUP(B32,'Listes des charges'!$B$2:$F$449,4,FALSE)) | F32: =IF(B32="","",IF(D32<>"",((D32*E32)/1000),IF(D32="",(E32*2/3)/$K$2))) | H32: =IF(AND(F32>0,F32<>""),1,"")
C33: =IF(ISNA(VLOOKUP(B33,'Listes des charges'!$B$2:$F$449,2,FALSE)),"",VLOOKUP(B33,'Listes des charges'!$B$2:$F$449,2,FALSE)) | E33: =IF(ISNA(VLOOKUP(B33,'Listes des charges'!$B$2:$F$449,4,FALSE)),"",VLOOKUP(B33,'Listes des charges'!$B$2:$F$449,4,FALSE)) | F33: =IF(B33="","",IF(D33<>"",((D33*E33)/1000),IF(D33="",(E33*2/3)/$K$2))) | H33: =IF(AND(F33>0,F33<>""),1,"")
C34: =IF(ISNA(VLOOKUP(B34,'Listes des charges'!$B$2:$F$449,2,FALSE)),"",VLOOKUP(B34,'Listes des charges'!$B$2:$F$449,2,FALSE)) | E34: =IF(ISNA(VLOOKUP(B34,'Listes des charges'!$B$2:$F$449,4,FALSE)),"",VLOOKUP(B34,'Listes des charges'!$B$2:$F$449,4,FALSE)) | F34: =IF(B34="","",IF(D34<>"",((D34*E34)/1000),IF(D34="",(E34*2/3)/$K$2))) | H34: =IF(AND(F34>0,F34<>""),1,"")
C35: =IF(ISNA(VLOOKUP(B35,'Listes des charges'!$B$2:$F$449,2,FALSE)),"",VLOOKUP(B35,'Listes des charges'!$B$2:$F$449,2,FALSE)) | E35: =IF(ISNA(VLOOKUP(B35,'Listes des charges'!$B$2:$F$449,4,FALSE)),"",VLOOKUP(B35,'Listes des charges'!$B$2:$F$449,4,FALSE)) | F35: =IF(B35="","",IF(D35<>"",((D35*E35)/1000),IF(D35="",(E35*2/3)/$K$2))) | H35: =IF(AND(F35>0,F35<>""),1,"")
C36: =IF(ISNA(VLOOKUP(B36,'Listes des charges'!$B$2:$F$449,2,FALSE)),"",VLOOKUP(B36,'Listes des charges'!$B$2:$F$449,2,FALSE)) | E36: =IF(ISNA(VLOOKUP(B36,'Listes des charges'!$B$2:$F$449,4,FALSE)),"",VLOOKUP(B36,'Listes des charges'!$B$2:$F$449,4,FALSE)) | F36: =IF(B36="","",IF(D36<>"",((D36*E36)/1000),IF(D36="",(E36*2/3)/$K$2))) | H36: =IF(AND(F36>0,F36<>""),1,"")
B37: Charges Mensuelles directes | H37: =IF(AND(F37>0,F37<>""),1,"")
B38: Paton | C38: =IF(ISNA(VLOOKUP(B38,'Listes des charges'!$B$2:$F$449,2,FALSE)),"",VLOOKUP(B38,'Listes des charges'!$B$2:$F$449,2,FALSE)) | E38: =IF(ISNA(VLOOKUP(B38,'Listes des charges'!$B$2:$F$449,4,FALSE)),"",VLOOKUP(B38,'Listes des charges'!$B$2:$F$449,4,FALSE)) | F38: =IF(B38="","",IF(D38<>"",((D38*E38)/1000),IF(D38="",(E38*2/3)/$K$2))) -> #VALUE! | H38: =IF(AND(F38>0,F38<>""),1,"") -> #VALUE!
B39: Farine | C39: =IF(ISNA(VLOOKUP(B39,'Listes des charges'!$B$2:$F$449,2,FALSE)),"",VLOOKUP(B39,'Listes des charges'!$B$2:$F$449,2,FALSE)) -> gr | D39: 166 | E39: =IF(ISNA(VLOOKUP(B39,'Listes des charges'!$B$2:$F$449,4,FALSE)),"",VLOOKUP(B39,'Listes des charges'!$B$2:$F$449,4,FALSE)) -> 3.88 | F39: =IF(B39="","",IF(D39<>"",((D39*E39)/1000),IF(D39="",(E39*2/3)/$K$2))) -> 0.64408 | H39: =IF(AND(F39>0,F39<>""),1,"") -> 1
B40: Levure en sachet | C40: =IF(ISNA(VLOOKUP(B40,'Listes des charges'!$B$2:$F$449,2,FALSE)),"",VLOOKUP(B40,'Listes des charges'!$B$2:$F$449,2,FALSE)) -> gr | D40: 1 | E40: =IF(ISNA(VLOOKUP(B40,'Listes des charges'!$B$2:$F$449,4,FALSE)),"",VLOOKUP(B40,'Listes des charges'!$B$2:$F$449,4,FALSE)) -> 69.8 | F40: =IF(B40="","",IF(D40<>"",((D40*E40)/1000),IF(D40="",(E40*2/3)/$K$2))) -> 0.0698 | H40: =IF(AND(F40>0,F40<>""),1,"") -> 1
B41: Levure boulangère | C41: =IF(ISNA(VLOOKUP(B41,'Listes des charges'!$B$2:$F$449,2,FALSE)),"",VLOOKUP(B41,'Listes des charges'!$B$2:$F$449,2,FALSE)) -> gr | D41: 3 | E41: =IF(ISNA(VLOOKUP(B41,'Listes des charges'!$B$2:$F$449,4,FALSE)),"",VLOOKUP(B41,'Listes des charges'!$B$2:$F$449,4,FALSE)) -> 14.51 | F41: =IF(B41="","",IF(D41<>"",((D41*E41)/1000),IF(D41="",(E41*2/3)/$K$2))) -> 0.04353 | H41: =IF(AND(F41>0,F41<>""),1,"") -> 1
B42: Eau | C42: =IF(ISNA(VLOOKUP(B42,'Listes des charges'!$B$2:$F$449,2,FALSE)),"",VLOOKUP(B42,'Listes des charges'!$B$2:$F$449,2,FALSE)) -> gr | D42: 0.1 | E42: =IF(ISNA(VLOOKUP(B42,'Listes des charges'!$B$2:$F$449,4,FALSE)),"",VLOOKUP(B42,'Listes des charges'!$B$2:$F$449,4,FALSE)) -> 0 | F42: =IF(B42="","",IF(D42<>"",((D42*E42)/1000),IF(D42="",(E42*2/3)/$K$2))) -> 0 | H42: =IF(AND(F42>0,F42<>""),1,"")
B43: Sel | C43: =IF(ISNA(VLOOKUP(B43,'Listes des charges'!$B$2:$F$449,2,FALSE)),"",VLOOKUP(B43,'Listes des charges'!$B$2:$F$449,2,FALSE)) -> gr | D43: 4.2 | E43: =IF(ISNA(VLOOKUP(B43,'Listes des charges'!$B$2:$F$449,4,FALSE)),"",VLOOKUP(B43,'Listes des charges'!$B$2:$F$449,4,FALSE)) -> 0 | F43: =IF(B43="","",IF(D43<>"",((D43*E43)/1000),IF(D43="",(E43*2/3)/$K$2))) -> 0 | H43: =IF(AND(F43>0,F43<>""),1,"")
B44: Garnitures | C44: =IF(ISNA(VLOOKUP(B44,'Listes des charges'!$B$2:$F$449,2,FALSE)),"",VLOOKUP(B44,'Listes des charges'!$B$2:$F$449,2,FALSE)) -> 0 | E44: =IF(ISNA(VLOOKUP(B44,'Listes des charges'!$B$2:$F$449,4,FALSE)),"",VLOOKUP(B44,'Listes des charges'!$B$2:$F$449,4,FALSE)) -> 0 | F44: =IF(B44="","",IF(D44<>"",((D44*E44)/1000),IF(D44="",(E44*2/3)/$K$2))) -> #DIV/0! | H44: =IF(AND(F44>0,F44<>""),1,"") -> #DIV/0!
C45: =IF(ISNA(VLOOKUP(B45,'Listes des charges'!$B$2:$F$449,2,FALSE)),"",VLOOKUP(B45,'Listes des charges'!$B$2:$F$449,2,FALSE)) | E45: =IF(ISNA(VLOOKUP(B45,'Listes des charges'!$B$2:$F$449,4,FALSE)),"",VLOOKUP(B45,'Listes des charges'!$B$2:$F$449,4,FALSE)) | F45: =IF(B45="","",IF(D45<>"",((D45*E45)/1000),IF(D45="",(E45*2/3)/$K$2))) | H45: =IF(AND(F45>0,F45<>""),1,"")
C46: =IF(ISNA(VLOOKUP(B46,'Listes des charges'!$B$2:$F$449,2,FALSE)),"",VLOOKUP(B46,'Listes des charges'!$B$2:$F$449,2,FALSE)) | E46: =IF(ISNA(VLOOKUP(B46,'Listes des charges'!$B$2:$F$449,4,FALSE)),"",VLOOKUP(B46,'Listes des charges'!$B$2:$F$449,4,FALSE)) | F46: =IF(B46="","",IF(D46<>"",((D46*E46)/1000),IF(D46="",(E46*2/3)/$K$2))) | H46: =IF(AND(F46>0,F46<>""),1,"")
C47: =IF(ISNA(VLOOKUP(B47,'Listes des charges'!$B$2:$F$449,2,FALSE)),"",VLOOKUP(B47,'Listes des charges'!$B$2:$F$449,2,FALSE)) | E47: =IF(ISNA(VLOOKUP(B47,'Listes des charges'!$B$2:$F$449,4,FALSE)),"",VLOOKUP(B47,'Listes des charges'!$B$2:$F$449,4,FALSE)) | F47: =IF(B47="","",IF(D47<>"",((D47*E47)/1000),IF(D47="",(E47*2/3)/$K$2))) | H47: =IF(AND(F47>0,F47<>""),1,"")
C48: =IF(ISNA(VLOOKUP(B48,'Listes des charges'!$B$2:$F$449,2,FALSE)),"",VLOOKUP(B48,'Listes des charges'!$B$2:$F$449,2,FALSE)) | E48: =IF(ISNA(VLOOKUP(B48,'Listes des charges'!$B$2:$F$449,4,FALSE)),"",VLOOKUP(B48,'Listes des charges'!$B$2:$F$449,4,FALSE)) | F48: =IF(B48="","",IF(D48<>"",((D48*E48)/1000),IF(D48="",(E48*2/3)/$K$2))) | H48: =IF(AND(F48>0,F48<>""),1,"")
C49: =IF(ISNA(VLOOKUP(B49,'Listes des charges'!$B$2:$F$449,2,FALSE)),"",VLOOKUP(B49,'Listes des charges'!$B$2:$F$449,2,FALSE)) | E49: =IF(ISNA(VLOOKUP(B49,'Listes des charges'!$B$2:$F$449,4,FALSE)),"",VLOOKUP(B49,'Listes des charges'!$B$2:$F$449,4,FALSE)) | F49: =IF(B49="","",IF(D49<>"",((D49*E49)/1000),IF(D49="",(E49*2/3)/$K$2))) | H49: =IF(AND(F49>0,F49<>""),1,"")
C50: =IF(ISNA(VLOOKUP(B50,'Listes des charges'!$B$2:$F$449,2,FALSE)),"",VLOOKUP(B50,'Listes des charges'!$B$2:$F$449,2,FALSE)) | E50: =IF(ISNA(VLOOKUP(B50,'Listes des charges'!$B$2:$F$449,4,FALSE)),"",VLOOKUP(B50,'Listes des charges'!$B$2:$F$449,4,FALSE)) | F50: =IF(B50="","",IF(D50<>"",((D50*E50)/1000),IF(D50="",(E50*2/3)/$K$2))) | H50: =IF(AND(F50>0,F50<>""),1,"")
C51: =IF(ISNA(VLOOKUP(B51,'Listes des charges'!$B$2:$F$449,2,FALSE)),"",VLOOKUP(B51,'Listes des charges'!$B$2:$F$449,2,FALSE)) | E51: =IF(ISNA(VLOOKUP(B51,'Listes des charges'!$B$2:$F$449,4,FALSE)),"",VLOOKUP(B51,'Listes des charges'!$B$2:$F$449,4,FALSE)) | F51: =IF(B51="","",IF(D51<>"",((D51*E51)/1000),IF(D51="",(E51*2/3)/$K$2))) | H51: =IF(AND(F51>0,F51<>""),1,"")
C52: =IF(ISNA(VLOOKUP(B52,'Listes des charges'!$B$2:$F$449,2,FALSE)),"",VLOOKUP(B52,'Listes des charges'!$B$2:$F$449,2,FALSE)) | E52: =IF(ISNA(VLOOKUP(B52,'Listes des charges'!$B$2:$F$449,4,FALSE)),"",VLOOKUP(B52,'Listes des charges'!$B$2:$F$449,4,FALSE)) | F52: =IF(B52="","",IF(D52<>"",((D52*E52)/1000),IF(D52="",(E52*2/3)/$K$2))) | H52: =IF(AND(F52>0,F52<>""),1,"")
